Workbook

Sheet TOC
I12: Master Price List
I14: 2020 Ford PI Utility
I16: Ford PI Utility
I18: Ford Expedition
I20: Ford F150
I22: Ford F250
I24: Chevy Tahoe
I26: 2014-2018 Chevy 1500 Silverado
I28: 2019-2020 Chevy 1500 Silverado
I30: 2015-2019 Chevy 2500 Silverado
I32: 2020 Chevy 2500 Silverado
I34: Chevy Suburban
... I48: Face Plate B List

Sheet Master Price List
A1: TOC | B1: TROY PRODUCTS 2019 MASTER PRICE LIST | D1: 0.05 | E1: Updates/Changes
A2: TROY PART # | B2: PRODUCT DESCRIPTION | C2: MSRP | D2: DISCOUNT %
A3: Consoles
A4: PI Utility Consoles - Vehicle-Specific; OEM mounting points must be used (Cannot be transferred to different vehicles)
A5: CC-UV-L-18 | B5: 2013-19 UV-specific 18" L-shape console; 12" slope/ 6" level; Mix long and short components | C5: 472 | D5: =C5-(C5*$D$1) -> 448.4
A6: CC-UV-L-20 | B6: 2013-19 UV-specific 20" L-shape console; 12" slope/ 8" level; Mix long and short components | C6: 493 | D6: =C6-(C6*$D$1) -> 468.35
A7: CC-UV-S10-L8 | B7: 2013-19 UV-specific 18" L-shape console; 10" slope/ 8" level; Mix long and short components | C7: 450 | D7: =C7-(C7*$D$1) -> 427.5
A8: CC-UV-10-11 | B8: 2013-19 UV-specific 21" L-shaped console; 10" slope/11" level; Mix of long and short components | C8: 519 | D8: =C8-(C8*$D$1) -> 493.05
A9: CC-UV-V12 | B9: 2013-19 UV-specific 12" vertical console. Short footprint. More officer hip room. | C9: 420 | D9: =C9-(C9*$D$1) -> 399
A10: CC-UV20-L-18 | B10: New! 2020 PI Utility 18" L-Shape Console, 7" Slope, 11" Level (no floor plate needed, mounts directly to floor). If needed, includes AC-UV20-HC harness cover. | C10: 491 | D10: =C10-(C10*$D$1) -> 466.45 | E10: New Product
A11: CC-UV20-L-20 | B11: New! 2020 PI Utility 20" L-Shape Console, 7" Slope, 13" Level (no floor plate needed, mounts directly to floor). If needed, includes AC-UV20-HC harness cover. | C11: 510 | D11: =C11-(C11*$D$1) -> 484.5 | E11: New Product
A12: CC-20-UV10-L8 | B12: New! 2020 PI Utility 18" Sloped console, 10" slope, 8" level (no floor plate needed, mounts directly to floor) | C12: 491 | D12: =C12-(C12*$D$1) -> 466.45 | E12: New Product
A13: CC-20-UVLP-14 | B13: New! 2020 PI Utility 14" Low-profile Console, 8" Slope, 6" Level (no floor plate needed, mounts directly to floor). | C13: 430 | D13: =C13-(C13*$D$1) -> 408.5 | E13: New Product
A14: CC-20-UVLP-17 | B14: New! 2020 PI Utility 17" Low-profile Console, 8" Slope, 9" Level (no floor plate needed, mounts directly to floor). If needed, includes AC-UV20-HC harness cover. | C14: 446 | D14: =C14-(C14*$D$1) -> 423.7 | E14: New Product
A15: CC-20FDUV-22 | B15: New! 2020 PI Utility 22" Level Console. Pre-punched holes for U-mount (no floor plate needed, mounts directly to floor). If needed, includes AC-UV20-HC harness cover. | C15: 440 | D15: =C15-(C15*$D$1) -> 418 | E15: New Product
A17: PI Utility Consoles - Vehicle-Compatible (Can be transferred to different vehicles)
A18: CC-UV-PCFX14 | B18: 2013-19 UV-compatible 14" (3"/11" console w/computer deck; Fits one dash-mount radio. Low profile. | C18: 446 | D18: =C18-(C18*$D$1) -> 423.7
A19: CC-FDUV-14-HC | B19: 2013-19 UV compatible 14" console : 7" slope/7" level. Flat deck features computer wire hole. Low profile. | C19: 420 | D19: =C19-(C19*$D$1) -> 399
A20: CC-FDUV-14 | B20: 2013-19 UV compatible 14" level console. Use remote head components for best fit. | C20: 420 | D20: =C20-(C20*$D$1) -> 399
A21: CC-FDUV-16 | B21: 2013-19 UV compatible 16" level console. Use remote head equipment for best fit. | C21: 446 | D21: =C21-(C21*$D$1) -> 423.7
A22: CC-C08 | B22: 2013-19 UV compatible 18" console. Use remote head equipment for best fit. | C22: 481 | D22: =C22-(C22*$D$1) -> 456.95
A23: CC-C20 | B23: 2013-19 UV compatible 20" console. Use remote head equipment for best fit. | C23: 502 | D23: =C23-(C23*$D$1) -> 476.9
A24: CC-FDUV-MC14 | B24: 2013-19 UV compatible 14" tall-profile console, 7" slope/7" level. Works with other vehicles. | C24: 420 | D24: =C24-(C24*$D$1) -> 399
A25: CC-FDUV-MC18 | B25: 2013-19 UV compatible 18" tall-profile console: 7" slope/ 11" level. Works with other vehicles. | C25: 467 | D25: =C25-(C25*$D$1) -> 443.65
A27: PI Utility Overhead Consoles - Vehicle-Specific (Cannot be transferred to other vehicles)
A28: CC-OH-UV-CPD7 | B28: 2013-19 PI UV/Taurus Overhead 7" Console. Re-locate UV hatch release button. | C28: 300 | D28: =C28-(C28*$D$1) -> 285
A29: CC-G-OH-UV | B29: *2016 PI Utility Overhead siren remote-head console. Accommodates hatch release button in 2016 models. | C29: 275 | D29: =C29-(C29*$D$1) -> 261.25
A30: CC-UV20-OH | B30: New! 2020 PI UV Overhead 4"Console - mounts siren control and radio remote head | C30: 320 | D30: =C30-(C30*$D$1) -> 304 | E30: New Product
A32: PI Taurus Vehicle-Specific Consoles (Tall Profile)
A33: CC-PI-L-18 | B33: 2013-19 PI Taurus 18" L-shape console; 10" slope/ 8" level; Mix of long and short components. Tall profile. | C33: 472 | D33: =C33-(C33*$D$1) -> 448.4
A34: CC-PI-V10 | B34: 2013-19 PI Taurus 10" vertical console; Mix of long/short components. Short footprint. Tall profile. | C34: 425 | D34: =C34-(C34*$D$1) -> 403.75
A35: CC-PI-MC14 | B35: 2013-19 PI Taurus 14" L-shape console: 7" slope/ 7" level. Tall profile. | C35: 446 | D35: =C35-(C35*$D$1) -> 423.7
A36: CC-PI-MC18 | B36: 2013-19 PI Taurus 18" L-shape console: 7" slope/ 11" level. Tall profile. | C36: 472 | D36: =C36-(C36*$D$1) -> 448.4
A37: CC-PI-DM7-15 | B37: 2013-19 PI Taurus 15" Console with Flat deck; 7" slope/8" level. Tall profile. | C37: 435 | D37: =C37-(C37*$D$1) -> 413.25
A39: 2018 Expedition Over-head Consoles, Vehicle-Specific (Cannot be transferred to other vehicles)
A40: CC-OH-EXP18-7 | B40: 2018-19 Expedition 7” overhead console. Face plates* included in console price. | C40: 288 | D40: =C40-(C40*$D$1) -> 273.6
A42: 2015-20 Tahoe-Specific Consoles (Can be transferred only to Suburban)
A43: CC-F-TMC-79 | B43: 2015-20 Tahoe 16" L-shape console; 7" slope/ 9" level | C43: 475 | D43: =C43-(C43*$D$1) -> 451.25
A44: CC-F-TMC-711 | B44: 2015-20 Tahoe 18" L-shape console: 7" slope/ 11" level | C44: 498 | D44: =C44-(C44*$D$1) -> 473.1
A45: CC-F-TMC-715 | B45: 2015-20 Tahoe 22" L-shape console: 7" slope/ 15" level | C45: 546 | D45: =C45-(C45*$D$1) -> 518.7
A46: CC-F-TMC-718 | B46: 2015-20 Tahoe 25" L-shape console; 7" slope/ 18" level | C46: 561 | D46: =C46-(C46*$D$1) -> 532.95
A47: CC-F-TMC-723 | B47: 2015-20 Tahoe 30" L-shape console; 7" slope/ 23" level | C47: 582 | D47: =C47-(C47*$D$1) -> 552.9
A48: CC-F-TH-V12 | B48: 2015-20 Tahoe 12" All slope vertical console. Short footprint. More officer hip room. | C48: 446 | D48: =C48-(C48*$D$1) -> 423.7
A49: CC-F-TH-LPCD-16 | B49: 2015-20 Tahoe 16" L-shape console: 7" slope/9" level. Computer deck; tall profile. | C49: 525 | D49: =C49-(C49*$D$1) -> 498.75
A51: 2015-20 Tahoe-Specific Wide-Body Consoles (Can be transferred only to same model year Suburban)
A52: CC-F-THOS-16 | B52: 2015-20 Tahoe 16" Wide body console w/ open storage; 7" slope/ 9" level | C52: 630 | D52: =C52-(C52*$D$1) -> 598.5
A53: CC-F-THOS-18 | B53: 2015-20 Tahoe 18" Wide body console w/ open storage, 7" slope/ 11" level | C53: 650 | D53: =C53-(C53*$D$1) -> 617.5
A54: CC-F-THOS-18-L | B54: 2015-20 Tahoe 18" Wide body console w/ lockable storage area, 7" slope/11" level | C54: 785 | D54: =C54-(C54*$D$1) -> 745.75
A55: CC-F-THOS-22 | B55: 2015-20 Tahoe 22" Wide body console w/ open storage; 7" slope/ 15" level | C55: 682 | D55: =C55-(C55*$D$1) -> 647.9
A56: CC-F-THOS-25 | B56: 2015-20 Tahoe 25" Wide body console w/ open storage; 7" slope/ 18" level | C56: 708 | D56: =C56-(C56*$D$1) -> 672.6
A57: CC-F-THOS-30 | B57: 2015-20 Tahoe 30" Wide body console w/ open storage; 7" slope/ 23" level | C57: 729 | D57: =C57-(C57*$D$1) -> 692.55
A58: CC-F-TH-L22-OS | B58: 2015-20 Tahoe 22" Wide-body all-level console with open storage | C58: 677 | D58: =C58-(C58*$D$1) -> 643.15
A59: CC-F-TH-L25-OS | B59: 2015-20 Tahoe 25" Wide body all-level with open storage | C59: 708 | D59: =C59-(C59*$D$1) -> 672.6
A61: 2015-19 Tahoe/Suburban/Silverado Overhead Consoles - Vehicle-Specific (Cannot be transferred to other vehicles)
A62: CC-OH-TH15-7 | B62: 2015-20 Tahoe/Suburban/Silverado overhead console. Replaces OEM dome light module. Remote heads only. | C62: 288 | D62: =C62-(C62*$D$1) -> 273.6
A64: 2011-19 Charger-Specific Consoles - Vehicle-Specific. Must bolt to OEM locations.
A65: CC-B-CHB14 | B65: 2011-19 Charger 14" L-shape console: 6" slope/ 8" level. Flat deck; low profile between seats. | C65: 446 | D65: =C65-(C65*$D$1) -> 423.7
A66: CC-B-CHB-17 | B66: 2011-19 Charger 13" L-shape console: 5" slope/ 8" level. Flat deck; low profile between seats. | C66: 467 | D66: =C66-(C66*$D$1) -> 443.65
A67: CC-B-CHB18 | B67: 2011-19 Charger 18" L-shape console: 6" slope/ 12" level. Flat deck; low profile between seats | C67: 472 | D67: =C67-(C67*$D$1) -> 448.4
A68: CC-B-CH22 | B68: 2011-19 Charger 22" level console. Can use long/short components. | C68: 420 | D68: =C68-(C68*$D$1) -> 399
A69: CC-B-CHLP-14 | B69: 2011-19 Charger 14" Low-profile console; 3" slope/ 11" flat; Only 1 long component; Computer deck | C69: 446 | D69: =C69-(C69*$D$1) -> 423.7
A70: CC-B-CHDM-14 | B70: 2011-19 Charger 14" Dash-mount console: 7" vertical/ 7" level. Long components used in vertical area. | C70: 525 | D70: =C70-(C70*$D$1) -> 498.75
A71: CC-B-CHDM-16 | B71: 2011-19 16" Dash-mount console: 7" vertical/ 9" level. Long components used in vertical area. | C71: 546 | D71: =C71-(C71*$D$1) -> 518.7
A72: CC-B-CHDM-18 | B72: 2011-19 Charger 18" Dash-mount console: 7" vertical/ 11" level. Long components used in vertical area. | C72: 551 | D72: =C72-(C72*$D$1) -> 523.45
A74: Dodge Durango SSV/PPV Vehicle-Specific Console
A75: CC-DGFS-OEM-18 | B75: 2018-19 Durango 18" OEM floor-shift console: 7"slope/4"next to shifter/7" rear level area | C75: 625 | D75: =C75-(C75*$D$1) -> 593.75 | E75: Price Change
A77: 2015+ Colorado/Canyon Trucks - Specific Consoles and Products
A78: CC-OH-CHC0-7 | B78: 2015+ Colorado/Canyon truck Overhead console, 7" for remote head radio, siren only | C78: 288 | D78: =C78-(C78*$D$1) -> 273.6
A79: SP-CHCO-4 | B79: 2015+ Colorado/Canyon truck 4" dashboard insert for remote-head siren only | C79: 157 | D79: =C79-(C79*$D$1) -> 149.15
A81: Universal Low-Profile Consoles (Can be used in many different vehicles.)
A82: CC-PCFX14 | B82: Universal 14" low-profile console; 3" slope/ 11" level; Computer deck; Will fit one long radio. | C82: 470 | D82: =C82-(C82*$D$1) -> 446.5
A83: CC-UV-PCFX14 | B83: Universal 14" (3"/11" console w/computer deck; Fits one dash-mount radio. Low profile. | C83: 446 | D83: =C83-(C83*$D$1) -> 423.7
A84: CC-LP-14 | B84: Universal low-profile L-shape console: 7" slope/ 7" level. Sits low between seats. | C84: 448 | D84: =C84-(C84*$D$1) -> 425.6
A85: CC-BPD-15 | B85: Universal 15" Low-profile L shaped console; 9" slope/6" level area; Computer deck | C85: 470 | D85: =C85-(C85*$D$1) -> 446.5
A86: CC-MC16-S | B86: Universal 16" low-profile L-shape console: 8" slope/ 8" level. | C86: 470 | D86: =C86-(C86*$D$1) -> 446.5
A87: CC-CP-E-LP18 | B87: Universal 18" Low profile flat console. Custom plates for long components available. | C87: 432 | D87: =C87-(C87*$D$1) -> 410.4
A88: CC-LP-8 | B88: Universal 8" Low profile accessory console. Sunglass tray (FP-SGTRAY) & beverage holder (AC-INBHG) fit well. | C88: 162 | D88: =C88-(C88*$D$1) -> 153.9
A90: Bench-Seat Consoles, Short Footprint (Can also be used in bucket-seat applications with a floor plate.)
A91: CC-C04 | B91: 10" Bench-seat sloped console; small footprint. No floor plate used for bench-seat vehicles. | C91: 378 | D91: =C91-(C91*$D$1) -> 359.1
A92: CC-C05 | B92: 7" Bench-seat sloped console; small footprint. No floor plate used for bench-seat vehicles. | C92: 324 | D92: =C92-(C92*$D$1) -> 307.8
A93: CC-C10 | B93: 10" 2-pc. ht. adj. console; small footspring. No floor plate used for bench-seat vehicles. | C93: 324 | D93: =C93-(C93*$D$1) -> 307.8
A95: Universal Sloped Consoles (Can be used in many different vehicles)
A96: CC-C06-90 | B96: Universal 14" Sloped console; Tall at dashboard and slopes down to low end. Rear wall now 90 deg. angle. | C96: 432 | D96: =C96-(C96*$D$1) -> 410.4
A97: CC-C07 | B97: Universal 11" sloped console | C97: 405 | D97: =C97-(C97*$D$1) -> 384.75
A98: CC-C07-9 | B98: Universal 9" sloped console | C98: 427 | D98: =C98-(C98*$D$1) -> 405.65
A100: Universal Computer Deck Consoles (Use U-bracket computer mounts.)
A101: CC-HCSO-9 | B101: Universal 9" sloped console with computer deck | C101: 416 | D101: =C101-(C101*$D$1) -> 395.2
A102: CC-U-CHB14 | B102: Universal 14" L-shaped console w/computer deck. 6" slope/ 8" level; pre-punched with U bracket bolt holes | C102: 448 | D102: =C102-(C102*$D$1) -> 425.6
A103: CC-LASD-15 | B103: Universal 15" L-shaped console w/computer deck: 7" slope, 8" level. Rocker switch hole pre-punched on deck. | C103: 448 | D103: =C103-(C103*$D$1) -> 425.6
A104: CC-LASD-19 | B104: Universal 19" L-shape console w/computer deck: 7" slope, 12" level. Rocker switch hole pre-punched on deck. | C104: 475 | D104: =C104-(C104*$D$1) -> 451.25
A106: Universal Two-Piece Height Adjustable Consoles (Top can be lifted/angles to accommodate tall components)
A107: CC-A-S12 | B107: Universal 12" 2-pc. ht. adj. sloped console; Flat deck (Top piece can be raised up to 3" higher) | C107: 443 | D107: =C107-(C107*$D$1) -> 420.85
A108: CC-C10 | B108: Universal 10" 2-pc. ht. adj. console; Can be lifted and/or angled to accommodate various component sizes | C108: 324 | D108: =C108-(C108*$D$1) -> 307.8
A109: CC-C12 | B109: Universal 12" 2-pc. ht. adj. console; Can be lifted and/or angled to accommodate various component sizes | C109: 351 | D109: =C109-(C109*$D$1) -> 333.45
A110: CC-C14 | B110: Universal 14" 2-pc. ht. adj. console; Can be lifted and/or angled to accommodate various component sizes | C110: 378 | D110: =C110-(C110*$D$1) -> 359.1
A111: CC-C16 | B111: Universal 16" 2-pc. ht. adj. console; Can be lifted and/or angled to accommodate various component sizes | C111: 405 | D111: =C111-(C111*$D$1) -> 384.75
A112: CC-C18 | B112: Universal 18" 2-pc. ht. adj. console; Can be lifted and/or angled to accommodate various component sizes | C112: 432 | D112: =C112-(C112*$D$1) -> 410.4
A113: CC-C24 | B113: Universal 24" 2-pc. ht. adj. console; Can be lifted and/or angled to accommodate various component sizes | C113: 486 | D113: =C113-(C113*$D$1) -> 461.7
A115: Two-Piece Height Adjustable Consoles, Tall Profiles (Good for SUVs, trucks, vans). Maximum height: 16.125" Tall
A116: CC-C12-H | B116: Universal 12" 2-pc. ht. adj. tall-profile console; Can be angled to improve view of control heads | C116: 448 | D116: =C116-(C116*$D$1) -> 425.6
...

Sheet Console Accessories
A1: TOC | B1: CONSOLE ACCESSORIES | D1: 0.05
A2: TROY PART # | B2: PRODUCT DESCRIPTION | C2: MSRP | D2: DISCOUNT %
A3: ='Master Price List'!A197 -> CONSOLE ACCESSORIES
A5: ='Master Price List'!A199 -> Arm Rest ( Height Adjustable Models)
A7: ='Master Price List'!A200 -> Bolts to Floor Plate (pad can be flipped up)
A8: ='Master Price List'!A201 -> AC-TB-ARM | B8: ='Master Price List'!B201 -> Height-adjustable arm rest w/ 5x8 pad. Bolts to floor plate. (Formerly part number AC-ARM) | C8: ='Master Price List'!C201 -> 175 | D8: =C8-(C8*$D$1) -> 166.25
A9: ='Master Price List'!A202 -> AC-TB-ARM-XL | B9: ='Master Price List'!B202 -> Height-adjustable arm rest w/5x10 pad. Bolts to floor plate. (Formerly part number AC-ARM-XL) | C9: ='Master Price List'!C202 -> 185 | D9: =C9-(C9*$D$1) -> 175.75
A11: ='Master Price List'!A204 -> Bolts to Console
A12: ='Master Price List'!A205 -> AC-TB-ARMMNT-58 | B12: ='Master Price List'!B205 -> Console mounted height adjustable arm rest. (Formerly part number AC-ARMMNT-58) | C12: ='Master Price List'!C205 -> 175 | D12: =C12-(C12*$D$1) -> 166.25
A13: ='Master Price List'!A206 -> AC-TB-ARMMNT-XL | B13: ='Master Price List'!B206 -> Console mounted height adjustable arm rest w/ large leather pad. (Formerly part number AC-ARMMNT-XL) | C13: ='Master Price List'!C206 -> 185 | D13: =C13-(C13*$D$1) -> 175.75
A15: ='Master Price List'!A208 -> Arm Rests - Bolt to console side or rear walls
A16: ='Master Price List'!A209 -> AC-SIDEARM-6 | B16: ='Master Price List'!B209 -> 6" x 2" leather arm pad on 5" tall L bracket. Bolts to console side or rear. | C16: ='Master Price List'!C209 -> 94 | D16: =C16-(C16*$D$1) -> 89.3
A17: ='Master Price List'!A210 -> AC-SIDEARM-9 | B17: ='Master Price List'!B210 -> 9" x 3" molded foam arm pad on 5" tall L bracket. Bolts to console side or rear. | C17: ='Master Price List'!C210 -> 120 | D17: =C17-(C17*$D$1) -> 114
A18: ='Master Price List'!A211 -> AC-SIDEARM-12 | B18: ='Master Price List'!B211 -> 12" x 2" leather arm pad on 5" tall L bracket. Bolts to console side or rear wall of wide-body consoles. | C18: ='Master Price List'!C211 -> 126 | D18: =C18-(C18*$D$1) -> 119.7
A20: ='Master Price List'!A213 -> Arm Rest Pads on Face Plates
A21: ='Master Price List'!A214 -> FP-ARM1 | B21: ='Master Price List'!B214 -> 1" face plate w/2" foam pad. Bolt to console on face plate rail. Uses 1" | C21: ='Master Price List'!C214 -> 47 | D21: =C21-(C21*$D$1) -> 44.65
A22: ='Master Price List'!A215 -> FP-ARM | B22: ='Master Price List'!B215 -> 2" face plate w/2" foam pad. Bolt to console on face plate rail. Uses 2" | C22: ='Master Price List'!C215 -> 52 | D22: =C22-(C22*$D$1) -> 49.4
A23: ='Master Price List'!A216 -> FP-ARM3 | B23: ='Master Price List'!B216 -> 3" face plate w/ 3" leather pad. Bolt to console on face plate rail. Uses 3" | C23: ='Master Price List'!C216 -> 73 | D23: =C23-(C23*$D$1) -> 69.35
A24: ='Master Price List'!A217 -> FP-ARM4 | B24: ='Master Price List'!B217 -> 4" face plate w/3" leather pad. Bolt to console on face plate rail. Uses 4" | C24: ='Master Price List'!C217 -> 73 | D24: =C24-(C24*$D$1) -> 69.35
A26: ='Master Price List'!A219 -> Beverage Holders (Internal and External Models) Internal / External
A27: ='Master Price List'!A220 -> AC-INBHG | B27: ='Master Price List'!B220 -> 4" internal dual beverage holder. Remove top and use it as 4" open storage compartment. | C27: ='Master Price List'!C220 -> 52 | D27: =C27-(C27*$D$1) -> 49.4
A28: ='Master Price List'!A221 -> AC-INTSBH | B28: ='Master Price List'!B221 -> 4" internal single beverage holder w/ 3 DC capped outlets | C28: ='Master Price List'!C221 -> 94 | D28: =C28-(C28*$D$1) -> 89.3
A29: ='Master Price List'!A222 -> AC-BH(S)95 | B29: ='Master Price List'!B222 -> External single beverage holder. Includes rubber fingers to keep cup stabilized. | C29: ='Master Price List'!C222 -> 47 | D29: =C29-(C29*$D$1) -> 44.65
A30: ='Master Price List'!A223 -> AC-BH95 | B30: ='Master Price List'!B223 -> External dual beverage holder. Includes rubber fingers to keep cups stabilized. | C30: ='Master Price List'!C223 -> 52 | D30: =C30-(C30*$D$1) -> 49.4
A31: ='Master Price List'!A224 -> AC-MCBHPKT | B31: ='Master Price List'!B224 -> Externally mounted dual beverage holder/posse book combination | C31: ='Master Price List'!C224 -> 136 | D31: =C31-(C31*$D$1) -> 129.2
A33: ='Master Price List'!A226 -> Internal Open-Top Low-Profile Storage (Bolts to console face plate rails)
A34: ='Master Price List'!A227 -> AC-TICK-2 | B34: ='Master Price List'!B227 -> 3" face plate shallow tray; For items such as keys, wallet, sunglasses, etc. 2" H | C34: ='Master Price List'!C227 -> 42 | D34: =C34-(C34*$D$1) -> 39.9
A35: ='Master Price List'!A228 -> FP-SGTRAY | B35: ='Master Price List'!B228 -> 4" face plate shallow tray w/sloped floor; Store cell phone, keys, wallet, sunglasses, etc. 1.75" H | C35: ='Master Price List'!C228 -> 40 | D35: =C35-(C35*$D$1) -> 38
A36: ='Master Price List'!A229 -> AC-TICK7-LP | B36: ='Master Price List'!B229 -> 7" face plate shallow tray; For items such as keys; wallet, sunglasses, smart phone, etc.. 3.4" H | C36: ='Master Price List'!C229 -> 78 | D36: =C36-(C36*$D$1) -> 74.1
A38: ='Master Price List'!A231 -> Internal Lidded Low-Profile Storage (Bolts to console face plate rails). Fits inside 4" tall consoles.
A39: ='Master Price List'!A233 -> AC-GUNBOX-6-LP | B39: ='Master Price List'!B233 -> 6" internal lidded locking low-profile internal storage box (may not accommodate handgun) 3.6" H | C39: ='Master Price List'!C233 -> 141 | D39: =C39-(C39*$D$1) -> 133.95
A40: ='Master Price List'!A235 -> AC-GUNBOX-LP | B40: ='Master Price List'!B235 -> 8" internal lidded locking low-profile storage box (might accommodate handgun) 3.6" H | C40: ='Master Price List'!C235 -> 157 | D40: =C40-(C40*$D$1) -> 149.15
A41: ='Master Price List'!A236 -> AC-GUNBOX-10-LP | B41: ='Master Price List'!B236 -> 10" internal lidded locking low-profile storage box (can accommodate handgun) 3.6" H | C41: ='Master Price List'!C236 -> 157 | D41: =C41-(C41*$D$1) -> 149.15
A43: ='Master Price List'!A238 -> Internal Open-Top Deep-Profile Storage (Bolts to console face plate rails)
A44: ='Master Price List'!A239 -> FP-TICK | B44: ='Master Price List'!B239 -> 3" face plate pocket; For items such as ticket books. 7.25" W x 3" L x 5.2" H | C44: ='Master Price List'!C239 -> 42 | D44: =C44-(C44*$D$1) -> 39.9
A45: ='Master Price List'!A240 -> FP-3PKT-2DC | B45: ='Master Price List'!B240 -> 3" face plate pocket; one DC outlet hole on each side of pocket | C45: ='Master Price List'!C240 -> 47 | D45: 27
A46: ='Master Price List'!A241 -> FP-BOX | B46: ='Master Price List'!B241 -> 5" Open-top box (5.35" tall) | C46: ='Master Price List'!C241 -> 52 | D46: =C46-(C46*$D$1) -> 49.4
A47: ='Master Price List'!A242 -> AC-BOX-12 | B47: ='Master Price List'!B242 -> Open top storage box for bolting inside long consoles (uses 12" of face plate mounting area) | C47: ='Master Price List'!C242 -> 136 | D47: =C47-(C47*$D$1) -> 129.2
A48: ='Master Price List'!A243 -> FP-BOX-15 | B48: ='Master Price List'!B243 -> Open top storage box for bolting inside long consoles (uses 15" of face plate mounting area) | C48: ='Master Price List'!C243 -> 136 | D48: 78
A49: ='Master Price List'!A244 -> AC-BOX-16 | B49: ='Master Price List'!B244 -> Open top storage box for bolting inside long consoles (uses 16" of face plate mounting area) | C49: ='Master Price List'!C244 -> 141 | D49: =C49-(C49*$D$1) -> 133.95
A51: ='Master Price List'!A246 -> Internal Lidded Deep-Profile Storage (Bolts to console face plate rails)
A52: ='Master Price List'!A247 -> FP-LOCKBOX4 | B52: ='Master Price List'!B247 -> 4" Internal lidded lock box w/ 2" leather arm pad. 7.5" W x 4" L x 5.25" H | C52: ='Master Price List'!C247 -> 152 | D52: =C52-(C52*$D$1) -> 144.4
A53: ='Master Price List'!A248 -> FP-LOCKBOX6 | B53: ='Master Price List'!B248 -> 6" Internal lidded lock box w/ 2" leather arm pad. 7.5" W x 6" L x 5.25" H | C53: ='Master Price List'!C248 -> 157 | D53: =C53-(C53*$D$1) -> 149.15
A54: ='Master Price List'!A249 -> AC-GUNBOX-6 | B54: ='Master Price List'!B249 -> 6" Lidded locking internal storage box. 7.5" W x 6" L x 5.25" H | C54: ='Master Price List'!C249 -> 141 | D54: =C54-(C54*$D$1) -> 133.95
A55: ='Master Price List'!A250 -> AC-GUNBOX | B55: ='Master Price List'!B250 -> 8" Lidded locking internal storage box. 7.5" W x 8" L x 5.6" H | C55: ='Master Price List'!C250 -> 147 | D55: =C55-(C55*$D$1) -> 139.65
A56: ='Master Price List'!A251 -> AC-GUNBOX-9 | B56: ='Master Price List'!B251 -> 9" Lidded locking internal storage box. 7.5" W x 9" L x 5.6" H | C56: ='Master Price List'!C251 -> 157 | D56: =C56-(C56*$D$1) -> 149.15
A58: ='Master Price List'!A253 -> External Lidded Boxes (File Boxes, Storage Boxes, 3-Ring Binder Boxes)
A59: ='Master Price List'!A254 -> AC-FILEBOX | B59: ='Master Price List'!B254 -> External lidded box for letter size Pendaflex hanging folders. 8.86" W x 13.25" L x 10.8" H | C59: ='Master Price List'!C254 -> 288 | D59: =C59-(C59*$D$1) -> 273.6
A60: ='Master Price List'!A255 -> AC-FILELOCK | B60: ='Master Price List'!B255 -> Lockable external lidded box for storing letter size Pendaflex hanging file folders. 8.8" W x 13.25" L x 10.8" H | C60: ='Master Price List'!C255 -> 315 | D60: =C60-(C60*$D$1) -> 299.25
A61: ='Master Price List'!A256 -> AC-FILEBOX-L | B61: ='Master Price List'!B256 -> 16" long non-locking lidded box for legal size hanging files. 8.86" W x 16.25" L x 12.62" H. | C61: ='Master Price List'!C256 -> 309 | D61: =C61-(C61*$D$1) -> 293.55
A62: ='Master Price List'!A257 -> AC-FILE-7P | B62: ='Master Price List'!B257 -> Shortened external storage box w/ hinged lid. 8.86" W x 7" L x 10.87" tall w/5x8 foam pad on lid. | C62: ='Master Price List'!C257 -> 225 | D62: =C62-(C62*$D$1) -> 213.75
A63: ='Master Price List'!A258 -> AC-FILEBOX-9 | B63: ='Master Price List'!B258 -> 9" long non-locking lidded box for storage. 8.86" W x 9" L x 10.8" H | C63: ='Master Price List'!C258 -> 288 | D63: =C63-(C63*$D$1) -> 273.6
A64: ='Master Price List'!A259 -> AC-MC-LOCK | B64: ='Master Price List'!B259 -> Lidded lock box w/2" arm pad. 8.5" x 5" x 8.25" H. Features 2x7 foam pad on lid. | C64: ='Master Price List'!C259 -> 168 | D64: =C64-(C64*$D$1) -> 159.6
A65: ='Master Price List'!A260 -> AC-C06EXT(L) | B65: ='Master Price List'!B260 -> Lidded lockable box w/2" leather pad on lid. 8.87" W x 8" L x 12.1" H. Turn 180 for 90-deg. console rear wall. | C65: ='Master Price List'!C260 -> 189 | D65: =C65-(C65*$D$1) -> 179.55
A66: ='Master Price List'!A261 -> AC-C08EXTFILE | B66: ='Master Price List'!B261 -> Vertical file folder trays plus lidded lock box. 8.87" W x 12.5" L x 19" H. | C66: ='Master Price List'!C261 -> 336 | D66: =C66-(C66*$D$1) -> 319.2
A67: ='Master Price List'!A262 -> AC-BINDERBX | B67: ='Master Price List'!B262 -> External lidded box storing 3-ring binders. 9.75" W x 12" L x 12" H. Non-locking. | C67: ='Master Price List'!C262 -> 330 | D67: =C67-(C67*$D$1) -> 313.5
A68: ='Master Price List'!A263 -> AC-MAPFILE | B68: ='Master Price List'!B263 -> External lidded box for map books. 10.8" W x 13.25" L x 10.6" H. Non-locking. | C68: ='Master Price List'!C263 -> 325 | D68: =C68-(C68*$D$1) -> 308.75
A70: ='Master Price List'!A265 -> External Storage, Open-Top Boxes
A71: ='Master Price List'!A266 -> AC-NIDA-90 | B71: ='Master Price List'!B266 -> External open-top three-sided clipboard storage box; bolts to console rear. 9.3" W x 6.5" L x 8.5" H | C71: ='Master Price List'!C266 -> 131 | D71: =C71-(C71*$D$1) -> 124.45
A72: ='Master Price List'!A267 -> AC-NIDA-12 | B72: ='Master Price List'!B267 -> External open-top three-sided clipboard storage box; bolts to console rear. 9.3" W x 12" L x 8.5" H | C72: ='Master Price List'!C267 -> 152 | D72: =C72-(C72*$D$1) -> 144.4
A73: ='Master Price List'!A268 -> AC-3RBINDER | B73: ='Master Price List'!B268 -> External holder for storing 3-ring binders; Open top container; Bolts to console. 10.5" W x 4" L x 8.5" H | C73: ='Master Price List'!C268 -> 131 | D73: =C73-(C73*$D$1) -> 124.45
A74: ='Master Price List'!A269 -> AC-BINDER | B74: ='Master Price List'!B269 -> Open top external holder for storing 3-ring binders. 9.74" W x 12" L x 12" H | C74: ='Master Price List'!C269 -> 315 | D74: =C74-(C74*$D$1) -> 299.25
A76: ='Master Price List'!A271 -> External Lidded Boxes for Wide-Body Consoles
A77: ='Master Price List'!A272 -> AC-EXT-FILE-WB | B77: ='Master Price List'!B272 -> Vertical file folder trays plus lidded storage box; 13.24" W x 12.5" L x 9" H (front)/ 19" H (rear) | C77: ='Master Price List'!C272 -> 399 | D77: =C77-(C77*$D$1) -> 379.05
A78: ='Master Price List'!A273 -> AC-FILEBOX9-WB | B78: ='Master Price List'!B273 -> 9" L box for wide-body consoles to hang letter size hanging files; 13.24" W x 9" L x 10.8" H | C78: ='Master Price List'!C273 -> 288 | D78: =C78-(C78*$D$1) -> 273.6
A79: ='Master Price List'!A274 -> AC-FHDBOX-6 | B79: ='Master Price List'!B274 -> 6" long external lidded and lockable storage box; 13.25" W x 7.5" H x 6" L | C79: ='Master Price List'!C274 -> 220 | D79: =C79-(C79*$D$1) -> 209
A80: ='Master Price List'!A275 -> AC-FHDFB | B80: ='Master Price List'!B275 -> Long external map book lidded storage box; 13.25" W x 13.8" L x 11" H. Includes leather pad AC-FHDPAD. | C80: ='Master Price List'!C275 -> 350 | D80: =C80-(C80*$D$1) -> 332.5
A81: ='Master Price List'!A276 -> AC-OC-FILEBOX | B81: ='Master Price List'!B276 -> Lidded file box, 13.24" W x 11.25" L x 11.14" H | C81: ='Master Price List'!C276 -> 341 | D81: =C81-(C81*$D$1) -> 323.95
A82: ='Master Price List'!A277 -> AC-SD-FILEBOX | B82: ='Master Price List'!B277 -> Lidded file box, pass. side hinge, inc. 9 x 3 foam pad and clip on lid. 13.25" W x 10.87" L x 11.1" H | C82: ='Master Price List'!C277 -> 341 | D82: =C82-(C82*$D$1) -> 323.95
A84: ='Master Price List'!A279 -> External Open-Top Models for Wide-Body Consoles
A85: ='Master Price List'!A280 -> AC-STORAGE | B85: ='Master Price List'!B280 -> External open-top storage box; To bolt to console or floor plate; 13.24" W x 16.25" L x 11" H | C85: ='Master Price List'!C280 -> 210 | D85: =C85-(C85*$D$1) -> 199.5
A86: ='Master Price List'!A281 -> AC-WB-BOX11 | B86: ='Master Price List'!B281 -> External open-top 11" storage box for wide-body console; 13.24" W x 11" L x 7.5" H | C86: ='Master Price List'!C281 -> 210 | D86: =C86-(C86*$D$1) -> 199.5
A87: ='Master Price List'!A282 -> AC-CPL-MAPBOX | B87: ='Master Price List'!B282 -> External open-top mapbox, 13.24" W x 5" L x 12.125" H, bolts to rear of wide-body console | C87: ='Master Price List'!C282 -> 173 | D87: =C87-(C87*$D$1) -> 164.35
A89: ='Master Price List'!A284 -> Leather Pads for Lidded Boxes (Optional, sold separately)
A90: ='Master Price List'!A285 -> AC-FHDPAD | B90: ='Master Price List'!B285 -> Leather pad, 2" x 13" x 13" for AC-FHDFB file box or other lid sizes | C90: ='Master Price List'!C285 -> 115 | D90: =C90-(C90*$D$1) -> 109.25
A91: ='Master Price List'!A286 -> AC-MAP-PAD | B91: ='Master Price List'!B286 -> Leather pad, 2" x 13.75" x 10.8" for AC-MAPFILE or other lid sizes | C91: ='Master Price List'!C286 -> 105 | D91: =C91-(C91*$D$1) -> 99.75
A92: ='Master Price List'!A287 -> AC-PENPAD | B92: ='Master Price List'!B287 -> Leather pad, 2" x 11" x 8.8" for AC-FILELOCK or AC-FILEBOX or other lid sizes | C92: ='Master Price List'!C287 -> 94 | D92: =C92-(C92*$D$1) -> 89.3
A94: ='Master Price List'!A289 -> Custom External Storage Products
A95: ='Master Price List'!A290 -> FD-DH-GLOVBOX | B95: ='Master Price List'!B290 -> Rubber-glove box container. Can be bolted to any flat surface. 10.5" x 5.1" x 3.5" H | C95: ='Master Price List'!C290 -> 131 | D95: =C95-(C95*$D$1) -> 124.45
A96: ='Master Price List'!A291 -> AC-GUNSAFE | B96: ='Master Price List'!B291 -> Lockable handgun box w/ cipher lock sized to fit under vehicle seat. 9" W x 11.1" L x 4.2" H | C96: ='Master Price List'!C291 -> 367 | D96: =C96-(C96*$D$1) -> 348.65
A98: ='Master Price List'!A293 -> Wide-Body Console Accessories
A99: ='Master Price List'!A298 -> AC-F-SUB-WB-SET | B99: ='Master Price List'!B298 -> Suburban only under-dash panels for 2015+ Tahoe wide-body consoles. (Tahoe panels don't work.) | C99: ='Master Price List'!C298 -> 78 | D99: =C99-(C99*$D$1) -> 74.1
A100: ='Master Price List'!A299 -> AC-F-CPL-SET | B100: ='Master Price List'!B299 -> Suburban only custom under-dash panels for 2015+ Tahoe wide-body consoles | C100: ='Master Price List'!C299 -> 89 | D100: =C100-(C100*$D$1) -> 84.55
A101: ='Master Price List'!A294 -> AC-STOW-878 | B101: ='Master Price List'!B294 -> Driver side flip-up writing surface w/paper pad clip; For open storage consoles | C101: ='Master Price List'!C294 -> 262 | D101: =C101-(C101*$D$1) -> 248.9
A102: ='Master Price List'!A295 -> AC-STOW-WS | B102: ='Master Price List'!B295 -> Driver side flip-up writing surface w/paper pad clip; For consoles w/o open storage | C102: ='Master Price List'!C295 -> 262 | D102: =C102-(C102*$D$1) -> 248.9
A103: ='Master Price List'!A300 -> AC-WBOS-WALL | B103: ='Master Price List'!B300 -> WBOS console bulkhead wall. Use when mounting a computer to console side. Adds shear strength. | C103: ='Master Price List'!C300 -> 52 | D103: =C103-(C103*$D$1) -> 49.4
A104: ='Master Price List'!A301 -> AC-WB-USB-WALL | B104: ='Master Price List'!B301 -> Bulkhead wall for wide-body open storage (WBOS) consoles, pre-punched with OEM USB module | C104: ='Master Price List'!C301 -> 26 | D104: =C104-(C104*$D$1) -> 24.7
A105: ='Master Price List'!A302 -> AC-F-TH-WALL | B105: ='Master Price List'!B302 -> 2015+ Tahoe wide-body open-storage bulkhead wall. Use when mounting computer to console side. | C105: ='Master Price List'!C302 -> 26 | D105: =C105-(C105*$D$1) -> 24.7
A107: ='Master Price List'!A307 -> Printer Mounts (Height Adjustable) - Works with Pentax & Brother Pocket Printer Models
A109: ='Master Price List'!A309 -> Bolts to Floor Plate
A110: ='Master Price List'!A310 -> AC-PENPRTR-58-FP | B110: ='Master Price List'!B310 -> Printer arm rest with 5x8 pad, bolts to floor plate (AC-ARM-BASE, AC-ARM-PED-TB, AC-PENPRTR, AC-FOAM-58) | C110: ='Master Price List'!C310 -> 404 | D110: =C110-(C110*$D$1) -> 383.8
A111: ='Master Price List'!A311 -> AC-PENPRTR-510-FP | B111: ='Master Price List'!B311 -> Printer arm rest with 5x10 pad, bolts to floor plate (AC-ARM-BASE, AC-ARM-PED-TB, AC-PENPRTR, AC-FOAM-510) | C111: ='Master Price List'!C311 -> 424 | D111: =C111-(C111*$D$1) -> 402.8
A112: ='Master Price List'!A312 -> AC-PENPRTR-FP | B112: ='Master Price List'!B312 -> Printer arm rest with 3x9 pad, bolts to floor plate (AC-ARM-BASE, AC-ARM-PED-TB, AC-PENPRTR, AC-FOAM-93) | C112: ='Master Price List'!C312 -> 404 | D112: =C112-(C112*$D$1) -> 383.8
A115: ='Master Price List'!A314 -> Bolts to Console
A116: ='Master Price List'!A315 -> AC-PENPRTR-58-CC | B116: ='Master Price List'!B315 -> Printer mount w/5x8 pad, bolts to console rear (AC-ARM-BKT, AC-ARM-PED-TB, AC-PENPRTR, AC-FOAM-58) | C116: ='Master Price List'!C315 -> 404 | D116: =C116-(C116*$D$1) -> 383.8
A117: ='Master Price List'!A316 -> AC-PENPRTR-510-CC | B117: ='Master Price List'!B316 -> Printer mount w/5x10 pad, bolts to console rear (AC-ARM-BKT, AC-ARM-PED-TB, AC-PENPRTR, AC-FOAM-510) | C117: ='Master Price List'!C316 -> 424 | D117: =C117-(C117*$D$1) -> 402.8
A118: ='Master Price List'!A317 -> AC-PENPRTR-CC | B118: ='Master Price List'!B317 -> Printer mount w/3x9 pad. Bolts to console rear. (AC-ARM-BKT, AC-ARM-PED-TB, AC-PENPRTR, AC-FOAM-93) | C118: ='Master Price List'!C317 -> 404 | D118: =C118-(C118*$D$1) -> 383.8
A120: ='Master Price List'!A319 -> Low-Profile 90-Deg. Console Rear Printer Mounts
A121: ='Master Price List'!A320 -> AC-PENPRTR-90 | B121: ='Master Price List'!B320 -> Printer mount with 3 x 9 pad and low-profile L bracket. (AC-PENPRTR-90, AC-FOAM-93) | C121: ='Master Price List'!C320 -> 288 | D121: =C121-(C121*$D$1) -> 273.6
A122: ='Master Price List'!A321 -> AC-PENPRTR-L-58 | B122: ='Master Price List'!B321 -> Printer mount with 5 x 8 pad and low-profile L-bracket. (AC-PENPRTR-90, AC-FOAM-58) | C122: ='Master Price List'!C321 -> 288 | D122: =C122-(C122*$D$1) -> 273.6
...

Sheet Face Plate A List
A1: TOC | B1: FACE PLATE A LIST | D1: 0.05
A2: TROY PART # | B2: PRODUCT DESCRIPTION | C2: MSRP | D2: DISCOUNT %
A3: Improtant: *Face plates that are not on the A & B lists are considered a custom part and will be charged a one-time set-up fee of $100.00 with a minium order requirement of five (5). Price for custom plate will be $35.00/ea.
A5: MOTOROLA RADIO
A6: ='Master Price List'!A363 -> FP-M9004 | B6: ='Master Price List'!B363 -> 2" DEK A9 (direct entry keypad) | C6: ='Master Price List'!C363 -> 40 | D6: =C6-(C6*$D$1) -> 38
A7: ='Master Price List'!A364 -> FP-M9005 | B7: ='Master Price List'!B364 -> 3" Dual DEK A9 face plate | C7: ='Master Price List'!C364 -> 40 | D7: =C7-(C7*$D$1) -> 38
A8: ='Master Price List'!A365 -> FP-MXTL2500 | B8: ='Master Price List'!B365 -> 3" XTL2500/5000/APX6500 remote 05/07 | C8: ='Master Price List'!C365 -> 40 | D8: =C8-(C8*$D$1) -> 38
A9: ='Master Price List'!A366 -> FP-MXTL5000 | B9: ='Master Price List'!B366 -> 3" XTL2500/5000/APX6500 One-piece, 05/07 | C9: ='Master Price List'!C366 -> 40 | D9: =C9-(C9*$D$1) -> 38
A10: ='Master Price List'!A367 -> FP-MAPX6500-07-R | B10: ='Master Price List'!B367 -> 3" APX 6500 remote 07 head | C10: ='Master Price List'!C367 -> 45 | D10: =C10-(C10*$D$1) -> 42.75
A11: ='Master Price List'!A368 -> FP-MCS2001 | B11: ='Master Price List'!B368 -> 3" MCS 2000, Model 1, one-piece | C11: ='Master Price List'!C368 -> 40 | D11: =C11-(C11*$D$1) -> 38
A12: ='Master Price List'!A369 -> FP-MXPR5550 | B12: ='Master Price List'!B369 -> 3" XPR 4500/4550/4580 one-piece | C12: ='Master Price List'!C369 -> 40 | D12: =C12-(C12*$D$1) -> 38
A13: ='Master Price List'!A370 -> FP-MTURBO | B13: ='Master Price List'!B370 -> 3" XPR 4500/4550/4580 remote head | C13: ='Master Price List'!C370 -> 40 | D13: =C13-(C13*$D$1) -> 38
A14: ='Master Price List'!A371 -> FP-CM300 | B14: ='Master Price List'!B371 -> 3" CM300 Radio | C14: ='Master Price List'!C371 -> 40 | D14: =C14-(C14*$D$1) -> 38
A15: ='Master Price List'!A371 -> FP-CM300 | B15: ='Master Price List'!B371 -> 3" CM300 Radio | C15: ='Master Price List'!C371 -> 40 | D15: =C15-(C15*$D$1) -> 38
A16: ='Master Price List'!A372 -> FP-CDM1250 | B16: ='Master Price List'!B372 -> 3" CDM750/1250/1550 one-piece | C16: ='Master Price List'!C372 -> 40 | D16: =C16-(C16*$D$1) -> 38
A17: ='Master Price List'!A373 -> FP-CDM1250(R) | B17: ='Master Price List'!B373 -> 3" CDM750/1250/1550 remote head | C17: ='Master Price List'!C373 -> 40 | D17: =C17-(C17*$D$1) -> 38
A18: ='Master Price List'!A375 -> FP-MAPX6500-02 | B18: ='Master Price List'!B375 -> 4" APX 6500 02 remote head | C18: ='Master Price List'!C375 -> 40 | D18: =C18-(C18*$D$1) -> 38
A19: ='Master Price List'!A379 -> FP-XTL2500-D | B19: ='Master Price List'!B379 -> 5" Dual XTL2500 remote head 05/07 | C19: ='Master Price List'!C379 -> 55 | D19: =C19-(C19*$D$1) -> 52.25
A20: ='Master Price List'!A380 -> FP-XTL5000-D | B20: ='Master Price List'!B380 -> 5" Dual XTL5000 one-piece 05/07 | C20: ='Master Price List'!C380 -> 50 | D20: =C20-(C20*$D$1) -> 47.5
A22: ='Master Price List'!A522 -> UNIDEN/BEARCAT
A23: ='Master Price List'!A523 -> FP-UBCD996T | B23: ='Master Price List'!B523 -> 3" D996-T Scanner | C23: ='Master Price List'!C523 -> 40 | D23: =C23-(C23*$D$1) -> 38
A25: ='Master Price List'!A425 -> HARRIS RADIOS
A26: ='Master Price List'!A426 -> FP-ORION(R) | B26: ='Master Price List'!B426 -> 3" XG-100M CH-721 XG-75M remote head | C26: ='Master Price List'!C426 -> 40 | D26: =C26-(C26*$D$1) -> 38
A27: ='Master Price List'!A427 -> FP-HARRIS-T | B27: ='Master Price List'!B427 -> 3" M7200, remote, tilted toward driver, custom | C27: ='Master Price List'!C427 -> 40 | D27: =C27-(C27*$D$1) -> 38
A29: ='Master Price List'!A391 -> ICOM RADIOS
A30: ='Master Price List'!A392 -> FP-ICOMA200 | B30: ='Master Price List'!B392 -> 2" IC-A200 Aviation radio | C30: ='Master Price List'!C392 -> 40 | D30: =C30-(C30*$D$1) -> 38
A31: ='Master Price List'!A393 -> FP-ICF121 | B31: ='Master Price List'!B393 -> 2" IC-F121/F221 radio | C31: ='Master Price List'!C393 -> 40 | D31: =C31-(C31*$D$1) -> 38
A32: ='Master Price List'!A394 -> FP-ICOMA110 | B32: ='Master Price List'!B394 -> 3" IC-A110 Aviation radio | C32: ='Master Price List'!C394 -> 40 | D32: =C32-(C32*$D$1) -> 38
A33: ='Master Price List'!A395 -> FP-ICOMA120 | B33: ='Master Price List'!B395 -> 3" IC-A120 Aviation radio | C33: ='Master Price List'!C395 -> 40 | D33: =C33-(C33*$D$1) -> 38
A34: ='Master Price List'!A396 -> FP-ICF1721D | B34: ='Master Price List'!B396 -> 3" IC-F1721D/F1821D radio | C34: ='Master Price List'!C396 -> 40 | D34: =C34-(C34*$D$1) -> 38
A35: ='Master Price List'!A397 -> FP-ICF6061D | B35: ='Master Price List'!B397 -> 3" IC-F5061,-D, F6061,-D radios | C35: ='Master Price List'!C397 -> 40 | D35: =C35-(C35*$D$1) -> 38
A37: CODE 3 LIGHT BARS/SIRENS
A38: ='Master Price List'!A472 -> FP-C33892-3 | B38: ='Master Price List'!B472 -> 3" Custom 3” version of FP-C33892 | C38: ='Master Price List'!C472 -> 40 | D38: =C38-(C38*$D$1) -> 38
A39: ='Master Price List'!A473 -> FP-C3-Z3 | B39: ='Master Price List'!B473 -> 4" Z3 remote lights/siren controller | C39: ='Master Price List'!C473 -> 40 | D39: =C39-(C39*$D$1) -> 38
A40: ='Master Price List'!A474 -> FP-C3-XCEL | B40: ='Master Price List'!B474 -> 4" XCEL one-pc. lights/siren controller | C40: ='Master Price List'!C474 -> 40 | D40: =C40-(C40*$D$1) -> 38
A41: ='Master Price List'!A475 -> FP-C33892 | B41: ='Master Price List'!B475 -> 4" Mastercomm one-pc. lights/siren controller | C41: ='Master Price List'!C475 -> 40 | D41: =C41-(C41*$D$1) -> 38
A43: ='Master Price List'!A399 -> KENWOOD RADIOS
A44: ='Master Price List'!A400 -> FP-KTK7180/8180 | B44: ='Master Price List'!B400 -> 2" TK-7180H/8180H/8180 mobile radio | C44: ='Master Price List'!C400 -> 40 | D44: =C44-(C44*$D$1) -> 38
A45: ='Master Price List'!A401 -> FP-K-NX3720 | B45: ='Master Price List'!B401 -> 2" NX-3720HG/3820HG mobile radio | C45: ='Master Price List'!C401 -> 40 | D45: =C45-(C45*$D$1) -> 38
A46: ='Master Price List'!A404 -> FP-KENTK790MR | B46: ='Master Price List'!B404 -> 3" 790/890 remote head radio | C46: ='Master Price List'!C404 -> 40 | D46: =C46-(C46*$D$1) -> 38
A47: ='Master Price List'!A405 -> FP-KENKCH20R | B47: ='Master Price List'!B405 -> 3" CH20 remote head radio | C47: ='Master Price List'!C405 -> 40 | D47: =C47-(C47*$D$1) -> 38
A48: ='Master Price List'!A406 -> FP-KENNX5M-D | B48: ='Master Price List'!B406 -> 3" NX5000, one-piece radio | C48: ='Master Price List'!C406 -> 40 | D48: =C48-(C48*$D$1) -> 38
A49: ='Master Price List'!A407 -> FP-KENNX5M-R | B49: ='Master Price List'!B407 -> 3" NX5000, remote head radio | C49: ='Master Price List'!C407 -> 40 | D49: =C49-(C49*$D$1) -> 38
A50: ='Master Price List'!A408 -> FP-KENTK7360 | B50: ='Master Price List'!B408 -> 2" TK-7360 FM mobile radio | C50: ='Master Price List'!C408 -> 40 | D50: =C50-(C50*$D$1) -> 38
A51: ='Master Price List'!A409 -> FP-KENTK7160H3 | B51: ='Master Price List'!B409 -> 3" TK-7160 H3 mobile radio | C51: ='Master Price List'!C409 -> 40 | D51: =C51-(C51*$D$1) -> 38
A52: ='Master Price List'!A410 -> FP-KENTK890 | B52: ='Master Price List'!B410 -> 3" TK-890 mobile radio | C52: ='Master Price List'!C410 -> 40 | D52: =C52-(C52*$D$1) -> 38
A53: ='Master Price List'!A411 -> FP-KENTK790 | B53: ='Master Price List'!B411 -> 3" TK-790 mobile radio | C53: ='Master Price List'!C411 -> 40 | D53: =C53-(C53*$D$1) -> 38
A55: ='Master Price List'!A416 -> BENDIX KING RADIOS
A56: ='Master Price List'!A417 -> FP-BK-KNGM150-D | B56: ='Master Price List'!B417 -> 3" Original M150 one-piece radio | C56: ='Master Price List'!C417 -> 40 | D56: =C56-(C56*$D$1) -> 38
A57: ='Master Price List'!A418 -> FP-BKM150-R | B57: ='Master Price List'!B418 -> 3" KNG-M150-R digital remote radio | C57: ='Master Price List'!C418 -> 40 | D57: =C57-(C57*$D$1) -> 38
A58: ='Master Price List'!A419 -> FP-BKEM5992X | B58: ='Master Price List'!B419 -> 3" EM5992X one-piece radio | C58: ='Master Price List'!C419 -> 40 | D58: =C58-(C58*$D$1) -> 38
A59: ='Master Price List'!A420 -> FP-BKGMH5992R | B59: ='Master Price List'!B420 -> 3" GMH5992R remote head radio | C59: ='Master Price List'!C420 -> 40 | D59: =C59-(C59*$D$1) -> 38
A60: ='Master Price List'!A421 -> FP-BKDMH5992R | B60: ='Master Price List'!B421 -> 3" DMH5992R remote head radio | C60: ='Master Price List'!C421 -> 40 | D60: =C60-(C60*$D$1) -> 38
A62: FEDERAL SIGNAL LIGHT BARS/SIRENS
A63: ='Master Price List'!A478 -> FP-FEDPA300 | B63: ='Master Price List'!B478 -> 3" PA-300 siren | C63: ='Master Price List'!C478 -> 40 | D63: =C63-(C63*$D$1) -> 38
A64: ='Master Price List'!A479 -> FP-PLATINUM-T | B64: ='Master Price List'!B479 -> 4" Designed to tilt toward driver, custom | C64: ='Master Price List'!C479 -> 40 | D64: =C64-(C64*$D$1) -> 38
A65: ='Master Price List'!A480 -> FP-FEDPA640 | B65: ='Master Price List'!B480 -> 4" PA-640 one-pc. siren | C65: ='Master Price List'!C480 -> 40 | D65: =C65-(C65*$D$1) -> 38
A66: ='Master Price List'!A481 -> FP-FEDSMART1 | B66: ='Master Price List'!B481 -> 4" SS2000 remote lights/siren controller | C66: ='Master Price List'!C481 -> 40 | D66: =C66-(C66*$D$1) -> 38
A67: ='Master Price List'!A482 -> FP-PLATINUM | B67: ='Master Price List'!B482 -> 4" Platinum remote lights/siren controller | C67: ='Master Price List'!C482 -> 40 | D67: =C67-(C67*$D$1) -> 38
A69: WHELEN LIGHT BARS/SIRENS
A70: ='Master Price List'!A496 -> FP-WS295 | B70: ='Master Price List'!B496 -> 3" WS-295 Siren | C70: ='Master Price List'!C496 -> 40 | D70: =C70-(C70*$D$1) -> 38
A71: ='Master Price List'!A500 -> FP-WTA-RAD | B71: ='Master Price List'!B500 -> 3" Traffic Adviser | C71: ='Master Price List'!C500 -> 40 | D71: =C71-(C71*$D$1) -> 38
A72: ='Master Price List'!A501 -> FP-WCENCOM-JD | B72: ='Master Price List'!B501 -> 4" Cantrol/Cencom (Sapphire, Carbide)/295 SA,DA | C72: ='Master Price List'!C501 -> 40 | D72: =C72-(C72*$D$1) -> 38
A74: ='Master Price List'!A503 -> SOUND OFF LIGHT BARS/SIRENS
A75: ='Master Price List'!A504 -> FP-SO380R | B75: ='Master Price List'!B504 -> 4" ETSA480 Blueprint remote head lights/siren | C75: ='Master Price List'!C504 -> 40 | D75: =C75-(C75*$D$1) -> 38
A76: ='Master Price List'!A505 -> FP-ETSA481 | B76: ='Master Price List'!B505 -> 4" ETSA481 one-piece lights/siren | C76: ='Master Price List'!C505 -> 40 | D76: =C76-(C76*$D$1) -> 38
A77: ='Master Price List'!A506 -> FP-FPI-SO380R | B77: ='Master Price List'!B506 -> 4" Blueprint Knob Control Panel ENGCP18002 | C77: ='Master Price List'!C506 -> 40 | D77: =C77-(C77*$D$1) -> 38
A79: ='Master Price List'!$A$527 -> FACE PLATES FOR IN-CAR VIDEO RECORDERS/MOMITORS
A80: ='Master Price List'!A528 -> FP-ARB360 | B80: ='Master Price List'!B528 -> 3" Panasonic Arbitrator 360 | C80: ='Master Price List'!C528 -> 40 | D80: =C80-(C80*$D$1) -> 38
A81: ='Master Price List'!A530 -> FP-L3FLASH3 | B81: ='Master Price List'!B530 -> 4" L-3 Flashback Model 3 | C81: ='Master Price List'!C530 -> 40 | D81: =C81-(C81*$D$1) -> 38
A82: ='Master Price List'!A531 -> FP-LB-FB2-MON | B82: ='Master Price List'!B531 -> 4" L-3 Flashback 2 Monitor | C82: ='Master Price List'!C531 -> 40 | D82: =C82-(C82*$D$1) -> 38
A83: ='Master Price List'!A532 -> FP-WG4RE | B83: ='Master Price List'!B532 -> 4" Watchguard 4RE | C83: ='Master Price List'!C532 -> 40 | D83: =C83-(C83*$D$1) -> 38
A85: ='Master Price List'!A568 -> Blank Filler Plates
A86: ='Master Price List'!A569 -> FP-BLNK1 | B86: ='Master Price List'!B569 -> 1" Filler plate | C86: ='Master Price List'!C569 -> 10 | D86: =C86-(C86*$D$1) -> 9.5
A87: ='Master Price List'!A570 -> FP-BLNK2 | B87: ='Master Price List'!B570 -> 2" Filler plate | C87: ='Master Price List'!C570 -> 10 | D87: =C87-(C87*$D$1) -> 9.5
A88: ='Master Price List'!A571 -> FP-BLNK3 | B88: ='Master Price List'!B571 -> 3" Filler plate | C88: ='Master Price List'!C571 -> 20 | D88: =C88-(C88*$D$1) -> 19
A89: ='Master Price List'!A572 -> FP-BLNK4 | B89: ='Master Price List'!B572 -> 4" Filler plate | C89: ='Master Price List'!C572 -> 20 | D89: =C89-(C89*$D$1) -> 19
A91: AFTER-MARKET ELECTRONICS FACE PLATES
A92: ='Master Price List'!A343 -> FP-AP12 | B92: ='Master Price List'!B343 -> 2" face plate w/ (2) DC outlet holes; One at each end | C92: ='Master Price List'!C343 -> 21 | D92: =C92-(C92*$D$1) -> 19.95
A93: ='Master Price List'!A344 -> FP-AP12-3 | B93: ='Master Price List'!B344 -> 2" face plate w/ (3) DC outlet holes | C93: ='Master Price List'!C344 -> 25 | D93: =C93-(C93*$D$1) -> 23.75
A94: ='Master Price List'!A345 -> FP-AP12-4 | B94: ='Master Price List'!B345 -> 2" face plate w/ (4) DC outlet holes | C94: ='Master Price List'!C345 -> 25 | D94: =C94-(C94*$D$1) -> 23.75
A95: ='Master Price List'!A348 -> FP-DECORA | B95: ='Master Price List'!B348 -> 2" face plate w/ (1) AC duplex outlet cut-out. Includes duplex outlet. | C95: ='Master Price List'!C348 -> 40 | D95: =C95-(C95*$D$1) -> 38
A96: ='Master Price List'!A340 -> FP-USB-2DC | B96: ='Master Price List'!B340 -> 2" face plate pre-punched w/ holes for (2) DC outlets & (1) dual-port USB module | C96: ='Master Price List'!C340 -> 68 | D96: =C96-(C96*$D$1) -> 64.6
A97: ='Master Price List'!A347 -> FP-AP2 | B97: ='Master Price List'!B347 -> 3" face plate w/ (2) DC outlet holes | C97: ='Master Price List'!C347 -> 26 | D97: =C97-(C97*$D$1) -> 24.7
A98: ='Master Price List'!A354 -> FP-AP3 | B98: ='Master Price List'!B354 -> 3" face plate w/ (2) DC outlet holes | C98: ='Master Price List'!C354 -> 26 | D98: =C98-(C98*$D$1) -> 24.7
A100: Note: The following face plates are frequently ordered by our customers and TROY is committed to fabricating and stocking in these in large volume to optimize lead time. Please note that the face plates are listed in order of size (2", 3", etc.) for your convenience.

Sheet Face Plate B List
A1: TOC | B1: FACE PLATE B LIST | D1: 0.05
A2: TROY PART # | B2: PRODUCT DESCRIPTION | C2: MSRP | D2: DISCOUNT %
A3: Improtant: *Face plates that are not on the A & B lists are considered a custom part and will be charged a one-time set-up fee of $100.00 with a minium order requirement of five (5) . Price for custom plate will be $35.00/ea.
A5: MOTOROLA RADIO
A6: ='Master Price List'!A377 -> FP-T-XTL5000-4 | B6: ='Master Price List'!B377 -> 4" XTL5000 one-piece, tilted for better view | C6: ='Master Price List'!C377 -> 55 | D6: =C6-(C6*$D$1) -> 52.25
A7: ='Master Price List'!A373 -> FP-CDM1250(R) | B7: ='Master Price List'!B373 -> 3" CDM750/1250/1550 remote head | C7: ='Master Price List'!C373 -> 40 | D7: =C7-(C7*$D$1) -> 38
A8: ='Master Price List'!A378 -> FP-M9001 | B8: ='Master Price List'!B378 -> 4" 9000, A9/C9/W9 control head, remote | C8: ='Master Price List'!C378 -> 40 | D8: =C8-(C8*$D$1) -> 38
A9: ='Master Price List'!A374 -> FP-SPRCTR(S) | B9: ='Master Price List'!B374 -> 3" Spectra 07 head, replaced by XTL2500 | C9: ='Master Price List'!C374 -> 40 | D9: =C9-(C9*$D$1) -> 38
A10: ='Master Price List'!A381 -> FP-MOTOROLA09-7 | B10: ='Master Price List'!B381 -> 7” version of FP-MOTOROLA-09 | C10: ='Master Price List'!C381 -> 50 | D10: =C10-(C10*$D$1) -> 47.5
A11: ='Master Price List'!A382 -> FP-MOTOROLA-09 | B11: ='Master Price List'!B382 -> 8" 09 Control Head | C11: ='Master Price List'!C382 -> 50 | D11: =C11-(C11*$D$1) -> 47.5
A13: ='Master Price List'!A445 -> MIDLAND RADIOS
A14: ='Master Price List'!A446 -> FP-MDSTM1050B | B14: ='Master Price List'!B446 -> 3" Syntec II STM1050B dash/remote head | C14: ='Master Price List'!C446 -> 40 | D14: =C14-(C14*$D$1) -> 38
A16: ='Master Price List'!A425 -> HARRIS RADIOS
A17: ='Master Price List'!A432 -> FP-H-XG25M | B17: ='Master Price List'!B432 -> 4" XG-25M one-piece | C17: ='Master Price List'!C432 -> 40 | D17: =C17-(C17*$D$1) -> 38
A18: ='Master Price List'!A433 -> FP-H-XG25M-R | B18: ='Master Price List'!B433 -> 4" XG-25M remote head | C18: ='Master Price List'!C433 -> 40 | D18: =C18-(C18*$D$1) -> 38
A19: ='Master Price List'!A429 -> FP-GEMDX | B19: ='Master Price List'!B429 -> 3" Ericcson GE MDX radio | C19: ='Master Price List'!C429 -> 40 | D19: =C19-(C19*$D$1) -> 38
A20: ='Master Price List'!A430 -> FP-ERIC-KRY-RD | B20: ='Master Price List'!B430 -> 3" KRY, Harris CH-721, XG-75M, M7300 | C20: ='Master Price List'!C430 -> 40 | D20: =C20-(C20*$D$1) -> 38
A21: ='Master Price List'!A431 -> FP-GEORION | B21: ='Master Price List'!B431 -> 3" XG-100M, CH-721, M700 one-piece | C21: ='Master Price List'!C431 -> 40 | D21: =C21-(C21*$D$1) -> 38
A22: ='Master Price List'!A434 -> FP-H-UNITY | B22: ='Master Price List'!B434 -> 4" XG-100M, CH100 one-piece | C22: ='Master Price List'!C434 -> 40 | D22: =C22-(C22*$D$1) -> 38
A24: ='Master Price List'!$A$399 -> KENWOOD RADIOS
A25: ='Master Price List'!A402 -> FP-KENTK860 | B25: ='Master Price List'!B402 -> 2" TK-860 mobile radio | C25: ='Master Price List'!C402 -> 40 | D25: =C25-(C25*$D$1) -> 38
A26: ='Master Price List'!A412 -> FP-KENTK6110 | B26: ='Master Price List'!B412 -> 3" TK-6110 mobile radio | C26: ='Master Price List'!C412 -> 40 | D26: =C26-(C26*$D$1) -> 38
A27: ='Master Price List'!A403 -> FP-KENTK7160HK | B27: ='Master Price List'!B403 -> 2" TK-7160 mobile radio | C27: ='Master Price List'!C403 -> 40 | D27: =C27-(C27*$D$1) -> 38
A28: ='Master Price List'!A413 -> FP-KENTK7150 | B28: ='Master Price List'!B413 -> 3" TK-7150/8150 mobile radio | C28: ='Master Price List'!C413 -> 40 | D28: =C28-(C28*$D$1) -> 38
A29: ='Master Price List'!A414 -> FP-KEN30(R) | B29: ='Master Price List'!B414 -> 3" TK-730H(B) mobile radio | C29: ='Master Price List'!C414 -> 40 | D29: =C29-(C29*$D$1) -> 38
A31: ='Master Price List'!A441 -> EJ JOHNSON RADIOS
A32: ='Master Price List'!A442 -> FP-EFJ5300ES | B32: ='Master Price List'!B442 -> 3" 5300 ES Radio | C32: ='Master Price List'!C442 -> 40 | D32: =C32-(C32*$D$1) -> 38
A33: ='Master Price List'!A443 -> FP-EFJ5ESL | B33: ='Master Price List'!B443 -> 3" 5000 ESL Radio | C33: ='Master Price List'!C443 -> 40 | D33: =C33-(C33*$D$1) -> 38
A35: ='Master Price List'!A436 -> TAIT RADIOS
A36: ='Master Price List'!A437 -> FP-TAIT2000 | B36: ='Master Price List'!B437 -> 3" 2000 Mobile Two-Way Radio | C36: ='Master Price List'!C437 -> 40 | D36: =C36-(C36*$D$1) -> 38
A37: ='Master Price List'!A438 -> FP-TAITM8200 | B37: ='Master Price List'!B438 -> 4" M8200 Radio, Remote | C37: ='Master Price List'!C438 -> 40 | D37: =C37-(C37*$D$1) -> 38
A38: ='Master Price List'!A439 -> FP-TAITM8200(D) | B38: ='Master Price List'!B439 -> 4" M8200 Radios, One-Piece | C38: ='Master Price List'!C439 -> 40 | D38: =C38-(C38*$D$1) -> 38
A40: ='Master Price List'!A452 -> VERTEX RADIOS
A41: ='Master Price List'!A453 -> FP-VX2200 | B41: ='Master Price List'!B453 -> 2" VX-2200 Radio | C41: ='Master Price List'!C453 -> 40 | D41: =C41-(C41*$D$1) -> 38
A42: ='Master Price List'!A454 -> FP-VX4600 | B42: ='Master Price List'!B454 -> 3" VX-4600 Radio | C42: ='Master Price List'!C454 -> 40 | D42: =C42-(C42*$D$1) -> 38
A43: ='Master Price List'!A455 -> FP-VX6000 | B43: ='Master Price List'!B455 -> 3" VX-6000 Radio | C43: ='Master Price List'!C455 -> 40 | D43: =C43-(C43*$D$1) -> 38
A45: ='Master Price List'!A448 -> UNIDEN CITIZEN BADN (CB) RADIOS
A46: ='Master Price List'!A449 -> FP-UPRO510XL | B46: ='Master Price List'!B449 -> 2" 510 XL C.B. Radio | C46: ='Master Price List'!C449 -> 40 | D46: =C46-(C46*$D$1) -> 38
A47: ='Master Price List'!A450 -> FP-UNIPRO520 | B47: ='Master Price List'!B450 -> 2" 520 XL C.B. Radio | C47: ='Master Price List'!C450 -> 40 | D47: =C47-(C47*$D$1) -> 38
A49: ='Master Price List'!A457 -> SIGTRONICS
A50: ='Master Price List'!A458 -> FP-SIGUS-67D | B50: ='Master Price List'!B458 -> 2" SRS-6 Radio Switcher, Ultrasound 67-D | C50: ='Master Price List'!C458 -> 40 | D50: =C50-(C50*$D$1) -> 38
A52: ='Master Price List'!A460 -> STAR/SIGNAL
A53: ='Master Price List'!A461 -> FP-SIGLCS800 | B53: ='Master Price List'!B461 -> 4" LCS-800 Light control switch panel | C53: ='Master Price List'!C461 -> 40 | D53: =C53-(C53*$D$1) -> 38
A55: BENDIX KING HAND-HELD RADIO CHARGERS
A56: ='Master Price List'!A422 -> FP-BKLAA0340 | B56: ='Master Price List'!B422 -> 3" LA-A0340 radio charger | C56: ='Master Price List'!C422 -> 40 | D56: =C56-(C56*$D$1) -> 38
A57: ='Master Price List'!A423 -> FP-BKLAA0355 | B57: ='Master Price List'!B423 -> 3" LA-A0355 radio charger | C57: ='Master Price List'!C423 -> 40 | D57: =C57-(C57*$D$1) -> 38
A59: ='Master Price List'!A384 -> MOTOROLA HAND-HELD RADIO CHARGERS
A60: ='Master Price List'!A385 -> FP-MRLN4884B-2 | B60: ='Master Price List'!B385 -> 3" RLN4884B dual chargers | C60: ='Master Price List'!C385 -> 40 | D60: =C60-(C60*$D$1) -> 38
A61: ='Master Price List'!A386 -> FP-MRLN4884B | B61: ='Master Price List'!B386 -> 4" RLN4884B single charger | C61: ='Master Price List'!C386 -> 50 | D61: =C61-(C61*$D$1) -> 47.5
A62: ='Master Price List'!A387 -> FP-NTN9176B | B62: ='Master Price List'!B387 -> 4" NTN9176B single charger | C62: ='Master Price List'!C387 -> 60 | D62: =C62-(C62*$D$1) -> 57
A63: ='Master Price List'!A388 -> FP-NTN9176B-D | B63: ='Master Price List'!B388 -> 4" NTN9176B dual chargers | C63: ='Master Price List'!C388 -> 60 | D63: =C63-(C63*$D$1) -> 57
A64: ='Master Price List'!A389 -> FP-MNNTN7618B-D | B64: ='Master Price List'!B389 -> 4" NTN7618B dual chargers | C64: ='Master Price List'!C389 -> 60 | D64: =C64-(C64*$D$1) -> 57
A66: ='Master Price List'!A467 -> CODE 3 LIGHT BARS /SIREN
A67: ='Master Price List'!A468 -> FP-C3NARROW | B67: ='Master Price List'!B468 -> 2" Narrowstick controller | C67: ='Master Price List'!C468 -> 40 | D67: =C67-(C67*$D$1) -> 38
A68: ='Master Price List'!A469 -> FP-C3-VCON | B68: ='Master Price List'!B469 -> 3" V-CON siren | C68: ='Master Price List'!C469 -> 40 | D68: =C68-(C68*$D$1) -> 38
A69: ='Master Price List'!A470 -> FP-C3ASTK-09 | B69: ='Master Price List'!B470 -> 3" Arrowstick 2009 remote head controller | C69: ='Master Price List'!C470 -> 40 | D69: =C69-(C69*$D$1) -> 38
A70: ='Master Price List'!A471 -> FP-C3999 | B70: ='Master Price List'!B471 -> 3" 3997RLS, remote lights/siren controller | C70: ='Master Price List'!C471 -> 40 | D70: =C70-(C70*$D$1) -> 38
A72: ='Master Price List'!A487 -> FENIEX SIGNAL LIGHT BARS/SIRENS
A73: ='Master Price List'!A488 -> FP-F-2200 | B73: ='Master Price List'!B488 -> 4" Feniex lightbar/siren control head | C73: ='Master Price List'!C488 -> 40 | D73: =C73-(C73*$D$1) -> 38
A75: ='Master Price List'!A477 -> FEDERAL SIGNAL LIGHT BARS/SIRENS
A76: ='Master Price List'!A483 -> FP-FEDSMC2 | B76: ='Master Price List'!B483 -> 2" Signal Master siren | C76: ='Master Price List'!C483 -> 40 | D76: =C76-(C76*$D$1) -> 38
A77: ='Master Price List'!A484 -> FP-FEDSW300 | B77: ='Master Price List'!B484 -> 3" Switch Pack | C77: ='Master Price List'!C484 -> 40 | D77: =C77-(C77*$D$1) -> 38
A78: ='Master Price List'!A485 -> FP-EQ2B-RJ | B78: ='Master Price List'!B485 -> 4" Siren Rumbler | C78: ='Master Price List'!C485 -> 40 | D78: =C78-(C78*$D$1) -> 38
A80: ='Master Price List'!A463 -> FIRECOM
A81: ='Master Price List'!A464 -> FP-FICM3025 | B81: ='Master Price List'!B464 -> 3" Fire Apparatus Intercom System, 3025R | C81: ='Master Price List'!C464 -> 40 | D81: =C81-(C81*$D$1) -> 38
A83: ='Master Price List'!A490 -> WHELEN LIGHT BARS/SIRENS
A84: ='Master Price List'!A492 -> FP-WS295HF | B84: ='Master Price List'!B492 -> 3" 295 Hands-free siren | C84: ='Master Price List'!C492 -> 40 | D84: =C84-(C84*$D$1) -> 38
A85: ='Master Price List'!A493 -> FP-WPCC10W | B85: ='Master Price List'!B493 -> 3" 10-Switch Control Center | C85: ='Master Price List'!C493 -> 40 | D85: =C85-(C85*$D$1) -> 38
A86: ='Master Price List'!A494 -> FP-WSPCCS10N | B86: ='Master Price List'!B494 -> 3" 10-Switch Control Center | C86: ='Master Price List'!C494 -> 40 | D86: =C86-(C86*$D$1) -> 38
A87: ='Master Price List'!A495 -> FP-WMPC03 | B87: ='Master Price List'!B495 -> 3" MCP03 Siren Controller | C87: ='Master Price List'!C495 -> 40 | D87: =C87-(C87*$D$1) -> 38
A88: ='Master Price List'!A496 -> FP-WS295 | B88: ='Master Price List'!B496 -> 3" WS-295 Siren | C88: ='Master Price List'!C496 -> 40 | D88: =C88-(C88*$D$1) -> 38
A89: ='Master Price List'!A497 -> FP-WSEPSL1 | B89: ='Master Price List'!B497 -> 3" Epsilon EPSL1 Siren | C89: ='Master Price List'!C497 -> 40 | D89: =C89-(C89*$D$1) -> 38
A90: ='Master Price List'!A498 -> FP-WSPCCS9N | B90: ='Master Price List'!B498 -> 3" PCCS-9N Switch Pack | C90: ='Master Price List'!C498 -> 40 | D90: =C90-(C90*$D$1) -> 38
A91: ='Master Price List'!A491 -> FP-WSPCCS9RW | B91: ='Master Price List'!B491 -> 2" PCCS-9RW 6-Button Switch Pack | C91: ='Master Price List'!C491 -> 40 | D91: =C91-(C91*$D$1) -> 38
A93: ='Master Price List'!$A$503 -> SOUND OFF LIGHT BARS/SIRENS
A94: ='Master Price List'!A507 -> FP-SOETSP990 | B94: ='Master Price List'!B507 -> 3" ETS-P990 Arrowstick | C94: ='Master Price List'!C507 -> 40 | D94: =C94-(C94*$D$1) -> 38
A96: ='Master Price List'!A509 -> TOMAR
A97: ='Master Price List'!A510 -> FP-TOMAR940(R) | B97: ='Master Price List'!B510 -> 4" 940 siren remote head | C97: ='Master Price List'!C510 -> 40 | D97: =C97-(C97*$D$1) -> 38
A99: ='Master Price List'!A512 -> CARSON
A100: ='Master Price List'!A513 -> FP-CARSC409 | B100: ='Master Price List'!B513 -> 4" SC-409 Commander siren remote head | C100: ='Master Price List'!C513 -> 40 | D100: =C100-(C100*$D$1) -> 38
A101: ='Master Price List'!A514 -> FP-CARSC411 | B101: ='Master Price List'!B514 -> 4" SC-411 Police/Fire siren remote head | C101: ='Master Price List'!C514 -> 40 | D101: =C101-(C101*$D$1) -> 38
A103: ='Master Price List'!A522 -> UNIDEN/BEARCAT
A104: ='Master Price List'!A524 -> FP-UBC350A | B104: ='Master Price List'!B524 -> 3" 350A scanner | C104: ='Master Price List'!C524 -> 40 | D104: =C104-(C104*$D$1) -> 38
A105: ='Master Price List'!A525 -> FP-BC350 | B105: ='Master Price List'!B525 -> 3" 350 scanner | C105: ='Master Price List'!C525 -> 40 | D105: =C105-(C105*$D$1) -> 38
A107: ='Master Price List'!A517 -> COBRA
A108: ='Master Price List'!A518 -> FP-C18WXST2 | B108: ='Master Price List'!B518 -> 3" Cobra 18 WXST2 scanner | C108: ='Master Price List'!C518 -> 40 | D108: =C108-(C108*$D$1) -> 38
A109: ='Master Price List'!A519 -> FP-COBRA25LTD | B109: ='Master Price List'!B519 -> 3" Cobra 25 LTD scanner | C109: ='Master Price List'!C519 -> 40 | D109: =C109-(C109*$D$1) -> 38
A110: ='Master Price List'!A520 -> FP-COBRA29LTD | B110: ='Master Price List'!B520 -> 3" Cobra 29 LTD scanner | C110: ='Master Price List'!C520 -> 40 | D110: =C110-(C110*$D$1) -> 38
A112: ='Master Price List'!$A$527 -> FACE PLATES FOR IN-CAR VIDEO RECORDERS/MOMITORS
A113: ='Master Price List'!A530 -> FP-L3FLASH3 | B113: ='Master Price List'!B530 -> 4" L-3 Flashback Model 3 | C113: ='Master Price List'!C530 -> 40 | D113: =C113-(C113*$D$1) -> 38
A114: ='Master Price List'!A531 -> FP-LB-FB2-MON | B114: ='Master Price List'!B531 -> 4" L-3 Flashback 2 Monitor | C114: ='Master Price List'!C531 -> 40 | D114: =C114-(C114*$D$1) -> 38
A115: ='Master Price List'!A534 -> FP-ICOP-20/20W | B115: ='Master Price List'!B534 -> ICOP 20/20W Video recorder | C115: ='Master Price List'!C534 -> 40 | D115: =C115-(C115*$D$1) -> 38
A116: ='Master Price List'!A529 -> FP-ARB360-ADP | B116: ='Master Price List'!B529 -> 3" Custom design for shallow consoles | C116: ='Master Price List'!C529 -> 40 | D116: =C116-(C116*$D$1) -> 38
A118: ='Master Price List'!A536 -> FACE PLATES FOR IN-CAR REPEATERS
A119: ='Master Price List'!A537 -> FP-PYRSVR200 | B119: ='Master Price List'!B537 -> Pyramid SVR-200 Repeater | C119: ='Master Price List'!C537 -> 45 | D119: =C119-(C119*$D$1) -> 42.75
A120: ='Master Price List'!A538 -> FP-PYRSVR250 | B120: ='Master Price List'!B538 -> Pyramid SVR-250 Repeater | C120: ='Master Price List'!C538 -> 45 | D120: =C120-(C120*$D$1) -> 42.75
A122: ='Master Price List'!A540 -> FACE PLATES FOR K-9 | B122: ='Master Price List'!B540 -> 0
A123: ='Master Price List'!A541 -> FP-RAK9TEMP | B123: ='Master Price List'!B541 -> 4" Ray Allen K-9 Temp read-out | C123: ='Master Price List'!C541 -> 55 | D123: =C123-(C123*$D$1) -> 52.25
A124: ='Master Price List'!A542 -> FP-ACE-K9 | B124: ='Master Price List'!B542 -> 4" Hot-n-Pop K-9 Temp sensor | C124: ='Master Price List'!C542 -> 47 | D124: =C124-(C124*$D$1) -> 44.65
A126: ='Master Price List'!$A$568 -> Blank Filler Plates
...

Sheet NEW 2020 Ford PI Utility
A1: TOC | B1: NEW! 2020 FORD PI UTILITY HYBRID AND NON-HYBRID PRICE LIST | D1: 0.05
A2: TROY PART # | B2: ITEM DESCRIPTION | C2: MSRP | D2: DISCOUNT %
A4: Console Floor Plates | B4: Always indicate year, make and model on your console purchase orders
A5: ='Master Price List'!A177 -> AC-20-FDUV-MNT | B5: 2020 PI Utility console mount (used with universal consoles). | C5: ='Master Price List'!C177 -> 140 | D5: =C5-(C5*$D$1) -> 133
A7: ='Master Price List'!$A$4 -> PI Utility Consoles - Vehicle-Specific; OEM mounting points must be used (Cannot be transferred to different vehicles)
A8: ='Master Price List'!A10 -> CC-UV20-L-18 | B8: 2020 PI Utility 18" L-Shape Console, 7" Slope, 11" Level (no floor plate needed, mounts directly to floor). | C8: ='Master Price List'!C10 -> 491 | D8: =C8-(C8*$D$1) -> 466.45
A9: ='Master Price List'!A11 -> CC-UV20-L-20 | B9: 2020 PI Utility 20" L-Shape Console, 7" Slope, 13" Level (no floor plate needed, mounts directly to floor). | C9: ='Master Price List'!C11 -> 510 | D9: =C9-(C9*$D$1) -> 484.5
A10: ='Master Price List'!A12 -> CC-20-UV10-L8 | B10: 2020 PI Utility 18" Sloped console, 10" slope, 8" level (no floor plate needed, mounts directly to floor) | C10: ='Master Price List'!C12 -> 491 | D10: =C10-(C10*$D$1) -> 466.45
A11: ='Master Price List'!A13 -> CC-20-UVLP-14 | B11: 2020 PI Utility 14" Low-profile Console, 8" Slope, 6" Level (no floor plate needed, mounts directly to floor). | C11: ='Master Price List'!C13 -> 430 | D11: =C11-(C11*$D$1) -> 408.5
A12: ='Master Price List'!A14 -> CC-20-UVLP-17 | B12: 2020 PI Utility 17" Low-profile Console, 8" Slope, 9" Level (no floor plate needed, mounts directly to floor). | C12: ='Master Price List'!C14 -> 446 | D12: =C12-(C12*$D$1) -> 423.7
A13: ='Master Price List'!A15 -> CC-20FDUV-22 | B13: 2020 PI Utility 22" Level Console. Pre-punched holes for U-mount (no floor plate needed, mounts directly to floor). | C13: ='Master Price List'!C15 -> 440 | D13: =C13-(C13*$D$1) -> 418
B14: *If needed, we will include AC-UV20-HC harness cover for the vehicle-specific consoles*
A16: ='Master Price List'!$A$17 -> PI Utility Consoles - Vehicle-Compatible (Can be transferred to different vehicles)
A17: ='Master Price List'!A107 -> CC-A-S12 | B17: ='Master Price List'!B107 -> Universal 12" 2-pc. ht. adj. sloped console; Flat deck (Top piece can be raised up to 3" higher) | C17: ='Master Price List'!C107 -> 443 | D17: =C17-(C17*$D$1) -> 420.85
A18: ='Master Price List'!A83 -> CC-UV-PCFX14 | B18: ='Master Price List'!B83 -> Universal 14" (3"/11" console w/computer deck; Fits one dash-mount radio. Low profile. | C18: ='Master Price List'!C83 -> 446 | D18: =C18-(C18*$D$1) -> 423.7
A19: ='Master Price List'!A85 -> CC-BPD-15 | B19: ='Master Price List'!B85 -> Universal 15" Low-profile L shaped console; 9" slope/6" level area; Computer deck | C19: ='Master Price List'!C85 -> 470 | D19: =C19-(C19*$D$1) -> 446.5
A20: ='Master Price List'!A103 -> CC-LASD-15 | B20: ='Master Price List'!B103 -> Universal 15" L-shaped console w/computer deck: 7" slope, 8" level. Rocker switch hole pre-punched on deck. | C20: ='Master Price List'!C103 -> 448 | D20: =C20-(C20*$D$1) -> 425.6
A22: Vehicle-Specific Overhead Consoles
A23: ='Master Price List'!$A$30 -> CC-UV20-OH | B23: 2020 PI UV Overhead 4"Console - Mounts siren control and radio remote head | C23: ='Master Price List'!$C$30 -> 320 | D23: =C23-(C23*$D$1) -> 304
A25: COMPUTER MOUNTS
A26: Passenger-Seat Computer Mounts (Passenger space is not compromised)
A28: ='Master Price List'!A604 -> CM-UV20-SA-LED | B28: 2020 PI Utility passenger seat mount w/swing arm dock. | C28: ='Master Price List'!C604 -> 467 | D28: =C28-(C28*$D$1) -> 443.65
A29: ='Master Price List'!A605 -> CM-UV20-SL-LED | B29: 2020 PI Utility passenger seat mount w/slide arm dock. | C29: ='Master Price List'!C605 -> 627 | D29: =C29-(C29*$D$1) -> 595.65
A30: ='Master Price List'!A606 -> CM-UV20-SA-LT17 | B30: 2020 PI Utility passenger seat mount w/swing arm and laptop tray | C30: ='Master Price List'!C606 -> 588 | D30: =C30-(C30*$D$1) -> 558.6
A31: ='Master Price List'!A607 -> CM-UV20-SL-LT17 | B31: 2020 PI Utility passenger seat mount w/slide arm and laptop tray | C31: ='Master Price List'!C607 -> 693 | D31: =C31-(C31*$D$1) -> 658.35
A33: Console-Side Computer Mounts
A34: ='Master Price List'!A681 -> CM-SDMT-SL-LED | B34: ='Master Price List'!B681 -> Console side ht. adj. mount w/slide arm for docking station | C34: ='Master Price List'!C681 -> 480 | D34: =C34-(C34*$D$1) -> 456
A35: ='Master Price List'!A682 -> CM-SDMT-SL-LT17 | B35: ='Master Price List'!B682 -> Console side ht. adj. mount w/slide arm for wide laptop tray | C35: ='Master Price List'!C682 -> 593 | D35: =C35-(C35*$D$1) -> 563.35
A37: U-Bracket Computer Mounts (Use on consoles with computer decks)
A38: ='Master Price List'!A701 -> CM-UMSH-SA-LED | B38: ='Master Price List'!B701 -> Short U bracket mnt w/swing arm for docking station | C38: ='Master Price List'!C701 -> 320 | D38: =C38-(C38*$D$1) -> 304
A39: ='Master Price List'!A703 -> CM-UMSH-SA-LT17 | B39: ='Master Price List'!B703 -> Short U bracket mnt w/swing arm for wide laptop tray | C39: ='Master Price List'!C703 -> 420 | D39: =C39-(C39*$D$1) -> 399
A40: ='Master Price List'!A705 -> CM-UMSH-SL-LED | B40: ='Master Price List'!B705 -> Short U bracket mnt w/slide arm for docking station | C40: ='Master Price List'!C705 -> 467 | D40: =C40-(C40*$D$1) -> 443.65
A41: ='Master Price List'!A707 -> CM-UMSH-SL-LT17 | B41: ='Master Price List'!B707 -> Short U bracket mnt w/slide arm and wide laptop tray | C41: ='Master Price List'!C707 -> 556 | D41: =C41-(C41*$D$1) -> 528.2
A43: Deluxe Universal Laptop Tray (Four-sided security)
A44: ='Master Price List'!A597 -> CM-LT-1600 | B44: Deluxe laptop tray for computer up to 15"W x 11.5H; 3 lbs lighter than CM-LT-1500, use w/computer mount assemblies ending in -LED | C44: ='Master Price List'!C597 -> 350 | D44: =C44-(C44*$D$1) -> 332.5
A46: Laptop Accessories
A47: ='Master Price List'!A599 -> AC-LT-SCR | B47: ='Master Price List'!B599 -> Laptop screen holder; compatible w/ TROY laptop trays | C47: ='Master Price List'!C599 -> 75 | D47: =C47-(C47*$D$1) -> 71.25
A48: ='Master Price List'!A600 -> AC-LT13-CLAMP | B48: ='Master Price List'!B600 -> Laptop tray finger clamp, vinyl cap | C48: ='Master Price List'!C600 -> 9 | D48: =C48-(C48*$D$1) -> 8.55
A50: Weapon Mounts (Locks sold separately)
A51: ='Master Price List'!A710 -> GM-SGL-MNT | B51: ='Master Price List'!B710 -> Single weapon mount with adjustability and no access to weapon lock wires. Weapon locks sold separately. | C51: ='Master Price List'!C710 -> 204 | D51: =C51-(C51*$D$1) -> 193.8
A52: ='Master Price List'!A711 -> GM-SGRF-MNT | B52: ='Master Price List'!B711 -> Dual weapon mount with adjustability and no access to weapon lock wires. Weapon locks sold separately. | C52: ='Master Price List'!C711 -> 288 | D52: =C52-(C52*$D$1) -> 273.6
A54: Weapon Lock Brackets (Patent-pending theft-deterrent designs)
A55: ='Master Price List'!A713 -> GM-B-SC1-BKT | B55: ='Master Price List'!B713 -> Bracket for shotgun lock (Santa Cruz, Overland, Big Sky) | C55: ='Master Price List'!C713 -> 80 | D55: =C55-(C55*$D$1) -> 76
A56: ='Master Price List'!A714 -> GM-B-SC1AR-BKT | B56: ='Master Price List'!B714 -> Bracket for AR gun lock (Santa Cruz, Overland, Big Sky) | C56: ='Master Price List'!C714 -> 90 | D56: =C56-(C56*$D$1) -> 85.5
A57: ='Master Price List'!A715 -> GM-B-SC5-BKT | B57: ='Master Price List'!B715 -> Bracket for universal gun lock (SC-5-XL, SC-6 by Santa Cruz) | C57: ='Master Price List'!C715 -> 80 | D57: =C57-(C57*$D$1) -> 76
A58: ='Master Price List'!A716 -> GM-B-OP-SC5-BKT | B58: ='Master Price List'!B716 -> Off-set bracket for universal hand-cuff style gun lock (Santa Cruz). More room for optics on rifle. | C58: ='Master Price List'!C716 -> 95 | D58: =C58-(C58*$D$1) -> 90.25
A60: Weapon Locks
A61: ='Master Price List'!A720 -> GL-SC1 | B61: ='Master Price List'!B720 -> Shotgun lock w/No. 2 key | C61: ='Master Price List'!C720 -> 136 | D61: =C61-(C61*$D$1) -> 129.2
A62: ='Master Price List'!A722 -> GL-SC1/AR | B62: ='Master Price List'!B722 -> AR15 weapon lock w/No. 2 key | C62: ='Master Price List'!C722 -> 172 | D62: =C62-(C62*$D$1) -> 163.4
B63: ='Master Price List'!B724 -> Above locks also can be ordered with barrel key
A64: ='Master Price List'!A725 -> GL-SC-6 | B64: ='Master Price List'!B725 -> Universal weapon lock | C64: ='Master Price List'!C725 -> 205 | D64: =C64-(C64*$D$1) -> 194.75
B65: ='Master Price List'!$B$727 -> Above lock can be ordered w/#2 key, #3 key, barrel key, public key or handcuff key lock (key not included)
A67: Santa Cruz Weapon Lock Accessories
A68: ='Master Price List'!A729 -> GL-SC1201 | B68: ='Master Price List'!B729 -> Insert for GL-SC1 weapon lock (for barrel) | C68: ='Master Price List'!C729 -> 16 | D68: =C68-(C68*$D$1) -> 15.2
A69: ='Master Price List'!A731 -> GL-SC6060 | B69: ='Master Price List'!B731 -> Insert for GL-SC6 weapon lock (for barrel or muzzle down) | C69: ='Master Price List'!C731 -> 42 | D69: =C69-(C69*$D$1) -> 39.9
A70: ='Master Price List'!A732 -> GL-SC7009A | B70: ='Master Price List'!B732 -> Weapon lock adjustable timer (7-40 seconds) | C70: ='Master Price List'!C732 -> 49 | D70: =C70-(C70*$D$1) -> 46.55
A72: Partitions: Universal Sedan Size; Standard Frame
B73: ='Master Price List'!B735 -> Sliding Window Models
A74: ='Master Price List'!A736 -> TP-E-SL1-US-SS | B74: ='Master Price List'!B736 -> US size, Recessed Panel; Sliding window; Vertical bar crawl-thru prevention bracket | C74: ='Master Price List'!C736 -> 875 | D74: =C74-(C74*$D$1) -> 831.25
A75: ='Master Price List'!A737 -> TP-E-SL6-US-SS | B75: ='Master Price List'!B737 -> US size, Recessed Panel; Sliding window; Square-hole punched crawl-thru prevention bracket | C75: ='Master Price List'!C737 -> 866 | D75: =C75-(C75*$D$1) -> 822.7
A76: ='Master Price List'!A738 -> TP-E-SL10-US-SS | B76: ='Master Price List'!B738 -> US size, Recessed Panel; Sliding window; Diamond-hole punched crawl-thru prevention bracket | C76: ='Master Price List'!C738 -> 866 | D76: =C76-(C76*$D$1) -> 822.7
B77: Non-Sliding Fixed Window Models
A78: ='Master Price List'!A740 -> TP-E-SL2-US-SS | B78: ='Master Price List'!B740 -> US size, Recessed Panel; Fixed window; all polycarbonate w/pre-punched ventilation holes | C78: ='Master Price List'!C740 -> 895 | D78: =C78-(C78*$D$1) -> 850.25
A79: ='Master Price List'!A741 -> TP-E-SL3-US-SS | B79: ='Master Price List'!B741 -> US size, Recessed Panel; Fixed window; 50% Polycarbonate/50% Square-hole punched | C79: ='Master Price List'!C741 -> 866 | D79: =C79-(C79*$D$1) -> 822.7
B81: Big-Boy Mounting Kit & Kick Panels for Standard Frame Partitions
A82: ='Master Price List'!A793 -> SAB-20-FDUV-BB | B82: 2020 PI Utility Big-Boy partition mounting kit. Extra seat-back recline. | C82: ='Master Price List'!C793 -> 311 | D82: =C82-(C82*$D$1) -> 295.45
A83: ='Master Price List'!A794 -> KP-UV20-DAP-SS | B83: 2020 PI Utility 3-pc. Kick panel w/foot pockets - Use with Big-Boy mount | C83: ='Master Price List'!C794 -> 187 | D83: =C83-(C83*$D$1) -> 177.65
A84: ='Master Price List'!A795 -> KP-UV20-DAP-SS-N | B84: 2020 PI Utility 3-pc. Kick panel w/foot pockets & motch to fit over wire harness cover. | C84: ='Master Price List'!C795 -> 187 | D84: =C84-(C84*$D$1) -> 177.65
B86: Standard Mounting Kit & Kick Panels for Standard Frame Partitions
A87: ='Master Price List'!A804 -> SAB-20-FDUV | B87: 2020 PI Utility partition mounting kit. 100% seat slide. | C87: ='Master Price List'!C804 -> 311 | D87: =C87-(C87*$D$1) -> 295.45
A88: ='Master Price List'!A805 -> KP-20-FDUV-SS | B88: 2020 PI Utility 3 pc. Kick panel w/foot pockets. | C88: ='Master Price List'!C805 -> 187 | D88: =C88-(C88*$D$1) -> 177.65
A90: Partitions: Universal Sedan Size; Bent-Frame Space-Maker
A91: ='Master Price List'!A756 -> TP-E-SM1-US-SS | B91: ='Master Price List'!B756 -> US size Bent Frame Spacemaker; Sliding window; Vertical bar bracket | C91: ='Master Price List'!C756 -> 997 | D91: =C91-(C91*$D$1) -> 947.15
A92: ='Master Price List'!A757 -> TP-E-SM6-US-SS | B92: ='Master Price List'!B757 -> US size Bent Frame Spacemaker; Sliding window; Square hole punched bracket | C92: ='Master Price List'!C757 -> 997 | D92: =C92-(C92*$D$1) -> 947.15
B94: Bent-Frame Mounting Kit & Kick Panels (Strongest Airbag Compliant Mount)
A95: ='Master Price List'!A797 -> SAB-20-UV-BF | B95: 2020 PI Utility bent-frame partition mounting kit | C95: ='Master Price List'!C797 -> 325 | D95: =C95-(C95*$D$1) -> 308.75
A96: ='Master Price List'!A798 -> KP-20-BFUV-SS | B96: 2020 PI Utility bent-frame 3 pc. Kick panel | C96: ='Master Price List'!C798 -> 197 | D96: =C96-(C96*$D$1) -> 187.15
A98: ='Master Price List'!A847 -> Partition Kits; Include US Partition, Partition Mounting Kit and 3 pc. Kick Panel
A99: ='Master Price List'!A848 -> KIT-TP-SL6U-BB-SS | B99: ='Master Price List'!B848 -> 2020 PI Utility US Partition Kit (TP-E-SL6-US-SS, SAB-20-FDUV-BB, KP-UV20-DAP-SS) | C99: ='Master Price List'!C848 -> 1053 | D99: =C99-(C99*$D$1) -> 1000.35
A100: ='Master Price List'!A849 -> KIT-TP-SL1U-BB-SS | B100: ='Master Price List'!B849 -> 2020 PI Utility US Partition Kit (TP-E-SL1-US-SS, SAB-20-FDUV-BB, KP-UV20-DAP-SS) | C100: ='Master Price List'!C849 -> 1062 | D100: =C100-(C100*$D$1) -> 1008.9
A102: ='Master Price List'!A851 -> Partition Kits; Include Bent-Frame Partition, Partition Mounting Kit and 3 pc. Kick Panel
A103: ='Master Price List'!A852 -> KIT-TP-SM6U-BB-SS | B103: ='Master Price List'!B852 -> 2020 PI Utility US Partition Kit (TP-E-SM6-US-SS, SAB-20-UV-BF, KP-20-BFUV-SS) | C103: ='Master Price List'!C852 -> 1194 | D103: =C103-(C103*$D$1) -> 1134.3
A104: ='Master Price List'!A853 -> KIT-TP-SM1U-BB-SS | B104: ='Master Price List'!B853 -> 2021 PI Utility US Partition Kit (TP-E-SM1-US-SS, SAB-20-UV-BF, KP-20-BFUV-SS) | C104: ='Master Price List'!C853 -> 1194 | D104: =C104-(C104*$D$1) -> 1134.3
A106: Window Guards (Diamond-Hole Punched, Welded Bar, Polycarbonate Designs)
A107: Diamond-Hole Punched Window Screens
A108: ='Master Price List'!A909 -> AC-20-UV-SET | B108: 2020 PI Utility driver/passenger side set of diamond-punched window screens | C108: ='Master Price List'!C909 -> 210 | D108: =C108-(C108*$D$1) -> 199.5
A110: Welded Bar Designs
A111: ='Master Price List'!A929 -> WG-20-FDUV-SET | B111: 2020 PI Utility driver/passenger side window guards, welded bars, vertical design. | C111: ='Master Price List'!C929 -> 280 | D111: =C111-(C111*$D$1) -> 266
A112: ='Master Price List'!A938 -> WG-UV20-225-SET | B112: 2020 PI Utility window guard; 2.25" spaced vertical welded bars; driver and passenger side | C112: ='Master Price List'!C938 -> 320 | D112: =C112-(C112*$D$1) -> 304
A113: ='Master Price List'!A936 -> WG-20-FDUV-H-SET | B113: 2020 PI Utility window guard; Horizontal welded bars design | C113: ='Master Price List'!C936 -> 298 | D113: =C113-(C113*$D$1) -> 283.1
A114: ='Master Price List'!A937 -> WG-UV20-POLY-SET | B114: 2020 PI Utility driver and passenger side polycarbonate window guards | C114: ='Master Price List'!C937 -> 350 | D114: =C114-(C114*$D$1) -> 332.5
A116: Door Panels (All steel, flat and smooth panel design)
A117: ='Master Price List'!A1067 -> DP-UV20-SET | B117: 2020 PI Utility driver and passenger side door panel (SET) | C117: ='Master Price List'!C1067 -> 285 | D117: =C117-(C117*$D$1) -> 270.75
A119: Rear Partitions (Square-Hole Punched, Polycarbonate Window Models)
A120: ='Master Price List'!A1095 -> TP-20-FDUV-R | B120: 2020 PI Utility rear partition, square-hole window, square-hole side panels. | C120: ='Master Price List'!C1095 -> 540 | D120: =C120-(C120*$D$1) -> 513
A121: ='Master Price List'!A1096 -> TP-20-FDUV-RL | B121: 2020 PI Utility rear partition w/polycarbonate window, square-hole side panels. | C121: ='Master Price List'!C1096 -> 615 | D121: =C121-(C121*$D$1) -> 584.25
A123: Rear Partitions with Fire Extinguisher/AED Compartment(s)
A124: ='Master Price List'!A1101 -> TP-20-FDUV-FX | B124: 2020 PI Utility rear partition, square-hole window, driver-side fire ext. compartment | C124: ='Master Price List'!C1101 -> 590 | D124: =C124-(C124*$D$1) -> 560.5
A125: ='Master Price List'!A1102 -> TP-20-FDUV-FX2 | B125: 2020 PI Utility rear partition, square-hole window, driver/pass. side fire ext. compartments | C125: ='Master Price List'!C1102 -> 640 | D125: =C125-(C125*$D$1) -> 608
A126: ='Master Price List'!A1103 -> TP-20-FDUV-RL-FX | B126: 2020 PI Utility rear partition, all-poly window/driver-side fire ext. compartment | C126: ='Master Price List'!C1103 -> 715 | D126: =C126-(C126*$D$1) -> 679.25
...

Sheet Ford PI Utility
A1: TOC | B1: 2013 - 2019 FORD UTILITY PRICE LIST | D1: 0.05
A2: TROY PART # | B2: ITEM DESCRIPTION | C2: MSRP | D2: DISCOUNT %
A4: Console Floor Plates | B4: Always indicate year, make and model on your console purchase orders
A5: ='Master Price List'!A178 -> AC-FDUV-MNT | B5: ='Master Price List'!B178 -> 2013-19 Ford UV standard floor plate. Replaces OEM floor plate. | C5: ='Master Price List'!C178 -> 131 | D5: =C5-(C5*$D$1) -> 124.45
A6: ='Master Price List'!A179 -> AC-FDUVMNT-25 | B6: ='Master Price List'!B179 -> 2013-19 Ford UV floor plate; 5" shorter than standard model to accommodate weapons | C6: ='Master Price List'!C179 -> 131 | D6: =C6-(C6*$D$1) -> 124.45
A7: ='Master Price List'!A180 -> AC-FDUV-30-HC | B7: ='Master Price List'!B180 -> 2013-19 Ford UV floor mount; 30" long. Added hole to work with optional wire harness cover. | C7: ='Master Price List'!C180 -> 152 | D7: =C7-(C7*$D$1) -> 144.4
A9: ='Master Price List'!$A$4 -> PI Utility Consoles - Vehicle-Specific; OEM mounting points must be used (Cannot be transferred to different vehicles)
A10: ='Master Price List'!A7 -> CC-UV-S10-L8 | B10: ='Master Price List'!B7 -> 2013-19 UV-specific 18" L-shape console; 10" slope/ 8" level; Mix long and short components | C10: ='Master Price List'!C7 -> 450 | D10: =C10-(C10*$D$1) -> 427.5
A11: ='Master Price List'!A5 -> CC-UV-L-18 | B11: ='Master Price List'!B5 -> 2013-19 UV-specific 18" L-shape console; 12" slope/ 6" level; Mix long and short components | C11: ='Master Price List'!C5 -> 472 | D11: =C11-(C11*$D$1) -> 448.4
A12: ='Master Price List'!A6 -> CC-UV-L-20 | B12: ='Master Price List'!B6 -> 2013-19 UV-specific 20" L-shape console; 12" slope/ 8" level; Mix long and short components | C12: ='Master Price List'!C6 -> 493 | D12: =C12-(C12*$D$1) -> 468.35
A13: ='Master Price List'!A8 -> CC-UV-10-11 | B13: ='Master Price List'!B8 -> 2013-19 UV-specific 21" L-shaped console; 10" slope/11" level; Mix of long and short components | C13: ='Master Price List'!C8 -> 519 | D13: =C13-(C13*$D$1) -> 493.05
A15: ='Master Price List'!$A$17 -> PI Utility Consoles - Vehicle-Compatible (Can be transferred to different vehicles)
A16: ='Master Price List'!A19 -> CC-FDUV-14-HC | B16: ='Master Price List'!B19 -> 2013-19 UV compatible 14" console : 7" slope/7" level. Flat deck features computer wire hole. Low profile. | C16: ='Master Price List'!C19 -> 420 | D16: =C16-(C16*$D$1) -> 399
A17: ='Master Price List'!A18 -> CC-UV-PCFX14 | B17: ='Master Price List'!B18 -> 2013-19 UV-compatible 14" (3"/11" console w/computer deck; Fits one dash-mount radio. Low profile. | C17: ='Master Price List'!C18 -> 446 | D17: =C17-(C17*$D$1) -> 423.7
A18: ='Master Price List'!A22 -> CC-C08 | B18: ='Master Price List'!B22 -> 2013-19 UV compatible 18" console. Use remote head equipment for best fit. | C18: ='Master Price List'!C22 -> 481 | D18: =C18-(C18*$D$1) -> 456.95
A20: Vehicle-Specific Overhead Consoles
A21: ='Master Price List'!A28 -> CC-OH-UV-CPD7 | B21: ='Master Price List'!B28 -> 2013-19 PI UV/Taurus Overhead 7" Console. Re-locate UV hatch release button. | C21: ='Master Price List'!C28 -> 300 | D21: =C21-(C21*$D$1) -> 285
A23: COMPUTER MOUNTS
A24: Passenger-Seat Computer Mounts (Passenger space is not compromised)
A25: ='Master Price List'!A614 -> CM-PSUV-SL-LED | B25: ='Master Price List'!B614 -> 2013-19 PI Utility passenger seat mnt w/slide arm and pivot mount for docking station | C25: ='Master Price List'!C614 -> 577 | D25: =C25-(C25*$D$1) -> 548.15
A26: ='Master Price List'!A615 -> CM-PSUV-SL-LT17 | B26: ='Master Price List'!B615 -> 2013-19 PI Utility passenger seat mnt w/slide arm and wide laptop tray | C26: ='Master Price List'!C615 -> 693 | D26: =C26-(C26*$D$1) -> 658.35
A28: Console-Side Computer Mounts
A29: ='Master Price List'!A681 -> CM-SDMT-SL-LED | B29: ='Master Price List'!B681 -> Console side ht. adj. mount w/slide arm for docking station | C29: ='Master Price List'!C681 -> 480 | D29: =C29-(C29*$D$1) -> 456
A30: ='Master Price List'!A682 -> CM-SDMT-SL-LT17 | B30: ='Master Price List'!B682 -> Console side ht. adj. mount w/slide arm for wide laptop tray | C30: ='Master Price List'!C682 -> 593 | D30: =C30-(C30*$D$1) -> 563.35
A32: U-Bracket Computer Mounts (Use on consoles with computer decks)
A33: ='Master Price List'!A701 -> CM-UMSH-SA-LED | B33: ='Master Price List'!B701 -> Short U bracket mnt w/swing arm for docking station | C33: ='Master Price List'!C701 -> 320 | D33: =C33-(C33*$D$1) -> 304
A34: ='Master Price List'!A703 -> CM-UMSH-SA-LT17 | B34: ='Master Price List'!B703 -> Short U bracket mnt w/swing arm for wide laptop tray | C34: ='Master Price List'!C703 -> 420 | D34: =C34-(C34*$D$1) -> 399
A35: ='Master Price List'!A705 -> CM-UMSH-SL-LED | B35: ='Master Price List'!B705 -> Short U bracket mnt w/slide arm for docking station | C35: ='Master Price List'!C705 -> 467 | D35: =C35-(C35*$D$1) -> 443.65
A36: ='Master Price List'!A707 -> CM-UMSH-SL-LT17 | B36: ='Master Price List'!B707 -> Short U bracket mnt w/slide arm and wide laptop tray | C36: ='Master Price List'!C707 -> 556 | D36: =C36-(C36*$D$1) -> 528.2
A38: Deluxe Universal Laptop Tray (Four-sided security)
A39: ='Master Price List'!A596 -> CM-LT-1500 | B39: ='Master Price List'!B596 -> Deluxe laptop tray for computer up to 15"W x 11.5H; use w/computer mount assemblies ending in -LED | C39: ='Master Price List'!C596 -> 420 | D39: =C39-(C39*$D$1) -> 399
A41: Laptop Accessories
A42: ='Master Price List'!A599 -> AC-LT-SCR | B42: ='Master Price List'!B599 -> Laptop screen holder; compatible w/ TROY laptop trays | C42: ='Master Price List'!C599 -> 75 | D42: =C42-(C42*$D$1) -> 71.25
A43: ='Master Price List'!A600 -> AC-LT13-CLAMP | B43: ='Master Price List'!B600 -> Laptop tray finger clamp, vinyl cap | C43: ='Master Price List'!C600 -> 9 | D43: =C43-(C43*$D$1) -> 8.55
A45: Weapon Mounts (Locks sold separately)
A46: ='Master Price List'!A710 -> GM-SGL-MNT | B46: ='Master Price List'!B710 -> Single weapon mount with adjustability and no access to weapon lock wires. Weapon locks sold separately. | C46: ='Master Price List'!C710 -> 204 | D46: =C46-(C46*$D$1) -> 193.8
A47: ='Master Price List'!A711 -> GM-SGRF-MNT | B47: ='Master Price List'!B711 -> Dual weapon mount with adjustability and no access to weapon lock wires. Weapon locks sold separately. | C47: ='Master Price List'!C711 -> 288 | D47: =C47-(C47*$D$1) -> 273.6
A49: Weapon Lock Brackets (Patent-pending theft-deterrent designs)
A50: ='Master Price List'!A713 -> GM-B-SC1-BKT | B50: ='Master Price List'!B713 -> Bracket for shotgun lock (Santa Cruz, Overland, Big Sky) | C50: ='Master Price List'!C713 -> 80 | D50: =C50-(C50*$D$1) -> 76
A51: ='Master Price List'!A714 -> GM-B-SC1AR-BKT | B51: ='Master Price List'!B714 -> Bracket for AR gun lock (Santa Cruz, Overland, Big Sky) | C51: ='Master Price List'!C714 -> 90 | D51: =C51-(C51*$D$1) -> 85.5
A52: ='Master Price List'!A715 -> GM-B-SC5-BKT | B52: ='Master Price List'!B715 -> Bracket for universal gun lock (SC-5-XL, SC-6 by Santa Cruz) | C52: ='Master Price List'!C715 -> 80 | D52: =C52-(C52*$D$1) -> 76
A53: ='Master Price List'!A716 -> GM-B-OP-SC5-BKT | B53: ='Master Price List'!B716 -> Off-set bracket for universal hand-cuff style gun lock (Santa Cruz). More room for optics on rifle. | C53: ='Master Price List'!C716 -> 95 | D53: =C53-(C53*$D$1) -> 90.25
A55: Weapon Locks
A56: ='Master Price List'!A720 -> GL-SC1 | B56: ='Master Price List'!B720 -> Shotgun lock w/No. 2 key | C56: ='Master Price List'!C720 -> 136 | D56: =C56-(C56*$D$1) -> 129.2
A57: ='Master Price List'!A722 -> GL-SC1/AR | B57: ='Master Price List'!B722 -> AR15 weapon lock w/No. 2 key | C57: ='Master Price List'!C722 -> 172 | D57: =C57-(C57*$D$1) -> 163.4
B58: ='Master Price List'!B724 -> Above locks also can be ordered with barrel key
A59: ='Master Price List'!A725 -> GL-SC-6 | B59: ='Master Price List'!B725 -> Universal weapon lock | C59: ='Master Price List'!C725 -> 205 | D59: =C59-(C59*$D$1) -> 194.75
B60: ='Master Price List'!$B$727 -> Above lock can be ordered w/#2 key, #3 key, barrel key, public key or handcuff key lock (key not included)
A62: Santa Cruz Weapon Lock Accessories
A63: ='Master Price List'!A729 -> GL-SC1201 | B63: ='Master Price List'!B729 -> Insert for GL-SC1 weapon lock (for barrel) | C63: ='Master Price List'!C729 -> 16 | D63: =C63-(C63*$D$1) -> 15.2
A64: ='Master Price List'!A731 -> GL-SC6060 | B64: ='Master Price List'!B731 -> Insert for GL-SC6 weapon lock (for barrel or muzzle down) | C64: ='Master Price List'!C731 -> 42 | D64: =C64-(C64*$D$1) -> 39.9
A65: ='Master Price List'!A732 -> GL-SC7009A | B65: ='Master Price List'!B732 -> Weapon lock adjustable timer (7-40 seconds) | C65: ='Master Price List'!C732 -> 49 | D65: =C65-(C65*$D$1) -> 46.55
A67: Partitions: Universal Sedan Size; Standard Frame
B68: ='Master Price List'!B735 -> Sliding Window Models
A69: ='Master Price List'!A736 -> TP-E-SL1-US-SS | B69: ='Master Price List'!B736 -> US size, Recessed Panel; Sliding window; Vertical bar crawl-thru prevention bracket | C69: ='Master Price List'!C736 -> 875 | D69: =C69-(C69*$D$1) -> 831.25
A70: ='Master Price List'!A737 -> TP-E-SL6-US-SS | B70: ='Master Price List'!B737 -> US size, Recessed Panel; Sliding window; Square-hole punched crawl-thru prevention bracket | C70: ='Master Price List'!C737 -> 866 | D70: =C70-(C70*$D$1) -> 822.7
B72: Big-Boy Mounting Kit & Kick Panels for Standard Frame Partitions
A73: ='Master Price List'!A807 -> SAB-FDUV-BB | B73: ='Master Price List'!B807 -> 2013-19 PI Utility 'Big-Boy' partition mounting kit. Extra seat-back recline. 100% seat slide. | C73: ='Master Price List'!C807 -> 288 | D73: =C73-(C73*$D$1) -> 273.6
A74: ='Master Price List'!A808 -> KP-UV-DAP-SS | B74: ='Master Price List'!B808 -> 2013-19 PI Utility 3-pc. kick panel assembly w/foot pockets. Use with 2-SAB-FDUV-BB mount. | C74: ='Master Price List'!C808 -> 173 | D74: =C74-(C74*$D$1) -> 164.35
A75: ='Master Price List'!A809 -> KP-UV-DAP-SS-N | B75: ='Master Price List'!B809 -> 2013-19 PI Utility 3-pc. kick panel w/foot pockets & notch for harness cover. Use 2-SAB-FDUV-BB mount. | C75: ='Master Price List'!C809 -> 173 | D75: =C75-(C75*$D$1) -> 164.35
B77: Standard Mounting Kit & Kick Panels for Standard Frame Partitions
A78: ='Master Price List'!A817 -> 2-SAB-FDUV | B78: ='Master Price List'!B817 -> 2013-19 PI Utility standard partition mounting kit. Less seat-back recline. 100% seat slide. | C78: ='Master Price List'!C817 -> 288 | D78: =C78-(C78*$D$1) -> 273.6
A79: ='Master Price List'!A818 -> KP-FDUV-SS | B79: ='Master Price List'!B818 -> 2013-19 PI Utility 3-Pc. kick panel assembly w/foot pockets | C79: ='Master Price List'!C818 -> 173 | D79: =C79-(C79*$D$1) -> 164.35
A80: ='Master Price List'!A819 -> KP-FDUVBF-SS-N | B80: ='Master Price List'!B819 -> 2013-19 PI Utility 3-Pc. Kick panel assembly w/foot pockets & notch to fit over Crown wire harness cover. | C80: ='Master Price List'!C819 -> 194 | D80: =C80-(C80*$D$1) -> 184.3
A82: Partitions: Universal Sedan Size; Straight-Frame Space-Maker
A83: ='Master Price List'!A752 -> TP-E-SF1-US-SS | B83: ='Master Price List'!B752 -> US size Recessed Panel; Straight-Frame Space-Maker; Sliding Window; Vertical Bar Bracket | C83: ='Master Price List'!C752 -> 935 | D83: =C83-(C83*$D$1) -> 888.25
A84: ='Master Price List'!A753 -> TP-E-SF6-US-SS | B84: ='Master Price List'!B753 -> US size Recessed Panel; Straight-Frame Space-Maker; Sliding Window; Square hole punched bracket | C84: ='Master Price List'!C753 -> 935 | D84: =C84-(C84*$D$1) -> 888.25
B86: Big-Boy Mounting Kit & Kick Panels for Straight-Frame Space-Maker (Strongest Airbag Compliant Mount)
A87: ='Master Price List'!A807 -> SAB-FDUV-BB | B87: ='Master Price List'!B807 -> 2013-19 PI Utility 'Big-Boy' partition mounting kit. Extra seat-back recline. 100% seat slide. | C87: ='Master Price List'!C807 -> 288 | D87: =C87-(C87*$D$1) -> 273.6
A88: ='Master Price List'!A814 -> KP-SM-UV-SS | B88: ='Master Price List'!B814 -> 2013-19 PI Utility 3-pc. Straight-frame Space Maker kick panel w/DS foot pocket. Use 2-SAB-FDUV-BB mount. | C88: ='Master Price List'!C814 -> 194 | D88: =C88-(C88*$D$1) -> 184.3
A90: Partitions: Universal Sedan Size; Bent-Frame Space-Maker
A91: ='Master Price List'!A756 -> TP-E-SM1-US-SS | B91: ='Master Price List'!B756 -> US size Bent Frame Spacemaker; Sliding window; Vertical bar bracket | C91: ='Master Price List'!C756 -> 997 | D91: =C91-(C91*$D$1) -> 947.15
A92: ='Master Price List'!A757 -> TP-E-SM6-US-SS | B92: ='Master Price List'!B757 -> US size Bent Frame Spacemaker; Sliding window; Square hole punched bracket | C92: ='Master Price List'!C757 -> 997 | D92: =C92-(C92*$D$1) -> 947.15
B94: Mounting Kit & Kick Panels for Bent-Frame Space-Maker (Strongest Airbag Compliant Mount)
A95: ='Master Price List'!A830 -> 2-SAB-FDUV-SM | B95: ='Master Price List'!B830 -> 2013-17 PI Utility Bent-Frame Space Maker partition mounting kit. Passenger side seat slide reduced by 4." | C95: ='Master Price List'!C830 -> 341 | D95: =C95-(C95*$D$1) -> 323.95
A96: ='Master Price List'!A831 -> KP-SMUV-SS-BF | B96: ='Master Price List'!B831 -> 2013-17 PI Utility 3-Pc. Bent-Frame Space Maker kick panels w/foot pockets. Use with 2-SAB-FDUV-SM mount. | C96: ='Master Price List'!C831 -> 194 | D96: =C96-(C96*$D$1) -> 184.3
A97: ='Master Price List'!A832 -> KP-SMUV-SS-BF-N | B97: ='Master Price List'!B832 -> 3-Pc. Bent-Frame Space Maker kick panels w/foot pockets & harness notch. Use with 2-SAB-FDUV-SM mount. | C97: ='Master Price List'!C832 -> 194 | D97: =C97-(C97*$D$1) -> 184.3
A99: Window Guards (Diamond or Square-Hole Punched, Welded Bar, Polycarbonate Designs)
A100: Diamond-Punched and Square-Hole Punched Window Screens
A101: ='Master Price List'!A912 -> AC-FDUV-SET | B101: ='Master Price List'!B912 -> 2013-19 PI Utility driver/passenger side set of diamond-punched window screens | C101: ='Master Price List'!C912 -> 210 | D101: =C101-(C101*$D$1) -> 199.5
A102: ='Master Price List'!A1027 -> AC-UV-R-SET | B102: ='Master Price List'!B1027 -> 2013-19 PI Utility driver/passenger set of cargo window screens; Square-hole punched | C102: ='Master Price List'!C1027 -> 189 | D102: =C102-(C102*$D$1) -> 179.55
A104: Welded Bar Designs
A105: ='Master Price List'!A932 -> WG-FDUV-SET | B105: ='Master Price List'!B932 -> 2013-19 PI Utility driver and passenger side window guards, welded bars, vertical design | C105: ='Master Price List'!C932 -> 278 | D105: =C105-(C105*$D$1) -> 264.1
A106: ='Master Price List'!A941 -> WG-UV-225-SET | B106: ='Master Price List'!B941 -> 2013-19 PI Utility window guard; 2.25" spaced vertical welded bars; driver and passenger side | C106: ='Master Price List'!C941 -> 304 | D106: =C106-(C106*$D$1) -> 288.8
A108: Polycarbonate Designs
A109: ='Master Price List'!A954 -> WG-UV-POLY-SET | B109: ='Master Price List'!B954 -> 2013-19 PI Utility driver and passenger side polycarbonate window guards | C109: ='Master Price List'!C954 -> 325 | D109: =C109-(C109*$D$1) -> 308.75
A111: Door Panels (All steel, flat and smooth panel design)
A112: ='Master Price List'!A1070 -> DP-FDUV-SET | B112: ='Master Price List'!B1070 -> 2013-19 PI Utility driver and passenger side door panel set | C112: ='Master Price List'!C1070 -> 273 | D112: =C112-(C112*$D$1) -> 259.35
A114: Rear Partitions (Square-Hole Punched, Polycarbonate Window Models)
A115: ='Master Price List'!A1097 -> TP-FDUV-R | B115: ='Master Price List'!B1097 -> 2013-19 PI Utility rear partition, square-hole window, square-hole side panels | C115: ='Master Price List'!C1097 -> 525 | D115: =C115-(C115*$D$1) -> 498.75
A116: ='Master Price List'!A1098 -> TP-FDUV-RL | B116: ='Master Price List'!B1098 -> 2013-19 PI Utility rear partition, polycarbonate window, square-hole side walls | C116: ='Master Price List'!C1098 -> 600 | D116: =C116-(C116*$D$1) -> 570
A118: Rear Partitions with Fire Extinguisher/AED Compartment(s)
A119: ='Master Price List'!A1104 -> TP-FDUV-LA | B119: ='Master Price List'!B1104 -> 2013-19 PI Utility rear partition, square-hole window, driver-side fire ext. compartment | C119: ='Master Price List'!C1104 -> 577 | D119: =C119-(C119*$D$1) -> 548.15
A120: ='Master Price List'!A1105 -> TP-FDUV-RL-LA | B120: ='Master Price List'!B1105 -> 2013-19 PI Utility rear partition, all-poly window/driver-side fire ext. compartment | C120: ='Master Price List'!C1105 -> 650 | D120: =C120-(C120*$D$1) -> 617.5
A121: ='Master Price List'!A1106 -> TP-FDUV-R-FX2 | B121: ='Master Price List'!B1106 -> 2013-19 PI Utility rear partition, square-hole window, driver/pass. side fire ext. compartments | C121: ='Master Price List'!C1106 -> 725 | D121: =C121-(C121*$D$1) -> 688.75
A122: ='Master Price List'!A1107 -> TP-FDUV-RL-FX2 | B122: ='Master Price List'!B1107 -> 2013-19 PI Utility rear partition, polycarbonate window, driver/pass.-side fire ext. compartments | C122: ='Master Price List'!C1107 -> 787 | D122: =C122-(C122*$D$1) -> 747.65
A124: Rear Partitions to mate to Laguna Plastic Seat Installations Only (Laguna Seats sold separately)
A125: ='Master Price List'!A1110 -> TP-FDUV-R-LG | B125: ='Master Price List'!B1110 -> 2013-19 PI Utility rear partition, square-hole window, sq. hole side walls. Use only with Laguna plastic seat. | C125: ='Master Price List'!C1110 -> 577 | D125: =C125-(C125*$D$1) -> 548.15
A126: ='Master Price List'!A1111 -> TP-FDUV-RL-LG | B126: ='Master Price List'!B1111 -> 2013-19 PI Utility rear partition with poly Window, sq.-hole sides. Use only with Laguna plastic seat. | C126: ='Master Price List'!C1111 -> 698 | D126: =C126-(C126*$D$1) -> 663.1
A127: Rear Partitions with ABS Plastic Seat (PTS Plastic Seats)
...

Sheet Ford Expedition
A1: TOC | B1: 2018-2019 FORD EXPEDITION PRICE LIST | D1: 0.05
A2: TROY PART # | B2: ITEM DESCRIPTION | C2: MSRP | D2: DISCOUNT %
A4: Console Floor Plates | B4: Always indicate year, make and model on your console purchase orders
A5: ='Master Price List'!A182 -> AC-F150-15-MNT | B5: ='Master Price List'!B182 -> 2015-19/F-150/2017 F250-550/ *2018 Expedition floor plate; For bucket seat trucks or factory console removed | C5: ='Master Price List'!C182 -> 173 | D5: =C5-(C5*$D$1) -> 164.35
A7: SUV Expedition Standard-Width Consoles (Can be transferred to other vehicles)
A8: ='Master Price List'!A144 -> CC-MC-14 | B8: ='Master Price List'!B144 -> MC 14" L-shape console: 7" slope/ 7" level | C8: ='Master Price List'!C144 -> 448 | D8: =C8-(C8*$D$1) -> 425.6
A9: ='Master Price List'!A145 -> CC-MC-16 | B9: ='Master Price List'!B145 -> MC 16" L-shape console: 7" slope/ 9" level | C9: ='Master Price List'!C145 -> 470 | D9: =C9-(C9*$D$1) -> 446.5
A10: ='Master Price List'!A146 -> CC-MC-18 | B10: ='Master Price List'!B146 -> MC 18" L-shape console; 7" slope/ 11" level | C10: ='Master Price List'!C146 -> 479 | D10: =C10-(C10*$D$1) -> 455.05
A11: ='Master Price List'!A147 -> CC-MC-22 | B11: ='Master Price List'!B147 -> MC 22" L-shape console; 7" slope/ 15" level | C11: ='Master Price List'!C147 -> 519 | D11: =C11-(C11*$D$1) -> 493.05
A13: ='Master Price List'!A121 -> Universal Wide-Body Consoles for Large SUVs/Trucks
A14: ='Master Price List'!A122 -> CC-HDWB-20 | B14: ='Master Price List'!B122 -> Universal SUV/truck 20" wide-body console; 8" slope/ 12" level. No open storage. Face plates centered. | C14: ='Master Price List'!C122 -> 643 | D14: =C14-(C14*$D$1) -> 610.85
A15: ='Master Price List'!A123 -> CC-HDWB-25 | B15: ='Master Price List'!B123 -> Universal SUV/truck 25" wide-body console; 8" slope/ 17" level. No open storage. Face plates centered. | C15: ='Master Price List'!C123 -> 665 | D15: =C15-(C15*$D$1) -> 631.75
A17: SUV Expedition Wide-Body Consoles (Can be transferred to other trucks)
A18: ='Master Price List'!A127 -> CC-WBOS-16 | B18: ='Master Price List'!B127 -> Universal SUV/truck 16" Wide-body open-storage console; 8" slope 8" level | C18: ='Master Price List'!C127 -> 648 | D18: =C18-(C18*$D$1) -> 615.6
A19: ='Master Price List'!A128 -> CC-WBOS-20 | B19: ='Master Price List'!B128 -> Universal SUV/truck 20" Wide-body open-storage console; 8" slope/ 12" level | C19: ='Master Price List'!C128 -> 665 | D19: =C19-(C19*$D$1) -> 631.75
A20: ='Master Price List'!A129 -> CC-WBOS-25 | B20: ='Master Price List'!B129 -> Universal SUV/truck 25" Wide-body open-storage console; 8" slope/ 17" level | C20: ='Master Price List'!C129 -> 686 | D20: =C20-(C20*$D$1) -> 651.7
A21: Note: CC-WBOS-16 is recommended size if also you want to install aa file box, especially AC-FHDFB, a large-size file box w/pad
A22: to mate the wide-bolde consoles.
A24: ='Master Price List'!A39 -> 2018 Expedition Over-head Consoles, Vehicle-Specific (Cannot be transferred to other vehicles)
A25: ='Master Price List'!A40 -> CC-OH-EXP18-7 | B25: ='Master Price List'!B40 -> 2018-19 Expedition 7” overhead console. Face plates* included in console price. | C25: ='Master Price List'!C40 -> 288 | D25: =C25-(C25*$D$1) -> 273.6
A27: Popular Internal Console Accessories
A28: ='Master Price List'!A220 -> AC-INBHG | B28: ='Master Price List'!B220 -> 4" internal dual beverage holder. Remove top and use it as 4" open storage compartment. | C28: ='Master Price List'!C220 -> 52 | D28: =C28-(C28*$D$1) -> 49.4
A29: ='Master Price List'!A227 -> AC-TICK-2 | B29: ='Master Price List'!B227 -> 3" face plate shallow tray; For items such as keys, wallet, sunglasses, etc. 2" H | C29: ='Master Price List'!C227 -> 42 | D29: =C29-(C29*$D$1) -> 39.9
A30: ='Master Price List'!A228 -> FP-SGTRAY | B30: ='Master Price List'!B228 -> 4" face plate shallow tray w/sloped floor; Store cell phone, keys, wallet, sunglasses, etc. 1.75" H | C30: ='Master Price List'!C228 -> 40 | D30: =C30-(C30*$D$1) -> 38
A31: ='Master Price List'!A232 -> AC-GUNBOX-6 | B31: ='Master Price List'!B232 -> 6" internal lidded lock storage box | C31: ='Master Price List'!C232 -> 141 | D31: =C31-(C31*$D$1) -> 133.95
A32: ='Master Price List'!A233 -> AC-GUNBOX-6-LP | B32: ='Master Price List'!B233 -> 6" internal lidded locking low-profile internal storage box (may not accommodate handgun) 3.6" H | C32: ='Master Price List'!C233 -> 141 | D32: =C32-(C32*$D$1) -> 133.95
A34: Electronics Face Plates
A35: ='Master Price List'!A339 -> FP-EXP18-USB-DC | B35: ='Master Price List'!B339 -> 2" face plate to re-locate OEM USB and DC outlets to console | C35: ='Master Price List'!C339 -> 30 | D35: =C35-(C35*$D$1) -> 28.5
A36: ='Master Price List'!A340 -> FP-USB-2DC | B36: ='Master Price List'!B340 -> 2" face plate pre-punched w/ holes for (2) DC outlets & (1) dual-port USB module | C36: ='Master Price List'!C340 -> 68 | D36: =C36-(C36*$D$1) -> 64.6
A37: ='Master Price List'!A344 -> FP-AP12-3 | B37: ='Master Price List'!B344 -> 2" face plate w/ (3) DC outlet holes | C37: ='Master Price List'!C344 -> 25 | D37: =C37-(C37*$D$1) -> 23.75
A38: ='Master Price List'!A338 -> L3-AP1SET | B38: ='Master Price List'!B338 -> 12 Volt DC power outlet plug w/black captured cap | C38: ='Master Price List'!C338 -> 12 | D38: =C38-(C38*$D$1) -> 11.4
A40: Mic Clip Choices
A41: ='Master Price List'!A325 -> AC-MCM1 | B41: ='Master Price List'!B325 -> Dog-ear type microphone clip plate and clip assembly, no-holes-drilled design | C41: ='Master Price List'!C325 -> 15 | D41: =C41-(C41*$D$1) -> 14.25
A42: ='Master Price List'!A331 -> AC-MAG-MIC | B42: ='Master Price List'!B331 -> Magnetic Mic | C42: ='Master Price List'!C331 -> 55 | D42: =C42-(C42*$D$1) -> 52.25
A43: ='Master Price List'!A327 -> AC-MIC-Z-FPI | B43: ='Master Price List'!B327 -> Height adjustable, no-holes-drilled L-slot microphone clip plate assembly | C43: ='Master Price List'!C327 -> 26 | D43: =C43-(C43*$D$1) -> 24.7
A45: File/Map Boxes
A46: ='Master Price List'!A275 -> AC-FHDFB | B46: ='Master Price List'!B275 -> Long external map book lidded storage box; 13.25" W x 13.8" L x 11" H. Includes leather pad AC-FHDPAD. | C46: ='Master Price List'!C275 -> 350 | D46: =C46-(C46*$D$1) -> 332.5
A47: ='Master Price List'!A263 -> AC-MAPFILE | B47: ='Master Price List'!B263 -> External lidded box for map books. 10.8" W x 13.25" L x 10.6" H. Non-locking. | C47: ='Master Price List'!C263 -> 325 | D47: =C47-(C47*$D$1) -> 308.75
A48: ='Master Price List'!A254 -> AC-FILEBOX | B48: ='Master Price List'!B254 -> External lidded box for letter size Pendaflex hanging folders. 8.86" W x 13.25" L x 10.8" H | C48: ='Master Price List'!C254 -> 288 | D48: =C48-(C48*$D$1) -> 273.6
A50: COMPUTER MOUNTS -- ONE HANDE OPERATION, OFFICER-COMFORTABLE. SHIP FULLY ASSEMBLED
A51: Passenger-Seat Computer Mounts (Passenger space is not compromised)
A52: ='Master Price List'!A622 -> CM-XP18-SL-LED | B52: ='Master Price List'!B622 -> 2018-19 Passenger seat bracket mount with slide arm for docking station | C52: ='Master Price List'!C622 -> 605 | D52: =C52-(C52*$D$1) -> 574.75
A53: ='Master Price List'!A623 -> CM-XP18-SL-LT17 | B53: ='Master Price List'!B623 -> 2018-19 Passenger seat bracket mount with slide arm and wide laptop tray | C53: ='Master Price List'!C623 -> 695 | D53: =C53-(C53*$D$1) -> 660.25
A55: Console-Side Computer Mounts
A56: ='Master Price List'!A681 -> CM-SDMT-SL-LED | B56: ='Master Price List'!B681 -> Console side ht. adj. mount w/slide arm for docking station | C56: ='Master Price List'!C681 -> 480 | D56: =C56-(C56*$D$1) -> 456
A57: ='Master Price List'!A682 -> CM-SDMT-SL-LT17 | B57: ='Master Price List'!B682 -> Console side ht. adj. mount w/slide arm for wide laptop tray | C57: ='Master Price List'!C682 -> 593 | D57: =C57-(C57*$D$1) -> 563.35
A59: Deluxe Universal Laptop Tray (Four-sided security)
A60: ='Master Price List'!A596 -> CM-LT-1500 | B60: ='Master Price List'!B596 -> Deluxe laptop tray for computer up to 15"W x 11.5H; use w/computer mount assemblies ending in -LED | C60: ='Master Price List'!C596 -> 420 | D60: =C60-(C60*$D$1) -> 399
A62: FULL-SIZE STANDARD DESIGN PARTITIONS: Full Size (58.25"); For large SUVs and trucks only)- Recessed Panels (-SS)
B63: ='Master Price List'!B735 -> Sliding Window Models
A64: ='Master Price List'!A762 -> TP-E-SL1-FS-SS | B64: ='Master Price List'!B762 -> Full size Recessed Panel; Sliding window; Vertical bar | C64: ='Master Price List'!C762 -> 875 | D64: =C64-(C64*$D$1) -> 831.25
A65: ='Master Price List'!A763 -> TP-E-SL6-FS-SS | B65: ='Master Price List'!B763 -> Full size Recessed Panel; Sliding window; Square hole punched | C65: ='Master Price List'!C763 -> 866 | D65: =C65-(C65*$D$1) -> 822.7
B67: Standard Mounting Kit & Kick Panels for Standard Frame Partitions
A68: ='Master Price List'!A840 -> 2-SAB-EXP18 | B68: ='Master Price List'!B840 -> 2018-19 Expedition 100% seat slide, extra seat-back recline, no holes-drilled design | C68: ='Master Price List'!C840 -> 350 | D68: =C68-(C68*$D$1) -> 332.5
B69: Kick Panels
A70: ='Master Price List'!A841 -> KP-F150-15-SS | B70: ='Master Price List'!B841 -> 3-Pc. kick panel assembly. No foot pockets. | C70: ='Master Price List'!C841 -> 165 | D70: =C70-(C70*$D$1) -> 156.75
A72: Window Guards (Diamond or Square-Hole Punched, Welded Bar, Polycarbonate Designs)
A73: ='Master Price List'!A922 -> AC-EXP18-SET | B73: ='Master Price List'!B922 -> 2018 Expedition driver/passenger side diamond-punch window guards | C73: ='Master Price List'!C922 -> 220 | D73: =C73-(C73*$D$1) -> 209
A74: ='Master Price List'!A923 -> AC-EXP18-R-SET | B74: ='Master Price List'!B923 -> 2018 Expedition driver/passenger side cargo area diamond-punch window guards | C74: ='Master Price List'!C923 -> 250 | D74: =C74-(C74*$D$1) -> 237.5
A76: Welded Bar Designs
A77: ='Master Price List'!A947 -> WG-EXP18-SET | B77: ='Master Price List'!B947 -> 2018-19 Expedition driver and passeger side vertical bar window guards | C77: ='Master Price List'!C947 -> 285 | D77: =C77-(C77*$D$1) -> 270.75
A79: Door Panels (All steel, flat and smooth panel design)
A80: ='Master Price List'!A1066 -> DP-EXP18-SET | B80: ='Master Price List'!B1066 -> 2018-19 Expedition driver and passenger side steel door panel set | C80: ='Master Price List'!C1066 -> 295 | D80: =C80-(C80*$D$1) -> 280.25
A82: Weapon Mounts (Locks sold separately)
A83: ='Master Price List'!A710 -> GM-SGL-MNT | B83: ='Master Price List'!B710 -> Single weapon mount with adjustability and no access to weapon lock wires. Weapon locks sold separately. | C83: ='Master Price List'!C710 -> 204 | D83: =C83-(C83*$D$1) -> 193.8
A84: ='Master Price List'!A711 -> GM-SGRF-MNT | B84: ='Master Price List'!B711 -> Dual weapon mount with adjustability and no access to weapon lock wires. Weapon locks sold separately. | C84: ='Master Price List'!C711 -> 288 | D84: =C84-(C84*$D$1) -> 273.6
A86: Weapon Lock Brackets (Patent-pending theft-deterrent designs)
A87: ='Master Price List'!A713 -> GM-B-SC1-BKT | B87: ='Master Price List'!B713 -> Bracket for shotgun lock (Santa Cruz, Overland, Big Sky) | C87: ='Master Price List'!C713 -> 80 | D87: =C87-(C87*$D$1) -> 76
A88: ='Master Price List'!A714 -> GM-B-SC1AR-BKT | B88: ='Master Price List'!B714 -> Bracket for AR gun lock (Santa Cruz, Overland, Big Sky) | C88: ='Master Price List'!C714 -> 90 | D88: =C88-(C88*$D$1) -> 85.5
A89: ='Master Price List'!A715 -> GM-B-SC5-BKT | B89: ='Master Price List'!B715 -> Bracket for universal gun lock (SC-5-XL, SC-6 by Santa Cruz) | C89: ='Master Price List'!C715 -> 80 | D89: =C89-(C89*$D$1) -> 76
A90: ='Master Price List'!A716 -> GM-B-OP-SC5-BKT | B90: ='Master Price List'!B716 -> Off-set bracket for universal hand-cuff style gun lock (Santa Cruz). More room for optics on rifle. | C90: ='Master Price List'!C716 -> 95 | D90: =C90-(C90*$D$1) -> 90.25
A92: Santa Cruz Weapon Locks
A93: ='Master Price List'!A720 -> GL-SC1 | B93: ='Master Price List'!B720 -> Shotgun lock w/No. 2 key | C93: ='Master Price List'!C720 -> 136 | D93: =C93-(C93*$D$1) -> 129.2
A94: ='Master Price List'!A722 -> GL-SC1/AR | B94: ='Master Price List'!B722 -> AR15 weapon lock w/No. 2 key | C94: ='Master Price List'!C722 -> 172 | D94: =C94-(C94*$D$1) -> 163.4
B95: ='Master Price List'!B724 -> Above locks also can be ordered with barrel key
A96: ='Master Price List'!A725 -> GL-SC-6 | B96: ='Master Price List'!B725 -> Universal weapon lock | C96: ='Master Price List'!C725 -> 205 | D96: =C96-(C96*$D$1) -> 194.75
B97: ='Master Price List'!$B$727 -> Above lock can be ordered w/#2 key, #3 key, barrel key, public key or handcuff key lock (key not included)
A99: Santa Cruz Weapon Lock Accessories
A100: ='Master Price List'!A729 -> GL-SC1201 | B100: ='Master Price List'!B729 -> Insert for GL-SC1 weapon lock (for barrel) | C100: ='Master Price List'!C729 -> 16 | D100: =C100-(C100*$D$1) -> 15.2
A101: ='Master Price List'!A731 -> GL-SC6060 | B101: ='Master Price List'!B731 -> Insert for GL-SC6 weapon lock (for barrel or muzzle down) | C101: ='Master Price List'!C731 -> 42 | D101: =C101-(C101*$D$1) -> 39.9
A103: ='Master Price List'!A1113 -> EXPEDITION CARGO (REAR) PARTITIONS (MOUNT INCLUDED IN PART NUMBER AND PRICE)
B104: ='Master Price List'!B1114 -> Expedition - Airbag-Tested, three-sided cargo cage design
A105: ='Master Price List'!A1115 -> TP-EXP18-R | B105: ='Master Price List'!B1115 -> 2018 Expedition rear partition three-sided design | C105: ='Master Price List'!C1115 -> 650 | D105: =C105-(C105*$D$1) -> 617.5
A106: ='Master Price List'!A1116 -> TP-EXP18-RL | B106: ='Master Price List'!B1116 -> 2018 Expedition rear partition with all-polycarbonate window, square-hole side walls | C106: ='Master Price List'!C1116 -> 725 | D106: =C106-(C106*$D$1) -> 688.75
A107: ='Master Price List'!A1117 -> TP-EXP18-FX | B107: ='Master Price List'!B1117 -> 2018 Expedition rear partition, squar-hole window, driver-side fire ext. compartments | C107: ='Master Price List'!C1117 -> 700 | D107: =C107-(C107*$D$1) -> 665
A109: Hatch Window Guards (With rear cage, offers four-sided cargo security)
A110: ='Master Price List'!A1035 -> AC-EXP18-HATCH | B110: ='Master Price List'!B1035 -> 2018-19 Expedition hatch window screen; Square-hole punched | C110: ='Master Price List'!C1035 -> 175 | D110: =C110-(C110*$D$1) -> 166.25
A112: Cargo Mount
A113: ='Master Price List'!A1415 -> AC-CP-EXP18-MNT | B113: ='Master Price List'!B1415 -> 2018-19 Expedition cargo mount, 5-piece system. *Does not allow access to spare tire. | C113: ='Master Price List'!C1415 -> 450 | D113: =C113-(C113*$D$1) -> 427.5
A114: ='Master Price List'!A1416 -> AC-CP-EXP18-MAX-MNT | B114: ='Master Price List'!B1416 -> 2018-19 Expedition cargo mount, 5-piece system. | C114: ='Master Price List'!C1416 -> 450 | D114: ='Master Price List'!D1416 -> 427.5
A116: Storage/Weapon Vaults (Width x Depth x Height)
A117: ='Master Price List'!A1296 -> CP-GUNBOX-10 | B117: ='Master Price List'!B1296 -> 48.5" W x 22.75" L x 10" H w/2 DL locking handles. | C117: ='Master Price List'!C1296 -> 1342 | D117: =C117-(C117*$D$1) -> 1274.9
A118: ='Master Price List'!A1303 -> CP-483512-PB | B118: ='Master Price List'!B1303 -> 48" W x 35" L x 12" H w/PB lock, 2 DL locking handles. Carpet top. | C118: ='Master Price List'!C1303 -> 2100 | D118: =C118-(C118*$D$1) -> 1995
A119: ='Master Price List'!A1305 -> CP-GB484012-PB | B119: ='Master Price List'!B1305 -> 48" W x 40" L x 12" H w/PB lock, 2 DL locking handles. Carpet top. | C119: ='Master Price List'!C1305 -> 2450 | D119: =C119-(C119*$D$1) -> 2327.5
B120: Two-Drawer (Side by Side)
A121: ='Master Price List'!A1317 -> CP-2DRAWER | B121: ='Master Price List'!B1317 -> 48.5" W x 22" L x 11" H w/ T-handle lock; 2 drawers side by side | C121: ='Master Price List'!C1317 -> 2216 | D121: =C121-(C121*$D$1) -> 2105.2
A122: ='Master Price List'!A1318 -> CP-2DRAWER-PBK | B122: ='Master Price List'!B1318 -> 48.5" W x 22" L x 11" H w/ push button lock w/ key override; 2 drawers side by side | C122: ='Master Price List'!C1318 -> 3033 | D122: =C122-(C122*$D$1) -> 2881.35
A124: Command Posts
B125: ='Master Price List'!B1363 -> Full-Size Command Posts (Tahoe, Suburban, Expedition, Trucks)
A126: ='Master Price List'!A1364 -> CP-2SU95 | B126: ='Master Price List'!B1364 -> 48.5" W x 22" L x 18" H; 3-drawer module (2 storage drawers, 1 file drawer, 10" FP mounting area). FPs incl. | C126: ='Master Price List'!C1364 -> 6708 | D126: =C126-(C126*$D$1) -> 6372.6
...

Sheet Ford F150
A1: TOC | B1: 2015 - 2020 FORD F150 PRICE LIST | D1: 0.05
A2: TROY PART # | B2: ITEM DESCRIPTION | C2: MSRP | D2: DISCOUNT %
A4: Console Floor Plates | B4: Always indicate year, make and model on your console purchase orders
A5: ='Master Price List'!A181 -> AC-F150-15 | B5: ='Master Price List'!B181 -> 2015-19 Ford F-150/2017 F-250-550; For applications where center seat is removed | C5: ='Master Price List'!C181 -> 162 | D5: =C5-(C5*$D$1) -> 153.9
A6: ='Master Price List'!A182 -> AC-F150-15-MNT | B6: ='Master Price List'!B182 -> 2015-19/F-150/2017 F250-550/ *2018 Expedition floor plate; For bucket seat trucks or factory console removed | C6: ='Master Price List'!C182 -> 173 | D6: =C6-(C6*$D$1) -> 164.35
A8: Standard-Width Consoles (Can be transferred to other vehicles)
A9: ='Master Price List'!A144 -> CC-MC-14 | B9: ='Master Price List'!B144 -> MC 14" L-shape console: 7" slope/ 7" level | C9: ='Master Price List'!C144 -> 448 | D9: =C9-(C9*$D$1) -> 425.6
A10: ='Master Price List'!A146 -> CC-MC-18 | B10: ='Master Price List'!B146 -> MC 18" L-shape console; 7" slope/ 11" level | C10: ='Master Price List'!C146 -> 479 | D10: =C10-(C10*$D$1) -> 455.05
A11: ='Master Price List'!A148 -> CC-MC-25 | B11: ='Master Price List'!B148 -> MC 25" L-shape console; 7" slope/ 18" level | C11: ='Master Price List'!C148 -> 540 | D11: =C11-(C11*$D$1) -> 513
A12: ='Master Price List'!A82 -> CC-PCFX14 | B12: ='Master Price List'!B82 -> Universal 14" low-profile console; 3" slope/ 11" level; Computer deck; Will fit one long radio. | C12: ='Master Price List'!C82 -> 470 | D12: =C12-(C12*$D$1) -> 446.5
A14: Wide-Body Consoles (Can be transferred to other trucks)
A15: ='Master Price List'!A127 -> CC-WBOS-16 | B15: ='Master Price List'!B127 -> Universal SUV/truck 16" Wide-body open-storage console; 8" slope 8" level | C15: ='Master Price List'!C127 -> 648 | D15: =C15-(C15*$D$1) -> 615.6
A16: ='Master Price List'!A128 -> CC-WBOS-20 | B16: ='Master Price List'!B128 -> Universal SUV/truck 20" Wide-body open-storage console; 8" slope/ 12" level | C16: ='Master Price List'!C128 -> 665 | D16: =C16-(C16*$D$1) -> 631.75
A17: ='Master Price List'!A129 -> CC-WBOS-25 | B17: ='Master Price List'!B129 -> Universal SUV/truck 25" Wide-body open-storage console; 8" slope/ 17" level | C17: ='Master Price List'!C129 -> 686 | D17: =C17-(C17*$D$1) -> 651.7
A19: COMPUTER MOUNTS
A20: Passenger-Seat Computer Mounts (Passenger space is not compromised)
A21: ='Master Price List'!A630 -> CM-F15-SL-LED | B21: ='Master Price List'!B630 -> 2015-19 F-150 & 2017 F-250 Ht. adjustable seat mnt w/slide arm & docking station mount | C21: ='Master Price List'!C630 -> 595 | D21: =C21-(C21*$D$1) -> 565.25
A22: ='Master Price List'!A629 -> CM-F15-SL-LT17 | B22: ='Master Price List'!B629 -> 2015-19 F-150 & 2017 F-250 Ht. adjustable seat mnt w/slide arm & wide laptop tray | C22: ='Master Price List'!C629 -> 695 | D22: =C22-(C22*$D$1) -> 660.25
A24: Console-Side Computer Mounts
A25: ='Master Price List'!A681 -> CM-SDMT-SL-LED | B25: ='Master Price List'!B681 -> Console side ht. adj. mount w/slide arm for docking station | C25: ='Master Price List'!C681 -> 480 | D25: =C25-(C25*$D$1) -> 456
A26: ='Master Price List'!A682 -> CM-SDMT-SL-LT17 | B26: ='Master Price List'!B682 -> Console side ht. adj. mount w/slide arm for wide laptop tray | C26: ='Master Price List'!C682 -> 593 | D26: =C26-(C26*$D$1) -> 563.35
A28: U-Bracket Computer Mounts (Use on consoles with computer decks)
A29: ='Master Price List'!A691 -> CM-UMNT-SA-LED | B29: ='Master Price List'!B691 -> U bracket mnt w/swing arm for docking station | C29: ='Master Price List'!C691 -> 320 | D29: =C29-(C29*$D$1) -> 304
A30: ='Master Price List'!A693 -> CM-UMNT-SA-LT17 | B30: ='Master Price List'!B693 -> U bracket mnt w/swing arm for wide laptop tray | C30: ='Master Price List'!C693 -> 420 | D30: =C30-(C30*$D$1) -> 399
A31: ='Master Price List'!A705 -> CM-UMSH-SL-LED | B31: ='Master Price List'!B705 -> Short U bracket mnt w/slide arm for docking station | C31: ='Master Price List'!C705 -> 467 | D31: =C31-(C31*$D$1) -> 443.65
A32: ='Master Price List'!A707 -> CM-UMSH-SL-LT17 | B32: ='Master Price List'!B707 -> Short U bracket mnt w/slide arm and wide laptop tray | C32: ='Master Price List'!C707 -> 556 | D32: =C32-(C32*$D$1) -> 528.2
A34: Deluxe Universal Laptop Tray (Four-sided security)
A35: ='Master Price List'!A596 -> CM-LT-1500 | B35: ='Master Price List'!B596 -> Deluxe laptop tray for computer up to 15"W x 11.5H; use w/computer mount assemblies ending in -LED | C35: ='Master Price List'!C596 -> 420 | D35: =C35-(C35*$D$1) -> 399
A36: ='Master Price List'!A597 -> CM-LT-1600 | B36: ='Master Price List'!B597 -> New! Deluxe laptop tray for computer up to 15"W x 11.5H; 3 lbs lighter than CM-LT-1500, use w/computer mount assemblies ending in -LED | C36: ='Master Price List'!C597 -> 350 | D36: =C36-(C36*$D$1) -> 332.5
A38: Laptop Accessories
A39: ='Master Price List'!A599 -> AC-LT-SCR | B39: ='Master Price List'!B599 -> Laptop screen holder; compatible w/ TROY laptop trays | C39: ='Master Price List'!C599 -> 75 | D39: =C39-(C39*$D$1) -> 71.25
A40: ='Master Price List'!A600 -> AC-LT13-CLAMP | B40: ='Master Price List'!B600 -> Laptop tray finger clamp, vinyl cap | C40: ='Master Price List'!C600 -> 9 | D40: =C40-(C40*$D$1) -> 8.55
A42: Weapon Mounts (Locks sold separately)
A43: ='Master Price List'!A710 -> GM-SGL-MNT | B43: ='Master Price List'!B710 -> Single weapon mount with adjustability and no access to weapon lock wires. Weapon locks sold separately. | C43: ='Master Price List'!C710 -> 204 | D43: =C43-(C43*$D$1) -> 193.8
A44: ='Master Price List'!A711 -> GM-SGRF-MNT | B44: ='Master Price List'!B711 -> Dual weapon mount with adjustability and no access to weapon lock wires. Weapon locks sold separately. | C44: ='Master Price List'!C711 -> 288 | D44: =C44-(C44*$D$1) -> 273.6
A46: Weapon Lock Brackets (Patent-pending theft-deterrent designs)
A47: ='Master Price List'!A713 -> GM-B-SC1-BKT | B47: ='Master Price List'!B713 -> Bracket for shotgun lock (Santa Cruz, Overland, Big Sky) | C47: ='Master Price List'!C713 -> 80 | D47: =C47-(C47*$D$1) -> 76
A48: ='Master Price List'!A714 -> GM-B-SC1AR-BKT | B48: ='Master Price List'!B714 -> Bracket for AR gun lock (Santa Cruz, Overland, Big Sky) | C48: ='Master Price List'!C714 -> 90 | D48: =C48-(C48*$D$1) -> 85.5
A49: ='Master Price List'!A715 -> GM-B-SC5-BKT | B49: ='Master Price List'!B715 -> Bracket for universal gun lock (SC-5-XL, SC-6 by Santa Cruz) | C49: ='Master Price List'!C715 -> 80 | D49: =C49-(C49*$D$1) -> 76
A50: ='Master Price List'!A716 -> GM-B-OP-SC5-BKT | B50: ='Master Price List'!B716 -> Off-set bracket for universal hand-cuff style gun lock (Santa Cruz). More room for optics on rifle. | C50: ='Master Price List'!C716 -> 95 | D50: =C50-(C50*$D$1) -> 90.25
A52: Santa Cruz Weapon Locks
A53: ='Master Price List'!A720 -> GL-SC1 | B53: ='Master Price List'!B720 -> Shotgun lock w/No. 2 key | C53: ='Master Price List'!C720 -> 136 | D53: =C53-(C53*$D$1) -> 129.2
A54: ='Master Price List'!A722 -> GL-SC1/AR | B54: ='Master Price List'!B722 -> AR15 weapon lock w/No. 2 key | C54: ='Master Price List'!C722 -> 172 | D54: =C54-(C54*$D$1) -> 163.4
B55: ='Master Price List'!B724 -> Above locks also can be ordered with barrel key
A56: ='Master Price List'!A725 -> GL-SC-6 | B56: ='Master Price List'!B725 -> Universal weapon lock | C56: ='Master Price List'!C725 -> 205 | D56: =C56-(C56*$D$1) -> 194.75
B57: ='Master Price List'!$B$727 -> Above lock can be ordered w/#2 key, #3 key, barrel key, public key or handcuff key lock (key not included)
A59: Santa Cruz Weapon Lock Accessories
A60: ='Master Price List'!A729 -> GL-SC1201 | B60: ='Master Price List'!B729 -> Insert for GL-SC1 weapon lock (for barrel) | C60: ='Master Price List'!C729 -> 16 | D60: =C60-(C60*$D$1) -> 15.2
A61: ='Master Price List'!A731 -> GL-SC6060 | B61: ='Master Price List'!B731 -> Insert for GL-SC6 weapon lock (for barrel or muzzle down) | C61: ='Master Price List'!C731 -> 42 | D61: =C61-(C61*$D$1) -> 39.9
A62: ='Master Price List'!A732 -> GL-SC7009A | B62: ='Master Price List'!B732 -> Weapon lock adjustable timer (7-40 seconds) | C62: ='Master Price List'!C732 -> 49 | D62: =C62-(C62*$D$1) -> 46.55
A64: Partitions: Full Size; Standard Frame
B65: ='Master Price List'!B735 -> Sliding Window Models
A66: ='Master Price List'!A762 -> TP-E-SL1-FS-SS | B66: ='Master Price List'!B762 -> Full size Recessed Panel; Sliding window; Vertical bar | C66: ='Master Price List'!C762 -> 875 | D66: =C66-(C66*$D$1) -> 831.25
A67: ='Master Price List'!A763 -> TP-E-SL6-FS-SS | B67: ='Master Price List'!B763 -> Full size Recessed Panel; Sliding window; Square hole punched | C67: ='Master Price List'!C763 -> 866 | D67: =C67-(C67*$D$1) -> 822.7
B68: Standard Mounting Kit & Kick Panels for Standard Frame Partitions
A69: ='Master Price List'!A844 -> 2-SAB-F150-15 | B69: ='Master Price List'!B844 -> 2015-17 F-150 truck standard partition mounting kit, no-holes-drilled design | C69: ='Master Price List'!C844 -> 288 | D69: =C69-(C69*$D$1) -> 273.6
A70: ='Master Price List'!A845 -> KP-F150-15-SS | B70: ='Master Price List'!B845 -> 2015-17 F-150 3-Pc. kick panel assembly. No foot pockets. | C70: ='Master Price List'!C845 -> 165 | D70: =C70-(C70*$D$1) -> 156.75
A72: Window Guards (Diamond or Welded Bar Designs)
A73: Diamond-Punched
A74: ='Master Price List'!A920 -> AC-F150-15-SET | B74: ='Master Price List'!B920 -> 2015-19 F-150, 2016-19 F-250-550 driver/passenger side set of diamond-punched window screens | C74: ='Master Price List'!C920 -> 210 | D74: =C74-(C74*$D$1) -> 199.5
B76: Truck Cab Rear Window Screen
A77: ='Master Price List'!A1018 -> AC-F150-15-RWS | B77: ='Master Price List'!B1018 -> 2015-19 F-150 / 2017-19 F-250-550 truck cab window screen; Diamond-punched. | C77: ='Master Price List'!C1018 -> 183 | D77: =C77-(C77*$D$1) -> 173.85
A79: Welded Bar Designs
A80: ='Master Price List'!A945 -> WG-F150-15-SET | B80: ='Master Price List'!B945 -> 2015-19 F-150, 2017-19 F250-550 driver and passenger side window guards, welded bars, vertical design | C80: ='Master Price List'!C945 -> 278 | D80: =C80-(C80*$D$1) -> 264.1
A82: Door Panels (All steel, flat and smooth panel design)
A83: ='Master Price List'!A1073 -> DP-F150-15-SET | B83: ='Master Price List'!B1073 -> 2015-19 F-150 driver and passenger side door panel set | C83: ='Master Price List'!C1073 -> 262 | D83: =C83-(C83*$D$1) -> 248.9
A85: Misc Products
A86: ='Master Price List'!A1232 -> CP-T-US-D-BOX | B86: ='Master Price List'!B1232 -> Ford F-150/ *2019 Chevy Silverado under-seat lidded gunbox | C86: ='Master Price List'!C1232 -> 950 | D86: ='Master Price List'!D1232 -> 902.5

Sheet Ford F250
A1: TOC | B1: 2017 - 2019 FORD F250 PRICE LIST | D1: 0.05
A2: TROY PART # | B2: ITEM DESCRIPTION | C2: MSRP | D2: DISCOUNT %
A4: Console Floor Plates | B4: Always indicate year, make and model on your console purchase orders
A5: ='Master Price List'!A181 -> AC-F150-15 | B5: ='Master Price List'!B181 -> 2015-19 Ford F-150/2017 F-250-550; For applications where center seat is removed | C5: ='Master Price List'!C181 -> 162 | D5: =C5-(C5*$D$1) -> 153.9
A6: ='Master Price List'!A182 -> AC-F150-15-MNT | B6: ='Master Price List'!B182 -> 2015-19/F-150/2017 F250-550/ *2018 Expedition floor plate; For bucket seat trucks or factory console removed | C6: ='Master Price List'!C182 -> 173 | D6: =C6-(C6*$D$1) -> 164.35
A8: Standard-Width Consoles (Can be tranferred to other vehicles)
A9: ='Master Price List'!A144 -> CC-MC-14 | B9: ='Master Price List'!B144 -> MC 14" L-shape console: 7" slope/ 7" level | C9: ='Master Price List'!C144 -> 448 | D9: =C9-(C9*$D$1) -> 425.6
A10: ='Master Price List'!A145 -> CC-MC-16 | B10: ='Master Price List'!B145 -> MC 16" L-shape console: 7" slope/ 9" level | C10: ='Master Price List'!C145 -> 470 | D10: =C10-(C10*$D$1) -> 446.5
A11: ='Master Price List'!A146 -> CC-MC-18 | B11: ='Master Price List'!B146 -> MC 18" L-shape console; 7" slope/ 11" level | C11: ='Master Price List'!C146 -> 479 | D11: =C11-(C11*$D$1) -> 455.05
A12: ='Master Price List'!A147 -> CC-MC-22 | B12: ='Master Price List'!B147 -> MC 22" L-shape console; 7" slope/ 15" level | C12: ='Master Price List'!C147 -> 519 | D12: =C12-(C12*$D$1) -> 493.05
A13: ='Master Price List'!A148 -> CC-MC-25 | B13: ='Master Price List'!B148 -> MC 25" L-shape console; 7" slope/ 18" level | C13: ='Master Price List'!C148 -> 540 | D13: =C13-(C13*$D$1) -> 513
A14: ='Master Price List'!A149 -> CC-MC-30 | B14: ='Master Price List'!B149 -> MC 30" L-shape console; 7" slope/ 23" level. Too long for vehicles with front partition/weapon mount. | C14: ='Master Price List'!C149 -> 567 | D14: =C14-(C14*$D$1) -> 538.65
A15: ='Master Price List'!A82 -> CC-PCFX14 | B15: ='Master Price List'!B82 -> Universal 14" low-profile console; 3" slope/ 11" level; Computer deck; Will fit one long radio. | C15: ='Master Price List'!C82 -> 470 | D15: =C15-(C15*$D$1) -> 446.5
A16: ='Master Price List'!A107 -> CC-A-S12 | B16: ='Master Price List'!B107 -> Universal 12" 2-pc. ht. adj. sloped console; Flat deck (Top piece can be raised up to 3" higher) | C16: ='Master Price List'!C107 -> 443 | D16: =C16-(C16*$D$1) -> 420.85
A17: ='Master Price List'!A103 -> CC-LASD-15 | B17: ='Master Price List'!B103 -> Universal 15" L-shaped console w/computer deck: 7" slope, 8" level. Rocker switch hole pre-punched on deck. | C17: ='Master Price List'!C103 -> 448 | D17: =C17-(C17*$D$1) -> 425.6
A19: Wide-Body Consoles (Can be tranferred to other trucks)
A20: ='Master Price List'!A127 -> CC-WBOS-16 | B20: ='Master Price List'!B127 -> Universal SUV/truck 16" Wide-body open-storage console; 8" slope 8" level | C20: ='Master Price List'!C127 -> 648 | D20: =C20-(C20*$D$1) -> 615.6
A21: ='Master Price List'!A128 -> CC-WBOS-20 | B21: ='Master Price List'!B128 -> Universal SUV/truck 20" Wide-body open-storage console; 8" slope/ 12" level | C21: ='Master Price List'!C128 -> 665 | D21: =C21-(C21*$D$1) -> 631.75
A22: ='Master Price List'!A129 -> CC-WBOS-25 | B22: ='Master Price List'!B129 -> Universal SUV/truck 25" Wide-body open-storage console; 8" slope/ 17" level | C22: ='Master Price List'!C129 -> 686 | D22: =C22-(C22*$D$1) -> 651.7
A23: ='Master Price List'!A130 -> CC-WBOS-25-LP | B23: ='Master Price List'!B130 -> Universal SUV/truck 25" Low profile wide-body open-storage console; 8" slope/ 17" level. 2" shorter in ht. | C23: ='Master Price List'!C130 -> 675 | D23: =C23-(C23*$D$1) -> 641.25
A24: ='Master Price List'!A131 -> CC-WBOS-30 | B24: ='Master Price List'!B131 -> Custom SUV/truck 30" Wide-body console; open storage on driver side. 8" slope/ 22" level | C24: ='Master Price List'!C131 -> 713 | D24: =C24-(C24*$D$1) -> 677.35
A25: ='Master Price List'!A133 -> CC-WB25-OS-F | B25: ='Master Price List'!B133 -> 25" Wide-body level console; Open storage along passenger side. Includes custom features. | C25: ='Master Price List'!C133 -> 784 | D25: =C25-(C25*$D$1) -> 744.8
A26: ='Master Price List'!A134 -> CC-WB30-OS-F | B26: ='Master Price List'!B134 -> 30" Wide-body level console; Open storage along passenger side. Includes custom features. | C26: ='Master Price List'!C134 -> 794 | D26: =C26-(C26*$D$1) -> 754.3
A28: COMPUTER MOUNTS (F250-550 Trucks)
A29: Passenger-Seat Computer Mounts (Passenger space is not compromised)
A30: ='Master Price List'!A626 -> CM-F15-SA-LED | B30: ='Master Price List'!B626 -> 2015-19 F-150 & 2017 F-250 Ht. adjustable seat mnt w/swing arm & docking station mount | C30: ='Master Price List'!C626 -> 473 | D30: =C30-(C30*$D$1) -> 449.35
A31: ='Master Price List'!A627 -> CM-F15-SA-LT17 | B31: ='Master Price List'!B627 -> 2015-19 F-150 & 2017 F-250 Ht. adjustable seat mnt w/swing arm & wide laptop tray | C31: ='Master Price List'!C627 -> 588 | D31: =C31-(C31*$D$1) -> 558.6
A32: ='Master Price List'!A630 -> CM-F15-SL-LED | B32: ='Master Price List'!B630 -> 2015-19 F-150 & 2017 F-250 Ht. adjustable seat mnt w/slide arm & docking station mount | C32: ='Master Price List'!C630 -> 595 | D32: =C32-(C32*$D$1) -> 565.25
A33: ='Master Price List'!A629 -> CM-F15-SL-LT17 | B33: ='Master Price List'!B629 -> 2015-19 F-150 & 2017 F-250 Ht. adjustable seat mnt w/slide arm & wide laptop tray | C33: ='Master Price List'!C629 -> 695 | D33: =C33-(C33*$D$1) -> 660.25
A35: Console-Side Computer Mounts
A36: ='Master Price List'!A678 -> CM-SDMT-SA-LED | B36: ='Master Price List'!B678 -> Console side ht. adj. mount w/swing arm for docking station | C36: ='Master Price List'!C678 -> 350 | D36: =C36-(C36*$D$1) -> 332.5
A37: ='Master Price List'!A679 -> CM-SDMT-SA-LT17 | B37: ='Master Price List'!B679 -> Console side ht. adj. mount w/swing arm for wide laptop tray | C37: ='Master Price List'!C679 -> 456 | D37: =C37-(C37*$D$1) -> 433.2
A38: ='Master Price List'!A681 -> CM-SDMT-SL-LED | B38: ='Master Price List'!B681 -> Console side ht. adj. mount w/slide arm for docking station | C38: ='Master Price List'!C681 -> 480 | D38: =C38-(C38*$D$1) -> 456
A39: ='Master Price List'!A682 -> CM-SDMT-SL-LT17 | B39: ='Master Price List'!B682 -> Console side ht. adj. mount w/slide arm for wide laptop tray | C39: ='Master Price List'!C682 -> 593 | D39: =C39-(C39*$D$1) -> 563.35
A41: Console-Side Dual-Arm Computer Mounts
A42: ='Master Price List'!A684 -> CM-SD2M-SL-703 | B42: ='Master Price List'!B684 -> Console side dual-arm mnt w/swing arm for Havis tablet dock & slide arm for iKey keyboard | C42: ='Master Price List'!C684 -> 850 | D42: =C42-(C42*$D$1) -> 807.5
A44: U-Bracket Computer Mounts (Use on consoles with computer decks)
A45: ='Master Price List'!A691 -> CM-UMNT-SA-LED | B45: ='Master Price List'!B691 -> U bracket mnt w/swing arm for docking station | C45: ='Master Price List'!C691 -> 320 | D45: =C45-(C45*$D$1) -> 304
A46: ='Master Price List'!A693 -> CM-UMNT-SA-LT17 | B46: ='Master Price List'!B693 -> U bracket mnt w/swing arm for wide laptop tray | C46: ='Master Price List'!C693 -> 420 | D46: =C46-(C46*$D$1) -> 399
A47: ='Master Price List'!A701 -> CM-UMSH-SA-LED | B47: ='Master Price List'!B701 -> Short U bracket mnt w/swing arm for docking station | C47: ='Master Price List'!C701 -> 320 | D47: =C47-(C47*$D$1) -> 304
A48: ='Master Price List'!A703 -> CM-UMSH-SA-LT17 | B48: ='Master Price List'!B703 -> Short U bracket mnt w/swing arm for wide laptop tray | C48: ='Master Price List'!C703 -> 420 | D48: =C48-(C48*$D$1) -> 399
A49: ='Master Price List'!A695 -> CM-UMNT-SL-LED | B49: ='Master Price List'!B695 -> U bracket mnt w/slide arm for docking station | C49: ='Master Price List'!C695 -> 467 | D49: =C49-(C49*$D$1) -> 443.65
A50: ='Master Price List'!A697 -> CM-UMNT-SL-LT17 | B50: ='Master Price List'!B697 -> U bracket mnt w/slide arm and wide laptop tray | C50: ='Master Price List'!C697 -> 557 | D50: =C50-(C50*$D$1) -> 529.15
A51: ='Master Price List'!A705 -> CM-UMSH-SL-LED | B51: ='Master Price List'!B705 -> Short U bracket mnt w/slide arm for docking station | C51: ='Master Price List'!C705 -> 467 | D51: =C51-(C51*$D$1) -> 443.65
A52: ='Master Price List'!A707 -> CM-UMSH-SL-LT17 | B52: ='Master Price List'!B707 -> Short U bracket mnt w/slide arm and wide laptop tray | C52: ='Master Price List'!C707 -> 556 | D52: =C52-(C52*$D$1) -> 528.2
A54: Deluxe Universal Laptop Tray (Four-sided security)
A55: ='Master Price List'!A596 -> CM-LT-1500 | B55: ='Master Price List'!B596 -> Deluxe laptop tray for computer up to 15"W x 11.5H; use w/computer mount assemblies ending in -LED | C55: ='Master Price List'!C596 -> 420 | D55: =C55-(C55*$D$1) -> 399
A56: ='Master Price List'!A597 -> CM-LT-1600 | B56: ='Master Price List'!B597 -> New! Deluxe laptop tray for computer up to 15"W x 11.5H; 3 lbs lighter than CM-LT-1500, use w/computer mount assemblies ending in -LED | C56: ='Master Price List'!C597 -> 350 | D56: =C56-(C56*$D$1) -> 332.5
A58: Laptop Accessories
A59: ='Master Price List'!A599 -> AC-LT-SCR | B59: ='Master Price List'!B599 -> Laptop screen holder; compatible w/ TROY laptop trays | C59: ='Master Price List'!C599 -> 75 | D59: =C59-(C59*$D$1) -> 71.25
A60: ='Master Price List'!A600 -> AC-LT13-CLAMP | B60: ='Master Price List'!B600 -> Laptop tray finger clamp, vinyl cap | C60: ='Master Price List'!C600 -> 9 | D60: =C60-(C60*$D$1) -> 8.55
A62: Weapon Mounts (Locks sold separately)
A63: ='Master Price List'!A710 -> GM-SGL-MNT | B63: ='Master Price List'!B710 -> Single weapon mount with adjustability and no access to weapon lock wires. Weapon locks sold separately. | C63: ='Master Price List'!C710 -> 204 | D63: =C63-(C63*$D$1) -> 193.8
A64: ='Master Price List'!A711 -> GM-SGRF-MNT | B64: ='Master Price List'!B711 -> Dual weapon mount with adjustability and no access to weapon lock wires. Weapon locks sold separately. | C64: ='Master Price List'!C711 -> 288 | D64: =C64-(C64*$D$1) -> 273.6
A66: Weapon Lock Brackets (Patent-pending theft-deterrent designs)
A67: ='Master Price List'!A713 -> GM-B-SC1-BKT | B67: ='Master Price List'!B713 -> Bracket for shotgun lock (Santa Cruz, Overland, Big Sky) | C67: ='Master Price List'!C713 -> 80 | D67: =C67-(C67*$D$1) -> 76
A68: ='Master Price List'!A714 -> GM-B-SC1AR-BKT | B68: ='Master Price List'!B714 -> Bracket for AR gun lock (Santa Cruz, Overland, Big Sky) | C68: ='Master Price List'!C714 -> 90 | D68: =C68-(C68*$D$1) -> 85.5
A69: ='Master Price List'!A715 -> GM-B-SC5-BKT | B69: ='Master Price List'!B715 -> Bracket for universal gun lock (SC-5-XL, SC-6 by Santa Cruz) | C69: ='Master Price List'!C715 -> 80 | D69: =C69-(C69*$D$1) -> 76
A70: ='Master Price List'!A716 -> GM-B-OP-SC5-BKT | B70: ='Master Price List'!B716 -> Off-set bracket for universal hand-cuff style gun lock (Santa Cruz). More room for optics on rifle. | C70: ='Master Price List'!C716 -> 95 | D70: =C70-(C70*$D$1) -> 90.25
A72: Santa Cruz Weapon Locks
A73: ='Master Price List'!A720 -> GL-SC1 | B73: ='Master Price List'!B720 -> Shotgun lock w/No. 2 key | C73: ='Master Price List'!C720 -> 136 | D73: =C73-(C73*$D$1) -> 129.2
A74: ='Master Price List'!A722 -> GL-SC1/AR | B74: ='Master Price List'!B722 -> AR15 weapon lock w/No. 2 key | C74: ='Master Price List'!C722 -> 172 | D74: =C74-(C74*$D$1) -> 163.4
B75: ='Master Price List'!B724 -> Above locks also can be ordered with barrel key
A76: ='Master Price List'!A725 -> GL-SC-6 | B76: ='Master Price List'!B725 -> Universal weapon lock | C76: ='Master Price List'!C725 -> 205 | D76: =C76-(C76*$D$1) -> 194.75
B77: ='Master Price List'!$B$727 -> Above lock can be ordered w/#2 key, #3 key, barrel key, public key or handcuff key lock (key not included)
A79: Santa Cruz Weapon Lock Accessories
A80: ='Master Price List'!A729 -> GL-SC1201 | B80: ='Master Price List'!B729 -> Insert for GL-SC1 weapon lock (for barrel) | C80: ='Master Price List'!C729 -> 16 | D80: =C80-(C80*$D$1) -> 15.2
A81: ='Master Price List'!A731 -> GL-SC6060 | B81: ='Master Price List'!B731 -> Insert for GL-SC6 weapon lock (for barrel or muzzle down) | C81: ='Master Price List'!C731 -> 42 | D81: =C81-(C81*$D$1) -> 39.9
A82: ='Master Price List'!A732 -> GL-SC7009A | B82: ='Master Price List'!B732 -> Weapon lock adjustable timer (7-40 seconds) | C82: ='Master Price List'!C732 -> 49 | D82: =C82-(C82*$D$1) -> 46.55
A84: Partitions: Full Size; Standard Frame
B85: Sliding Window Models
A86: ='Master Price List'!A745 -> TP-E-SL1-US-F | B86: ='Master Price List'!B745 -> US size, Flat Panel, Sliding window; Vertical bar crawl-thru prevention bracket | C86: ='Master Price List'!C745 -> 900 | D86: =C86-(C86*$D$1) -> 855
A87: ='Master Price List'!A746 -> TP-E-SL6-US-F | B87: ='Master Price List'!B746 -> US size, Flat Panel; Sliding window; Square-hole punched crawl-thru prevention bracket | C87: ='Master Price List'!C746 -> 900 | D87: =C87-(C87*$D$1) -> 855
B88: Standard Mounting Kit & Kick Panels for Standard Frame Partitions
A89: ='Master Price List'!A844 -> 2-SAB-F150-15 | B89: ='Master Price List'!B844 -> 2015-17 F-150 truck standard partition mounting kit, no-holes-drilled design | C89: ='Master Price List'!C844 -> 288 | D89: =C89-(C89*$D$1) -> 273.6
A90: ='Master Price List'!A845 -> KP-F150-15-SS | B90: ='Master Price List'!B845 -> 2015-17 F-150 3-Pc. kick panel assembly. No foot pockets. | C90: ='Master Price List'!C845 -> 165 | D90: =C90-(C90*$D$1) -> 156.75
A92: Window Guards (Diamond or Welded Bar Designs)
A93: Diamond-Punched
A94: ='Master Price List'!A920 -> AC-F150-15-SET | B94: ='Master Price List'!B920 -> 2015-19 F-150, 2016-19 F-250-550 driver/passenger side set of diamond-punched window screens | C94: ='Master Price List'!C920 -> 210 | D94: =C94-(C94*$D$1) -> 199.5
B96: ='Master Price List'!$B$1017 -> Crew Cab Truck Rear Window Screens
A97: ='Master Price List'!A1018 -> AC-F150-15-RWS | B97: ='Master Price List'!B1018 -> 2015-19 F-150 / 2017-19 F-250-550 truck cab window screen; Diamond-punched. | C97: ='Master Price List'!C1018 -> 183 | D97: =C97-(C97*$D$1) -> 173.85
A99: Welded Bar Designs
A100: ='Master Price List'!A945 -> WG-F150-15-SET | B100: ='Master Price List'!B945 -> 2015-19 F-150, 2017-19 F250-550 driver and passenger side window guards, welded bars, vertical design | C100: ='Master Price List'!C945 -> 278 | D100: =C100-(C100*$D$1) -> 264.1
A102: Door Panels (All steel, flat and smooth panel design)
A103: ='Master Price List'!A1073 -> DP-F150-15-SET | B103: ='Master Price List'!B1073 -> 2015-19 F-150 driver and passenger side door panel set | C103: ='Master Price List'!C1073 -> 262 | D103: =C103-(C103*$D$1) -> 248.9
A105: Misc Products
A106: ='Master Price List'!A1232 -> CP-T-US-D-BOX | B106: ='Master Price List'!B1232 -> Ford F-150/ *2019 Chevy Silverado under-seat lidded gunbox | C106: ='Master Price List'!C1232 -> 950 | D106: =C106-(C106*$D$1) -> 902.5

Sheet Chevy Tahoe
A1: TOC | B1: 2015 - 2020 CHEVY TAHOE PRICE LIST | D1: 0.05
A2: TROY PART # | B2: ITEM DESCRIPTION | C2: MSRP | D2: DISCOUNT %
A4: Console Floor Plates | B4: Always indicate year, make and model on your console purchase orders
A5: ='Master Price List'!A186 -> AC-TH15-MNT | B5: ='Master Price List'!B186 -> 2015-20 Tahoe floor mount. Also fits Suburban and *2014-18 Silverado trucks. | C5: ='Master Price List'!C186 -> 162 | D5: =C5-(C5*$D$1) -> 153.9
A6: ='Master Price List'!A187 -> AC-TH15-WB | B6: ='Master Price List'!B187 -> 2015-20 Tahoe wide-body floor mount. Fits Suburban, *2014-18 Silverado trucks. | C6: ='Master Price List'!C187 -> 162 | D6: =C6-(C6*$D$1) -> 153.9
A8: ='Master Price List'!$A$42 -> 2015-20 Tahoe-Specific Consoles (Can be transferred only to Suburban)
A9: ='Master Price List'!A43 -> CC-F-TMC-79 | B9: ='Master Price List'!B43 -> 2015-20 Tahoe 16" L-shape console; 7" slope/ 9" level | C9: ='Master Price List'!C43 -> 475 | D9: =C9-(C9*$D$1) -> 451.25
A10: ='Master Price List'!A44 -> CC-F-TMC-711 | B10: ='Master Price List'!B44 -> 2015-20 Tahoe 18" L-shape console: 7" slope/ 11" level | C10: ='Master Price List'!C44 -> 498 | D10: =C10-(C10*$D$1) -> 473.1
A11: ='Master Price List'!A45 -> CC-F-TMC-715 | B11: ='Master Price List'!B45 -> 2015-20 Tahoe 22" L-shape console: 7" slope/ 15" level | C11: ='Master Price List'!C45 -> 546 | D11: =C11-(C11*$D$1) -> 518.7
A12: ='Master Price List'!A48 -> CC-F-TH-V12 | B12: ='Master Price List'!B48 -> 2015-20 Tahoe 12" All slope vertical console. Short footprint. More officer hip room. | C12: ='Master Price List'!C48 -> 446 | D12: =C12-(C12*$D$1) -> 423.7
A14: ='Master Price List'!A51 -> 2015-20 Tahoe-Specific Wide-Body Consoles (Can be transferred only to same model year Suburban)
A15: ='Master Price List'!A52 -> CC-F-THOS-16 | B15: ='Master Price List'!B52 -> 2015-20 Tahoe 16" Wide body console w/ open storage; 7" slope/ 9" level | C15: ='Master Price List'!C52 -> 630 | D15: =C15-(C15*$D$1) -> 598.5
A16: ='Master Price List'!A53 -> CC-F-THOS-18 | B16: ='Master Price List'!B53 -> 2015-20 Tahoe 18" Wide body console w/ open storage, 7" slope/ 11" level | C16: ='Master Price List'!C53 -> 650 | D16: =C16-(C16*$D$1) -> 617.5
A17: CC-F-THOS-18-L | B17: 2015-20 Tahoe 18" Wide body console w/ lockable storage area, 7" slope/11" level | C17: 785 | D17: =C17-(C17*$D$1) -> 745.75
A18: ='Master Price List'!A55 -> CC-F-THOS-22 | B18: ='Master Price List'!B55 -> 2015-20 Tahoe 22" Wide body console w/ open storage; 7" slope/ 15" level | C18: ='Master Price List'!C55 -> 682 | D18: =C18-(C18*$D$1) -> 647.9
A19: ='Master Price List'!A56 -> CC-F-THOS-25 | B19: ='Master Price List'!B56 -> 2015-20 Tahoe 25" Wide body console w/ open storage; 7" slope/ 18" level | C19: ='Master Price List'!C56 -> 708 | D19: =C19-(C19*$D$1) -> 672.6
A20: ='Master Price List'!A58 -> CC-F-TH-L22-OS | B20: ='Master Price List'!B58 -> 2015-20 Tahoe 22" Wide-body all-level console with open storage | C20: ='Master Price List'!C58 -> 677 | D20: =C20-(C20*$D$1) -> 643.15
A21: ='Master Price List'!A59 -> CC-F-TH-L25-OS | B21: ='Master Price List'!B59 -> 2015-20 Tahoe 25" Wide body all-level with open storage | C21: ='Master Price List'!C59 -> 708 | D21: =C21-(C21*$D$1) -> 672.6
A23: ='Master Price List'!A61 -> 2015-19 Tahoe/Suburban/Silverado Overhead Consoles - Vehicle-Specific (Cannot be transferred to other vehicles)
A24: ='Master Price List'!A62 -> CC-OH-TH15-7 | B24: ='Master Price List'!B62 -> 2015-20 Tahoe/Suburban/Silverado overhead console. Replaces OEM dome light module. Remote heads only. | C24: ='Master Price List'!C62 -> 288 | D24: =C24-(C24*$D$1) -> 273.6
A26: Console Accessories
A27: ='Master Price List'!A551 -> FP-TH15-USBDC | B27: ='Master Price List'!B551 -> 2" face plate pre-punched w/ holes to fit Tahoe OEM USB & 1 DC outlet | C27: ='Master Price List'!C551 -> 26 | D27: =C27-(C27*$D$1) -> 24.7
A28: ='Master Price List'!A552 -> FP-TH15-USB-3DC | B28: ='Master Price List'!B552 -> 2" face plate pre-punched w/holes to fit Tahoe OEM USB & 3 DC outlet holes | C28: ='Master Price List'!C552 -> 26 | D28: =C28-(C28*$D$1) -> 24.7
A29: ='Master Price List'!A302 -> AC-F-TH-WALL | B29: ='Master Price List'!B302 -> 2015+ Tahoe wide-body open-storage bulkhead wall. Use when mounting computer to console side. | C29: ='Master Price List'!C302 -> 26 | D29: =C29-(C29*$D$1) -> 24.7
A31: COMPUTER MOUNTS
A32: Passenger-Seat Computer Mounts (Passenger space is not compromised)
A33: ='Master Price List'!A646 -> CM-TH15-SA-LED | B33: ='Master Price List'!B646 -> 2015-20 Tahoe passenger seat mnt w/swing arm and docking station mount | C33: ='Master Price List'!C646 -> 473 | D33: =C33-(C33*$D$1) -> 449.35
A34: ='Master Price List'!A647 -> CM-TH15-SA-LT17 | B34: ='Master Price List'!B647 -> 2015-20 Tahoe passenger seat mnt w/swing arm and wide laptop tray (11.75" - 17") | C34: ='Master Price List'!C647 -> 588 | D34: =C34-(C34*$D$1) -> 558.6
A35: ='Master Price List'!A649 -> CM-TH15-SL-LED | B35: ='Master Price List'!B649 -> 2015-20 Tahoe passenger seat mnt w/slide arm for docking station | C35: ='Master Price List'!C649 -> 595 | D35: =C35-(C35*$D$1) -> 565.25
A36: ='Master Price List'!A650 -> CM-TH15-SL-LT17 | B36: ='Master Price List'!B650 -> 2015-20 Tahoe passenger seat mnt w/slide arm for wide laptop tray | C36: ='Master Price List'!C650 -> 695 | D36: =C36-(C36*$D$1) -> 660.25
A38: Console-Side Computer Mounts
A39: ='Master Price List'!A678 -> CM-SDMT-SA-LED | B39: ='Master Price List'!B678 -> Console side ht. adj. mount w/swing arm for docking station | C39: ='Master Price List'!C678 -> 350 | D39: =C39-(C39*$D$1) -> 332.5
A40: ='Master Price List'!A679 -> CM-SDMT-SA-LT17 | B40: ='Master Price List'!B679 -> Console side ht. adj. mount w/swing arm for wide laptop tray | C40: ='Master Price List'!C679 -> 456 | D40: =C40-(C40*$D$1) -> 433.2
A41: ='Master Price List'!A681 -> CM-SDMT-SL-LED | B41: ='Master Price List'!B681 -> Console side ht. adj. mount w/slide arm for docking station | C41: ='Master Price List'!C681 -> 480 | D41: =C41-(C41*$D$1) -> 456
A42: ='Master Price List'!A682 -> CM-SDMT-SL-LT17 | B42: ='Master Price List'!B682 -> Console side ht. adj. mount w/slide arm for wide laptop tray | C42: ='Master Price List'!C682 -> 593 | D42: =C42-(C42*$D$1) -> 563.35
A44: U-Bracket Computer Mounts (Use on consoles with computer decks)
A45: ='Master Price List'!A691 -> CM-UMNT-SA-LED | B45: ='Master Price List'!B691 -> U bracket mnt w/swing arm for docking station | C45: ='Master Price List'!C691 -> 320 | D45: =C45-(C45*$D$1) -> 304
A46: ='Master Price List'!A693 -> CM-UMNT-SA-LT17 | B46: ='Master Price List'!B693 -> U bracket mnt w/swing arm for wide laptop tray | C46: ='Master Price List'!C693 -> 420 | D46: =C46-(C46*$D$1) -> 399
A47: ='Master Price List'!A701 -> CM-UMSH-SA-LED | B47: ='Master Price List'!B701 -> Short U bracket mnt w/swing arm for docking station | C47: ='Master Price List'!C701 -> 320 | D47: =C47-(C47*$D$1) -> 304
A48: ='Master Price List'!A703 -> CM-UMSH-SA-LT17 | B48: ='Master Price List'!B703 -> Short U bracket mnt w/swing arm for wide laptop tray | C48: ='Master Price List'!C703 -> 420 | D48: =C48-(C48*$D$1) -> 399
A49: ='Master Price List'!A695 -> CM-UMNT-SL-LED | B49: ='Master Price List'!B695 -> U bracket mnt w/slide arm for docking station | C49: ='Master Price List'!C695 -> 467 | D49: =C49-(C49*$D$1) -> 443.65
A50: ='Master Price List'!A697 -> CM-UMNT-SL-LT17 | B50: ='Master Price List'!B697 -> U bracket mnt w/slide arm and wide laptop tray | C50: ='Master Price List'!C697 -> 557 | D50: =C50-(C50*$D$1) -> 529.15
A51: ='Master Price List'!A705 -> CM-UMSH-SL-LED | B51: ='Master Price List'!B705 -> Short U bracket mnt w/slide arm for docking station | C51: ='Master Price List'!C705 -> 467 | D51: =C51-(C51*$D$1) -> 443.65
A52: ='Master Price List'!A707 -> CM-UMSH-SL-LT17 | B52: ='Master Price List'!B707 -> Short U bracket mnt w/slide arm and wide laptop tray | C52: ='Master Price List'!C707 -> 556 | D52: =C52-(C52*$D$1) -> 528.2
A54: Deluxe Universal Laptop Tray (Four-sided security)
A55: ='Master Price List'!A596 -> CM-LT-1500 | B55: ='Master Price List'!B596 -> Deluxe laptop tray for computer up to 15"W x 11.5H; use w/computer mount assemblies ending in -LED | C55: ='Master Price List'!C596 -> 420 | D55: =C55-(C55*$D$1) -> 399
A56: ='Master Price List'!A597 -> CM-LT-1600 | B56: ='Master Price List'!B597 -> New! Deluxe laptop tray for computer up to 15"W x 11.5H; 3 lbs lighter than CM-LT-1500, use w/computer mount assemblies ending in -LED | C56: ='Master Price List'!C597 -> 350 | D56: =C56-(C56*$D$1) -> 332.5
A58: Laptop Accessories
A59: ='Master Price List'!A599 -> AC-LT-SCR | B59: ='Master Price List'!B599 -> Laptop screen holder; compatible w/ TROY laptop trays | C59: ='Master Price List'!C599 -> 75 | D59: =C59-(C59*$D$1) -> 71.25
A60: ='Master Price List'!A600 -> AC-LT13-CLAMP | B60: ='Master Price List'!B600 -> Laptop tray finger clamp, vinyl cap | C60: ='Master Price List'!C600 -> 9 | D60: =C60-(C60*$D$1) -> 8.55
A62: Weapon Mounts (Locks sold separately)
A63: ='Master Price List'!A710 -> GM-SGL-MNT | B63: ='Master Price List'!B710 -> Single weapon mount with adjustability and no access to weapon lock wires. Weapon locks sold separately. | C63: ='Master Price List'!C710 -> 204 | D63: =C63-(C63*$D$1) -> 193.8
A64: ='Master Price List'!A711 -> GM-SGRF-MNT | B64: ='Master Price List'!B711 -> Dual weapon mount with adjustability and no access to weapon lock wires. Weapon locks sold separately. | C64: ='Master Price List'!C711 -> 288 | D64: =C64-(C64*$D$1) -> 273.6
A66: Weapon Lock Brackets (Patent-pending theft-deterrent designs)
A67: ='Master Price List'!A713 -> GM-B-SC1-BKT | B67: ='Master Price List'!B713 -> Bracket for shotgun lock (Santa Cruz, Overland, Big Sky) | C67: ='Master Price List'!C713 -> 80 | D67: =C67-(C67*$D$1) -> 76
A68: ='Master Price List'!A714 -> GM-B-SC1AR-BKT | B68: ='Master Price List'!B714 -> Bracket for AR gun lock (Santa Cruz, Overland, Big Sky) | C68: ='Master Price List'!C714 -> 90 | D68: =C68-(C68*$D$1) -> 85.5
A69: ='Master Price List'!A715 -> GM-B-SC5-BKT | B69: ='Master Price List'!B715 -> Bracket for universal gun lock (SC-5-XL, SC-6 by Santa Cruz) | C69: ='Master Price List'!C715 -> 80 | D69: =C69-(C69*$D$1) -> 76
A70: ='Master Price List'!A716 -> GM-B-OP-SC5-BKT | B70: ='Master Price List'!B716 -> Off-set bracket for universal hand-cuff style gun lock (Santa Cruz). More room for optics on rifle. | C70: ='Master Price List'!C716 -> 95 | D70: =C70-(C70*$D$1) -> 90.25
A72: Santa Cruz Weapon Locks
A73: ='Master Price List'!A720 -> GL-SC1 | B73: ='Master Price List'!B720 -> Shotgun lock w/No. 2 key | C73: ='Master Price List'!C720 -> 136 | D73: =C73-(C73*$D$1) -> 129.2
A74: ='Master Price List'!A722 -> GL-SC1/AR | B74: ='Master Price List'!B722 -> AR15 weapon lock w/No. 2 key | C74: ='Master Price List'!C722 -> 172 | D74: =C74-(C74*$D$1) -> 163.4
B75: ='Master Price List'!B724 -> Above locks also can be ordered with barrel key
A76: ='Master Price List'!A725 -> GL-SC-6 | B76: ='Master Price List'!B725 -> Universal weapon lock | C76: ='Master Price List'!C725 -> 205 | D76: =C76-(C76*$D$1) -> 194.75
B77: ='Master Price List'!$B$727 -> Above lock can be ordered w/#2 key, #3 key, barrel key, public key or handcuff key lock (key not included)
A79: Santa Cruz Weapon Lock Accessories
A80: ='Master Price List'!A729 -> GL-SC1201 | B80: ='Master Price List'!B729 -> Insert for GL-SC1 weapon lock (for barrel) | C80: ='Master Price List'!C729 -> 16 | D80: =C80-(C80*$D$1) -> 15.2
A81: ='Master Price List'!A731 -> GL-SC6060 | B81: ='Master Price List'!B731 -> Insert for GL-SC6 weapon lock (for barrel or muzzle down) | C81: ='Master Price List'!C731 -> 42 | D81: =C81-(C81*$D$1) -> 39.9
A82: ='Master Price List'!A732 -> GL-SC7009A | B82: ='Master Price List'!B732 -> Weapon lock adjustable timer (7-40 seconds) | C82: ='Master Price List'!C732 -> 49 | D82: =C82-(C82*$D$1) -> 46.55
A84: Partitions: Full Size; Standard Frame
B85: ='Master Price List'!B735 -> Sliding Window Models
A86: ='Master Price List'!A762 -> TP-E-SL1-FS-SS | B86: ='Master Price List'!B762 -> Full size Recessed Panel; Sliding window; Vertical bar | C86: ='Master Price List'!C762 -> 875 | D86: =C86-(C86*$D$1) -> 831.25
A87: ='Master Price List'!A763 -> TP-E-SL6-FS-SS | B87: ='Master Price List'!B763 -> Full size Recessed Panel; Sliding window; Square hole punched | C87: ='Master Price List'!C763 -> 866 | D87: =C87-(C87*$D$1) -> 822.7
B89: Standard Mounting Kit & Kick Panels for Standard Frame Partitions
A90: ='Master Price List'!A857 -> 2-SAB-TH15 | B90: ='Master Price List'!B857 -> 2015-20 Tahoe partition mount. Extra seat-back recline. 100% seat slide. | C90: ='Master Price List'!C857 -> 288 | D90: =C90-(C90*$D$1) -> 273.6
A91: ='Master Price List'!A859 -> KP-TH15BF-SS | B91: ='Master Price List'!B859 -> 2015-20 Tahoe 3-Pc. kick panel assembly w/foot pockets | C91: ='Master Price List'!C859 -> 194 | D91: =C91-(C91*$D$1) -> 184.3
A93: ='Master Price List'!A775 -> FULL-SIZE BENT-FRAME SPACEMAKER PARTITIONS: Full Size; (58.25"), (For 2015-17 Tahoe Only)
A94: ='Master Price List'!A776 -> TP-E-SM1-FS-SS | B94: ='Master Price List'!B776 -> Full size Bent Frame Spacemaker; Sliding window; Vertical bar | C94: ='Master Price List'!C776 -> 997 | D94: =C94-(C94*$D$1) -> 947.15
B96: Mounting Kit & Kick Panels for Bent-Frame Space-Maker (Strongest Airbag Compliant Mount)
A97: ='Master Price List'!A863 -> 2-SAB-TH15-SM | B97: ='Master Price List'!B863 -> 2015-20 Tahoe Bent-Frame Space Maker partition mount. Limited seat slide. | C97: ='Master Price List'!C863 -> 288 | D97: =C97-(C97*$D$1) -> 273.6
A98: ='Master Price List'!A864 -> KP-SM-TH15BF-SS | B98: ='Master Price List'!B864 -> 2015-20 Tahoe 3-Pc. Bent-Frame space maker kick panel assembly. Foot pocket behind driver only. | C98: ='Master Price List'!C864 -> 194 | D98: =C98-(C98*$D$1) -> 184.3
A100: Window Guards (Diamond or Square-Hole Punched, Welded Bar, Polycarbonate Designs)
A101: Diamond-Punched Window Screens
A102: ='Master Price List'!A960 -> AC-TH15-SET | B102: ='Master Price List'!B960 -> 2015-20 Tahoe driver and passenger diamond punched window screens | C102: ='Master Price List'!C960 -> 210 | D102: =C102-(C102*$D$1) -> 199.5
A104: Welded Bar Designs
A105: ='Master Price List'!A976 -> WG-TH15-225-SET | B105: ='Master Price List'!B976 -> 2015-20 Tahoe driver and passenger side window guard, 2.25" spaced vertical welded bars | C105: ='Master Price List'!C976 -> 315 | D105: =C105-(C105*$D$1) -> 299.25
A106: ='Master Price List'!A979 -> WG-TH15-SET | B106: ='Master Price List'!B979 -> 2015-20 Tahoe driver and passenger side window guards, welded bars, vertical design | C106: ='Master Price List'!C979 -> 278 | D106: =C106-(C106*$D$1) -> 264.1
A108: Polycarbonate Designs
A109: ='Master Price List'!A988 -> WG-TH15-PL-SET | B109: ='Master Price List'!B988 -> 2015-20 Tahoe driver and passenger side polycarbonate window guards | C109: ='Master Price List'!C988 -> 325 | D109: =C109-(C109*$D$1) -> 308.75
A111: Door Panels (All steel, flat and smooth panel design)
A112: ='Master Price List'!A1078 -> DP-TH15-SET | B112: ='Master Price List'!B1078 -> 2015-20 Tahoe driver and passenger side door panel set | C112: ='Master Price List'!C1078 -> 283 | D112: =C112-(C112*$D$1) -> 268.85
A114: Rear Partitions (Square-Hole Punched, Polycarbonate Window Models)
A115: ='Master Price List'!A1140 -> TP-TH15-SQ-R | B115: ='Master Price List'!B1140 -> 2015-20 Tahoe rear cage with square-hole window | C115: ='Master Price List'!C1140 -> 630 | D115: =C115-(C115*$D$1) -> 598.5
A116: ='Master Price List'!A1142 -> TP-TH15-RL | B116: ='Master Price List'!B1142 -> 2015-20 Tahoe rear cage with polycarbonate window | C116: ='Master Price List'!C1142 -> 787 | D116: =C116-(C116*$D$1) -> 747.65
A120: Rear Partitions with Fire Extinguisher/AED Compartment(s)
A121: ='Master Price List'!A1146 -> TP-TH15-LA | B121: ='Master Price List'!B1146 -> 2015-20 Tahoe rear cage with square-hole window and driver-side fire ext. panel | C121: ='Master Price List'!C1146 -> 682 | D121: =C121-(C121*$D$1) -> 647.9
A122: ='Master Price List'!A1148 -> TP-TH15-LA-RL | B122: ='Master Price List'!B1148 -> 2015-20 Tahoe rear cage with polycarbonate window and driver-side fire ext. panel | C122: ='Master Price List'!C1148 -> 855 | D122: =C122-(C122*$D$1) -> 812.25
A123: ='Master Price List'!A1152 -> TP-TH15-R-FX2 | B123: ='Master Price List'!B1152 -> 2015-20 Tahoe rear cage with square-hole window and driver/passenger side fire ext. panels | C123: ='Master Price List'!C1152 -> 761 | D123: =C123-(C123*$D$1) -> 722.95
A124: ='Master Price List'!A1154 -> TP-TH15-RL-FX2 | B124: ='Master Price List'!B1154 -> 2015-20 Tahoe rear cage with polycarbonate window and driver/passenger side fire ext. panels | C124: ='Master Price List'!C1154 -> 918 | D124: =C124-(C124*$D$1) -> 872.1
A126: For Laguna Plastic Seats Only
A127: ='Master Price List'!A1158 -> TP-TH15-SQ-LG | B127: ='Master Price List'!B1158 -> 2015-20 Tahoe rear cage with square-hole window. Works only with Laguna Plastic Seat. | C127: ='Master Price List'!C1158 -> 650 | D127: =C127-(C127*$D$1) -> 617.5
...

Sheet 2014-2018 Chevy 1500 Silverado
A1: TOC | B1: 2014 - 2018 CHEVY 1500 SILVERADO PRICE LIST | D1: 0.05
C2: MSRP | D2: DISCOUNT %
A3: TROY PART # | B3: ITEM DESCRIPTION
A5: Console Floor Plates | B5: Always indicate year, make and model on your console purchase orders
A6: ='Master Price List'!A186 -> AC-TH15-MNT | B6: ='Master Price List'!B186 -> 2015-20 Tahoe floor mount. Also fits Suburban and *2014-18 Silverado trucks. | C6: ='Master Price List'!C186 -> 162 | D6: =C6-(C6*$D$1) -> 153.9
A7: ='Master Price List'!A187 -> AC-TH15-WB | B7: ='Master Price List'!B187 -> 2015-20 Tahoe wide-body floor mount. Fits Suburban, *2014-18 Silverado trucks. | C7: ='Master Price List'!C187 -> 162 | D7: =C7-(C7*$D$1) -> 153.9
A9: Silverado Wide-Body Consoles for 4x4 Floor Shifter
A10: ='Master Price List'!A137 -> CC-WBBP20-FS | B10: ='Master Price List'!B137 -> 20" Wide-body 4x4 floor shifter console; 8" slope/ 12" level. May work in other 4x4 trucks. | C10: ='Master Price List'!C137 -> 751 | D10: =C10-(C10*$D$1) -> 713.45
A11: ='Master Price List'!A138 -> CC-WBBP25-FS | B11: ='Master Price List'!B138 -> 25" Wide-body 4x4 floor shifter console; 8" slope/ 17" level. May work in other 4x4 trucks. | C11: ='Master Price List'!C138 -> 773 | D11: =C11-(C11*$D$1) -> 734.35
A13: Silverado Standard-Width Consoles (Can be tranferred to other vehicles)
A14: ='Master Price List'!A144 -> CC-MC-14 | B14: ='Master Price List'!B144 -> MC 14" L-shape console: 7" slope/ 7" level | C14: ='Master Price List'!C144 -> 448 | D14: =C14-(C14*$D$1) -> 425.6
A15: ='Master Price List'!A146 -> CC-MC-18 | B15: ='Master Price List'!B146 -> MC 18" L-shape console; 7" slope/ 11" level | C15: ='Master Price List'!C146 -> 479 | D15: =C15-(C15*$D$1) -> 455.05
A16: ='Master Price List'!A148 -> CC-MC-25 | B16: ='Master Price List'!B148 -> MC 25" L-shape console; 7" slope/ 18" level | C16: ='Master Price List'!C148 -> 540 | D16: =C16-(C16*$D$1) -> 513
A17: ='Master Price List'!A82 -> CC-PCFX14 | B17: ='Master Price List'!B82 -> Universal 14" low-profile console; 3" slope/ 11" level; Computer deck; Will fit one long radio. | C17: ='Master Price List'!C82 -> 470 | D17: =C17-(C17*$D$1) -> 446.5
A19: Silverado Wide-Body Console with Built-In Lock Box
A20: ='Master Price List'!A162 -> CC-MC16BX12-WB | B20: ='Master Price List'!B162 -> Universal 16" slope, 4" level, 12" lidded storage plus passenger-side open storage - Custom wide-body version. | C20: ='Master Price List'!C162 -> 784 | D20: =C20-(C20*$D$1) -> 744.8
A22: Silverado Wide-Body Consoles (Can be tranferred to other trucks)
A23: ='Master Price List'!A127 -> CC-WBOS-16 | B23: ='Master Price List'!B127 -> Universal SUV/truck 16" Wide-body open-storage console; 8" slope 8" level | C23: ='Master Price List'!C127 -> 648 | D23: =C23-(C23*$D$1) -> 615.6
A24: ='Master Price List'!A128 -> CC-WBOS-20 | B24: ='Master Price List'!B128 -> Universal SUV/truck 20" Wide-body open-storage console; 8" slope/ 12" level | C24: ='Master Price List'!C128 -> 665 | D24: =C24-(C24*$D$1) -> 631.75
A25: ='Master Price List'!A129 -> CC-WBOS-25 | B25: ='Master Price List'!B129 -> Universal SUV/truck 25" Wide-body open-storage console; 8" slope/ 17" level | C25: ='Master Price List'!C129 -> 686 | D25: =C25-(C25*$D$1) -> 651.7
A26: ='Master Price List'!A122 -> CC-HDWB-20 | B26: ='Master Price List'!B122 -> Universal SUV/truck 20" wide-body console; 8" slope/ 12" level. No open storage. Face plates centered. | C26: ='Master Price List'!C122 -> 643 | D26: =C26-(C26*$D$1) -> 610.85
A27: ='Master Price List'!A123 -> CC-HDWB-25 | B27: ='Master Price List'!B123 -> Universal SUV/truck 25" wide-body console; 8" slope/ 17" level. No open storage. Face plates centered. | C27: ='Master Price List'!C123 -> 665 | D27: =C27-(C27*$D$1) -> 631.75
A29: COMPUTER MOUNTS
A30: Console-Side Computer Mounts
A31: ='Master Price List'!A678 -> CM-SDMT-SA-LED | B31: ='Master Price List'!B678 -> Console side ht. adj. mount w/swing arm for docking station | C31: ='Master Price List'!C678 -> 350 | D31: =C31-(C31*$D$1) -> 332.5
A32: ='Master Price List'!A679 -> CM-SDMT-SA-LT17 | B32: ='Master Price List'!B679 -> Console side ht. adj. mount w/swing arm for wide laptop tray | C32: ='Master Price List'!C679 -> 456 | D32: =C32-(C32*$D$1) -> 433.2
A33: ='Master Price List'!A681 -> CM-SDMT-SL-LED | B33: ='Master Price List'!B681 -> Console side ht. adj. mount w/slide arm for docking station | C33: ='Master Price List'!C681 -> 480 | D33: =C33-(C33*$D$1) -> 456
A34: ='Master Price List'!A682 -> CM-SDMT-SL-LT17 | B34: ='Master Price List'!B682 -> Console side ht. adj. mount w/slide arm for wide laptop tray | C34: ='Master Price List'!C682 -> 593 | D34: =C34-(C34*$D$1) -> 563.35
A36: U-Bracket Computer Mounts (Use on consoles with computer decks)
A37: ='Master Price List'!A691 -> CM-UMNT-SA-LED | B37: ='Master Price List'!B691 -> U bracket mnt w/swing arm for docking station | C37: ='Master Price List'!C691 -> 320 | D37: =C37-(C37*$D$1) -> 304
A38: ='Master Price List'!A693 -> CM-UMNT-SA-LT17 | B38: ='Master Price List'!B693 -> U bracket mnt w/swing arm for wide laptop tray | C38: ='Master Price List'!C693 -> 420 | D38: =C38-(C38*$D$1) -> 399
A39: ='Master Price List'!A701 -> CM-UMSH-SA-LED | B39: ='Master Price List'!B701 -> Short U bracket mnt w/swing arm for docking station | C39: ='Master Price List'!C701 -> 320 | D39: =C39-(C39*$D$1) -> 304
A40: ='Master Price List'!A703 -> CM-UMSH-SA-LT17 | B40: ='Master Price List'!B703 -> Short U bracket mnt w/swing arm for wide laptop tray | C40: ='Master Price List'!C703 -> 420 | D40: =C40-(C40*$D$1) -> 399
A41: ='Master Price List'!A695 -> CM-UMNT-SL-LED | B41: ='Master Price List'!B695 -> U bracket mnt w/slide arm for docking station | C41: ='Master Price List'!C695 -> 467 | D41: =C41-(C41*$D$1) -> 443.65
A42: ='Master Price List'!A697 -> CM-UMNT-SL-LT17 | B42: ='Master Price List'!B697 -> U bracket mnt w/slide arm and wide laptop tray | C42: ='Master Price List'!C697 -> 557 | D42: =C42-(C42*$D$1) -> 529.15
A43: ='Master Price List'!A705 -> CM-UMSH-SL-LED | B43: ='Master Price List'!B705 -> Short U bracket mnt w/slide arm for docking station | C43: ='Master Price List'!C705 -> 467 | D43: =C43-(C43*$D$1) -> 443.65
A44: ='Master Price List'!A707 -> CM-UMSH-SL-LT17 | B44: ='Master Price List'!B707 -> Short U bracket mnt w/slide arm and wide laptop tray | C44: ='Master Price List'!C707 -> 556 | D44: =C44-(C44*$D$1) -> 528.2
A46: Deluxe Universal Laptop Tray (Four-sided security)
A47: ='Master Price List'!A596 -> CM-LT-1500 | B47: ='Master Price List'!B596 -> Deluxe laptop tray for computer up to 15"W x 11.5H; use w/computer mount assemblies ending in -LED | C47: ='Master Price List'!C596 -> 420 | D47: =C47-(C47*$D$1) -> 399
A49: Laptop Accessories
A50: ='Master Price List'!A599 -> AC-LT-SCR | B50: ='Master Price List'!B599 -> Laptop screen holder; compatible w/ TROY laptop trays | C50: ='Master Price List'!C599 -> 75 | D50: =C50-(C50*$D$1) -> 71.25
A51: ='Master Price List'!A600 -> AC-LT13-CLAMP | B51: ='Master Price List'!B600 -> Laptop tray finger clamp, vinyl cap | C51: ='Master Price List'!C600 -> 9 | D51: =C51-(C51*$D$1) -> 8.55
A53: Weapon Mounts (Locks sold separately)
A54: ='Master Price List'!A710 -> GM-SGL-MNT | B54: ='Master Price List'!B710 -> Single weapon mount with adjustability and no access to weapon lock wires. Weapon locks sold separately. | C54: ='Master Price List'!C710 -> 204 | D54: =C54-(C54*$D$1) -> 193.8
A55: ='Master Price List'!A711 -> GM-SGRF-MNT | B55: ='Master Price List'!B711 -> Dual weapon mount with adjustability and no access to weapon lock wires. Weapon locks sold separately. | C55: ='Master Price List'!C711 -> 288 | D55: =C55-(C55*$D$1) -> 273.6
A57: Weapon Lock Brackets (Patent-pending theft-deterrent designs)
A58: ='Master Price List'!A713 -> GM-B-SC1-BKT | B58: ='Master Price List'!B713 -> Bracket for shotgun lock (Santa Cruz, Overland, Big Sky) | C58: ='Master Price List'!C713 -> 80 | D58: =C58-(C58*$D$1) -> 76
A59: ='Master Price List'!A714 -> GM-B-SC1AR-BKT | B59: ='Master Price List'!B714 -> Bracket for AR gun lock (Santa Cruz, Overland, Big Sky) | C59: ='Master Price List'!C714 -> 90 | D59: =C59-(C59*$D$1) -> 85.5
A60: ='Master Price List'!A715 -> GM-B-SC5-BKT | B60: ='Master Price List'!B715 -> Bracket for universal gun lock (SC-5-XL, SC-6 by Santa Cruz) | C60: ='Master Price List'!C715 -> 80 | D60: =C60-(C60*$D$1) -> 76
A61: ='Master Price List'!A716 -> GM-B-OP-SC5-BKT | B61: ='Master Price List'!B716 -> Off-set bracket for universal hand-cuff style gun lock (Santa Cruz). More room for optics on rifle. | C61: ='Master Price List'!C716 -> 95 | D61: =C61-(C61*$D$1) -> 90.25
A63: Santa Cruz Weapon Locks
A64: ='Master Price List'!A720 -> GL-SC1 | B64: ='Master Price List'!B720 -> Shotgun lock w/No. 2 key | C64: ='Master Price List'!C720 -> 136 | D64: =C64-(C64*$D$1) -> 129.2
A65: ='Master Price List'!A722 -> GL-SC1/AR | B65: ='Master Price List'!B722 -> AR15 weapon lock w/No. 2 key | C65: ='Master Price List'!C722 -> 172 | D65: =C65-(C65*$D$1) -> 163.4
B66: ='Master Price List'!B724 -> Above locks also can be ordered with barrel key
A67: ='Master Price List'!A725 -> GL-SC-6 | B67: ='Master Price List'!B725 -> Universal weapon lock | C67: ='Master Price List'!C725 -> 205 | D67: =C67-(C67*$D$1) -> 194.75
B68: ='Master Price List'!$B$727 -> Above lock can be ordered w/#2 key, #3 key, barrel key, public key or handcuff key lock (key not included)
A70: Santa Cruz Weapon Lock Accessories
A71: ='Master Price List'!A729 -> GL-SC1201 | B71: ='Master Price List'!B729 -> Insert for GL-SC1 weapon lock (for barrel) | C71: ='Master Price List'!C729 -> 16 | D71: =C71-(C71*$D$1) -> 15.2
A72: ='Master Price List'!A731 -> GL-SC6060 | B72: ='Master Price List'!B731 -> Insert for GL-SC6 weapon lock (for barrel or muzzle down) | C72: ='Master Price List'!C731 -> 42 | D72: =C72-(C72*$D$1) -> 39.9
A73: ='Master Price List'!A732 -> GL-SC7009A | B73: ='Master Price List'!B732 -> Weapon lock adjustable timer (7-40 seconds) | C73: ='Master Price List'!C732 -> 49 | D73: =C73-(C73*$D$1) -> 46.55
A75: Partitions: Full Size; Standard Frame
B76: ='Master Price List'!B735 -> Sliding Window Models
A77: ='Master Price List'!A762 -> TP-E-SL1-FS-SS | B77: ='Master Price List'!B762 -> Full size Recessed Panel; Sliding window; Vertical bar | C77: ='Master Price List'!C762 -> 875 | D77: =C77-(C77*$D$1) -> 831.25
A78: ='Master Price List'!A763 -> TP-E-SL6-FS-SS | B78: ='Master Price List'!B763 -> Full size Recessed Panel; Sliding window; Square hole punched | C78: ='Master Price List'!C763 -> 866 | D78: =C78-(C78*$D$1) -> 822.7
B80: Standard Mounting Kit & Kick Panels for Standard Frame Partitions
A81: ='Master Price List'!A857 -> 2-SAB-TH15 | B81: ='Master Price List'!B857 -> 2015-20 Tahoe partition mount. Extra seat-back recline. 100% seat slide. | C81: ='Master Price List'!C857 -> 288 | D81: =C81-(C81*$D$1) -> 273.6
A82: ='Master Price List'!A868 -> KP-CH15-SS | B82: ='Master Price List'!B868 -> 2015-19 Silverado 1500 3-Pc. kick panel assembly. No foot pockets. | C82: ='Master Price List'!C868 -> 148 | D82: =C82-(C82*$D$1) -> 140.6
A83: ='Master Price List'!A871 -> KP-F-2500-SS | B83: ='Master Price List'!B871 -> 2015-19 Silverado 2500 3-Pc. Kick panel | C83: ='Master Price List'!C871 -> 148 | D83: =C83-(C83*$D$1) -> 140.6
A85: Window Guards (Diamond Designs)
A86: Diamond-Punched
A87: ='Master Price List'!A968 -> AC-SILV-F-SET | B87: ='Master Price List'!B968 -> 2015-19 Silverado driver/passenger side set of window screens, Diamond-punched. | C87: ='Master Price List'!C968 -> 210 | D87: =C87-(C87*$D$1) -> 199.5
B89: ='Master Price List'!$B$1017 -> Crew Cab Truck Rear Window Screens
A90: ='Master Price List'!A1019 -> AC-SILV-E-RWS | B90: ='Master Price List'!B1019 -> 2015-19 Silverado truck cab window screen; Square-hole punched | C90: ='Master Price List'!C1019 -> 173 | D90: =C90-(C90*$D$1) -> 164.35

Sheet 2019-2020 Chevy 1500 Silverado
A1: TOC | B1: 2019 - 2020 CHEVY 1500 SILVERADO PRICE LIST | D1: 0.05
C2: MSRP | D2: DISCOUNT %
A3: TROY PART # | B3: ITEM DESCRIPTION
A5: Console Floor Plates | B5: Always indicate year, make and model on your console purchase orders
A6: ='Master Price List'!A188 -> AC-CHV19-MNT | B6: ='Master Price List'!B188 -> 2019-20 Silverado 1500 floor mount. Works with wide-body and standard width consoles. | C6: ='Master Price List'!C188 -> 174 | D6: =C6-(C6*$D$1) -> 165.3
A8: Silverado Wide-Body Consoles (Can be tranferred to other trucks)
A9: ='Master Price List'!A127 -> CC-WBOS-16 | B9: ='Master Price List'!B127 -> Universal SUV/truck 16" Wide-body open-storage console; 8" slope 8" level | C9: ='Master Price List'!C127 -> 648 | D9: =C9-(C9*$D$1) -> 615.6
A10: ='Master Price List'!A128 -> CC-WBOS-20 | B10: ='Master Price List'!B128 -> Universal SUV/truck 20" Wide-body open-storage console; 8" slope/ 12" level | C10: ='Master Price List'!C128 -> 665 | D10: =C10-(C10*$D$1) -> 631.75
A11: ='Master Price List'!A129 -> CC-WBOS-25 | B11: ='Master Price List'!B129 -> Universal SUV/truck 25" Wide-body open-storage console; 8" slope/ 17" level | C11: ='Master Price List'!C129 -> 686 | D11: =C11-(C11*$D$1) -> 651.7
A12: ='Master Price List'!A130 -> CC-WBOS-25-LP | B12: ='Master Price List'!B130 -> Universal SUV/truck 25" Low profile wide-body open-storage console; 8" slope/ 17" level. 2" shorter in ht. | C12: ='Master Price List'!C130 -> 675 | D12: =C12-(C12*$D$1) -> 641.25
A14: ='Master Price List'!A121 -> Universal Wide-Body Consoles for Large SUVs/Trucks
A15: ='Master Price List'!A122 -> CC-HDWB-20 | B15: ='Master Price List'!B122 -> Universal SUV/truck 20" wide-body console; 8" slope/ 12" level. No open storage. Face plates centered. | C15: ='Master Price List'!C122 -> 643 | D15: =C15-(C15*$D$1) -> 610.85
A16: ='Master Price List'!A123 -> CC-HDWB-25 | B16: ='Master Price List'!B123 -> Universal SUV/truck 25" wide-body console; 8" slope/ 17" level. No open storage. Face plates centered. | C16: ='Master Price List'!C123 -> 665 | D16: =C16-(C16*$D$1) -> 631.75
A18: ='Master Price List'!A143 -> Universal MC Console Line, Tall-Profile, Works in many different sedans, SUVs, trucks and vans
A19: ='Master Price List'!A145 -> CC-MC-16 | B19: ='Master Price List'!B145 -> MC 16" L-shape console: 7" slope/ 9" level | C19: ='Master Price List'!C145 -> 470 | D19: =C19-(C19*$D$1) -> 446.5
A20: ='Master Price List'!A146 -> CC-MC-18 | B20: ='Master Price List'!B146 -> MC 18" L-shape console; 7" slope/ 11" level | C20: ='Master Price List'!C146 -> 479 | D20: =C20-(C20*$D$1) -> 455.05
A21: ='Master Price List'!A148 -> CC-MC-25 | B21: ='Master Price List'!B148 -> MC 25" L-shape console; 7" slope/ 18" level | C21: ='Master Price List'!C148 -> 540 | D21: =C21-(C21*$D$1) -> 513
A23: COMPUTER MOUNTS
A24: Passenger-Seat Computer Mounts (Passenger space is not compromised)
A25: ='Master Price List'!A653 -> CM-CHV19-SA-LED | B25: ='Master Price List'!B653 -> 2019 Silverado passenger seat mnt w/swing arm and docking station mount | C25: ='Master Price List'!C653 -> 500 | D25: =C25-(C25*$D$1) -> 475
A26: ='Master Price List'!A654 -> CM-CHV19-SL-LED | B26: ='Master Price List'!B654 -> 2019 Silverado passenger seat mnt w/sliding arm and docking station mount | C26: ='Master Price List'!C654 -> 667 | D26: =C26-(C26*$D$1) -> 633.65
A28: Computer Mounts, Console-Side Mounted Designs
A29: ='Master Price List'!A678 -> CM-SDMT-SA-LED | B29: ='Master Price List'!B678 -> Console side ht. adj. mount w/swing arm for docking station | C29: ='Master Price List'!C678 -> 350 | D29: =C29-(C29*$D$1) -> 332.5
A30: ='Master Price List'!A679 -> CM-SDMT-SA-LT17 | B30: ='Master Price List'!B679 -> Console side ht. adj. mount w/swing arm for wide laptop tray | C30: ='Master Price List'!C679 -> 456 | D30: =C30-(C30*$D$1) -> 433.2
A31: ='Master Price List'!A681 -> CM-SDMT-SL-LED | B31: ='Master Price List'!B681 -> Console side ht. adj. mount w/slide arm for docking station | C31: ='Master Price List'!C681 -> 480 | D31: =C31-(C31*$D$1) -> 456
A32: ='Master Price List'!A682 -> CM-SDMT-SL-LT17 | B32: ='Master Price List'!B682 -> Console side ht. adj. mount w/slide arm for wide laptop tray | C32: ='Master Price List'!C682 -> 593 | D32: =C32-(C32*$D$1) -> 563.35
A34: Weapon Mounts (Locks sold separately)
A35: ='Master Price List'!A710 -> GM-SGL-MNT | B35: ='Master Price List'!B710 -> Single weapon mount with adjustability and no access to weapon lock wires. Weapon locks sold separately. | C35: ='Master Price List'!C710 -> 204 | D35: =C35-(C35*$D$1) -> 193.8
A36: ='Master Price List'!A711 -> GM-SGRF-MNT | B36: ='Master Price List'!B711 -> Dual weapon mount with adjustability and no access to weapon lock wires. Weapon locks sold separately. | C36: ='Master Price List'!C711 -> 288 | D36: =C36-(C36*$D$1) -> 273.6
A38: Weapon Lock Brackets (Patent-pending theft-deterrent designs)
A39: ='Master Price List'!A713 -> GM-B-SC1-BKT | B39: ='Master Price List'!B713 -> Bracket for shotgun lock (Santa Cruz, Overland, Big Sky) | C39: ='Master Price List'!C713 -> 80 | D39: =C39-(C39*$D$1) -> 76
A40: ='Master Price List'!A714 -> GM-B-SC1AR-BKT | B40: ='Master Price List'!B714 -> Bracket for AR gun lock (Santa Cruz, Overland, Big Sky) | C40: ='Master Price List'!C714 -> 90 | D40: =C40-(C40*$D$1) -> 85.5
A41: ='Master Price List'!A715 -> GM-B-SC5-BKT | B41: ='Master Price List'!B715 -> Bracket for universal gun lock (SC-5-XL, SC-6 by Santa Cruz) | C41: ='Master Price List'!C715 -> 80 | D41: =C41-(C41*$D$1) -> 76
A42: ='Master Price List'!A716 -> GM-B-OP-SC5-BKT | B42: ='Master Price List'!B716 -> Off-set bracket for universal hand-cuff style gun lock (Santa Cruz). More room for optics on rifle. | C42: ='Master Price List'!C716 -> 95 | D42: =C42-(C42*$D$1) -> 90.25
A44: Santa Cruz Weapon Locks
A45: ='Master Price List'!A720 -> GL-SC1 | B45: ='Master Price List'!B720 -> Shotgun lock w/No. 2 key | C45: ='Master Price List'!C720 -> 136 | D45: =C45-(C45*$D$1) -> 129.2
A46: ='Master Price List'!A722 -> GL-SC1/AR | B46: ='Master Price List'!B722 -> AR15 weapon lock w/No. 2 key | C46: ='Master Price List'!C722 -> 172 | D46: =C46-(C46*$D$1) -> 163.4
B47: ='Master Price List'!B724 -> Above locks also can be ordered with barrel key
A48: ='Master Price List'!A725 -> GL-SC-6 | B48: ='Master Price List'!B725 -> Universal weapon lock | C48: ='Master Price List'!C725 -> 205 | D48: =C48-(C48*$D$1) -> 194.75
B49: ='Master Price List'!$B$727 -> Above lock can be ordered w/#2 key, #3 key, barrel key, public key or handcuff key lock (key not included)
A51: Santa Cruz Weapon Lock Accessories
A52: ='Master Price List'!A729 -> GL-SC1201 | B52: ='Master Price List'!B729 -> Insert for GL-SC1 weapon lock (for barrel) | C52: ='Master Price List'!C729 -> 16 | D52: =C52-(C52*$D$1) -> 15.2
A53: ='Master Price List'!A731 -> GL-SC6060 | B53: ='Master Price List'!B731 -> Insert for GL-SC6 weapon lock (for barrel or muzzle down) | C53: ='Master Price List'!C731 -> 42 | D53: =C53-(C53*$D$1) -> 39.9
A54: ='Master Price List'!A732 -> GL-SC7009A | B54: ='Master Price List'!B732 -> Weapon lock adjustable timer (7-40 seconds) | C54: ='Master Price List'!C732 -> 49 | D54: =C54-(C54*$D$1) -> 46.55
A56: Partitions: Full Size; Standard Frame
B57: ='Master Price List'!B735 -> Sliding Window Models
A58: ='Master Price List'!A762 -> TP-E-SL1-FS-SS | B58: ='Master Price List'!B762 -> Full size Recessed Panel; Sliding window; Vertical bar | C58: ='Master Price List'!C762 -> 875 | D58: =C58-(C58*$D$1) -> 831.25
A59: ='Master Price List'!A763 -> TP-E-SL6-FS-SS | B59: ='Master Price List'!B763 -> Full size Recessed Panel; Sliding window; Square hole punched | C59: ='Master Price List'!C763 -> 866 | D59: =C59-(C59*$D$1) -> 822.7
B61: Standard Mounting Kit & Kick Panels for Standard Frame Partitions
A62: ='Master Price List'!A874 -> 2-SAB-CHV19 | B62: ='Master Price List'!B874 -> 2019 Silverado 1500 partition mount full seal slide | C62: ='Master Price List'!C874 -> 315 | D62: =C62-(C62*$D$1) -> 299.25
A63: ='Master Price List'!A875 -> KP-CHV19-SS | B63: ='Master Price List'!B875 -> 2019 Silverado 3-Pc. Kick panel assembly. No foot pockets | C63: ='Master Price List'!C875 -> 161 | D63: =C63-(C63*$D$1) -> 152.95
A65: Window Guards (Diamond Designs)
A66: Diamond-Punched
A67: ='Master Price List'!A970 -> AC-CHV19-SET | B67: ='Master Price List'!B970 -> 2019 Silverado 1500 driver/passenger diamond-punch window screens | C67: ='Master Price List'!C970 -> 220 | D67: =C67-(C67*$D$1) -> 209
B69: ='Master Price List'!$B$1017 -> Crew Cab Truck Rear Window Screens
A70: ='Master Price List'!A1021 -> AC-CHV19-RWS | B70: ='Master Price List'!B1021 -> 2019 Silverado 1500 rear cab window screen; square-hole punched | C70: ='Master Price List'!C1021 -> 190 | D70: =C70-(C70*$D$1) -> 180.5
A72: Door Panels (All steel, flat and smooth panel design)
A73: ='Master Price List'!A1082 -> DP-CHV19-SET | B73: ='Master Price List'!B1082 -> 2019 Silverado driver and passenger side door panel | C73: ='Master Price List'!C1082 -> 290 | D73: =C73-(C73*$D$1) -> 275.5
A75: Cargo Organizer
A76: ='Master Price List'!A1232 -> CP-T-US-D-BOX | B76: ='Master Price List'!B1232 -> Ford F-150/ *2019 Chevy Silverado under-seat lidded gunbox | C76: ='Master Price List'!C1232 -> 950 | D76: =C76-(C76*$D$1) -> 902.5
A77: ='Master Price List'!A1418 -> AC-SB-CHV19-MNT | B77: ='Master Price List'!B1418 -> 2019 Silverado 1500, under seat storage box mount brackets - Use box CP-T-US-D-BOX. | C77: ='Master Price List'!C1418 -> 150 | D77: =C77-(C77*$D$1) -> 142.5

Sheet 2015-2019 Chevy 2500 Silverado
A1: TOC | B1: 2015 - 2019 CHEVY 2500 SILVERADO PRICE LIST | D1: 0.05
C2: MSRP | D2: DISCOUNT %
A3: TROY PART # | B3: ITEM DESCRIPTION
A5: Console Floor Plates | B5: Always indicate year, make and model on your console purchase orders
A6: ='Master Price List'!A186 -> AC-TH15-MNT | B6: 2015-19 Wide-body floor mount. | C6: ='Master Price List'!C186 -> 162 | D6: =C6-(C6*$D$1) -> 153.9
A7: ='Master Price List'!A187 -> AC-TH15-WB | B7: 2015-19 Wide-body floor mount. | C7: ='Master Price List'!C187 -> 162 | D7: =C7-(C7*$D$1) -> 153.9
A9: Silverado Wide-Body Consoles for 4x4 Floor Shifter
A10: ='Master Price List'!A137 -> CC-WBBP20-FS | B10: ='Master Price List'!B137 -> 20" Wide-body 4x4 floor shifter console; 8" slope/ 12" level. May work in other 4x4 trucks. | C10: ='Master Price List'!C137 -> 751 | D10: =C10-(C10*$D$1) -> 713.45
A11: ='Master Price List'!A138 -> CC-WBBP25-FS | B11: ='Master Price List'!B138 -> 25" Wide-body 4x4 floor shifter console; 8" slope/ 17" level. May work in other 4x4 trucks. | C11: ='Master Price List'!C138 -> 773 | D11: =C11-(C11*$D$1) -> 734.35
A13: Silverado Standard-Width Consoles (Can be tranferred to other vehicles)
A14: ='Master Price List'!A144 -> CC-MC-14 | B14: ='Master Price List'!B144 -> MC 14" L-shape console: 7" slope/ 7" level | C14: ='Master Price List'!C144 -> 448 | D14: =C14-(C14*$D$1) -> 425.6
A15: ='Master Price List'!A146 -> CC-MC-18 | B15: ='Master Price List'!B146 -> MC 18" L-shape console; 7" slope/ 11" level | C15: ='Master Price List'!C146 -> 479 | D15: =C15-(C15*$D$1) -> 455.05
A16: ='Master Price List'!A148 -> CC-MC-25 | B16: ='Master Price List'!B148 -> MC 25" L-shape console; 7" slope/ 18" level | C16: ='Master Price List'!C148 -> 540 | D16: =C16-(C16*$D$1) -> 513
A17: ='Master Price List'!A82 -> CC-PCFX14 | B17: ='Master Price List'!B82 -> Universal 14" low-profile console; 3" slope/ 11" level; Computer deck; Will fit one long radio. | C17: ='Master Price List'!C82 -> 470 | D17: =C17-(C17*$D$1) -> 446.5
A19: Silverado Wide-Body Console with Built-In Lock Box
A20: ='Master Price List'!A162 -> CC-MC16BX12-WB | B20: ='Master Price List'!B162 -> Universal 16" slope, 4" level, 12" lidded storage plus passenger-side open storage - Custom wide-body version. | C20: ='Master Price List'!C162 -> 784 | D20: =C20-(C20*$D$1) -> 744.8
A22: Silverado Wide-Body Consoles (Can be tranferred to other trucks)
A23: ='Master Price List'!A127 -> CC-WBOS-16 | B23: ='Master Price List'!B127 -> Universal SUV/truck 16" Wide-body open-storage console; 8" slope 8" level | C23: ='Master Price List'!C127 -> 648 | D23: =C23-(C23*$D$1) -> 615.6
A24: ='Master Price List'!A128 -> CC-WBOS-20 | B24: ='Master Price List'!B128 -> Universal SUV/truck 20" Wide-body open-storage console; 8" slope/ 12" level | C24: ='Master Price List'!C128 -> 665 | D24: =C24-(C24*$D$1) -> 631.75
A25: ='Master Price List'!A129 -> CC-WBOS-25 | B25: ='Master Price List'!B129 -> Universal SUV/truck 25" Wide-body open-storage console; 8" slope/ 17" level | C25: ='Master Price List'!C129 -> 686 | D25: =C25-(C25*$D$1) -> 651.7
A26: ='Master Price List'!A122 -> CC-HDWB-20 | B26: ='Master Price List'!B122 -> Universal SUV/truck 20" wide-body console; 8" slope/ 12" level. No open storage. Face plates centered. | C26: ='Master Price List'!C122 -> 643 | D26: =C26-(C26*$D$1) -> 610.85
A27: ='Master Price List'!A123 -> CC-HDWB-25 | B27: ='Master Price List'!B123 -> Universal SUV/truck 25" wide-body console; 8" slope/ 17" level. No open storage. Face plates centered. | C27: ='Master Price List'!C123 -> 665 | D27: =C27-(C27*$D$1) -> 631.75
A29: COMPUTER MOUNTS
A30: Console-Side Computer Mounts
A31: ='Master Price List'!A678 -> CM-SDMT-SA-LED | B31: ='Master Price List'!B678 -> Console side ht. adj. mount w/swing arm for docking station | C31: ='Master Price List'!C678 -> 350 | D31: =C31-(C31*$D$1) -> 332.5
A32: ='Master Price List'!A679 -> CM-SDMT-SA-LT17 | B32: ='Master Price List'!B679 -> Console side ht. adj. mount w/swing arm for wide laptop tray | C32: ='Master Price List'!C679 -> 456 | D32: =C32-(C32*$D$1) -> 433.2
A33: ='Master Price List'!A681 -> CM-SDMT-SL-LED | B33: ='Master Price List'!B681 -> Console side ht. adj. mount w/slide arm for docking station | C33: ='Master Price List'!C681 -> 480 | D33: =C33-(C33*$D$1) -> 456
A34: ='Master Price List'!A682 -> CM-SDMT-SL-LT17 | B34: ='Master Price List'!B682 -> Console side ht. adj. mount w/slide arm for wide laptop tray | C34: ='Master Price List'!C682 -> 593 | D34: =C34-(C34*$D$1) -> 563.35
A36: U-Bracket Computer Mounts (Use on consoles with computer decks)
A37: ='Master Price List'!A691 -> CM-UMNT-SA-LED | B37: ='Master Price List'!B691 -> U bracket mnt w/swing arm for docking station | C37: ='Master Price List'!C691 -> 320 | D37: =C37-(C37*$D$1) -> 304
A38: ='Master Price List'!A693 -> CM-UMNT-SA-LT17 | B38: ='Master Price List'!B693 -> U bracket mnt w/swing arm for wide laptop tray | C38: ='Master Price List'!C693 -> 420 | D38: =C38-(C38*$D$1) -> 399
A39: ='Master Price List'!A701 -> CM-UMSH-SA-LED | B39: ='Master Price List'!B701 -> Short U bracket mnt w/swing arm for docking station | C39: ='Master Price List'!C701 -> 320 | D39: =C39-(C39*$D$1) -> 304
A40: ='Master Price List'!A703 -> CM-UMSH-SA-LT17 | B40: ='Master Price List'!B703 -> Short U bracket mnt w/swing arm for wide laptop tray | C40: ='Master Price List'!C703 -> 420 | D40: =C40-(C40*$D$1) -> 399
A41: ='Master Price List'!A695 -> CM-UMNT-SL-LED | B41: ='Master Price List'!B695 -> U bracket mnt w/slide arm for docking station | C41: ='Master Price List'!C695 -> 467 | D41: =C41-(C41*$D$1) -> 443.65
A42: ='Master Price List'!A697 -> CM-UMNT-SL-LT17 | B42: ='Master Price List'!B697 -> U bracket mnt w/slide arm and wide laptop tray | C42: ='Master Price List'!C697 -> 557 | D42: =C42-(C42*$D$1) -> 529.15
A43: ='Master Price List'!A705 -> CM-UMSH-SL-LED | B43: ='Master Price List'!B705 -> Short U bracket mnt w/slide arm for docking station | C43: ='Master Price List'!C705 -> 467 | D43: =C43-(C43*$D$1) -> 443.65
A44: ='Master Price List'!A707 -> CM-UMSH-SL-LT17 | B44: ='Master Price List'!B707 -> Short U bracket mnt w/slide arm and wide laptop tray | C44: ='Master Price List'!C707 -> 556 | D44: =C44-(C44*$D$1) -> 528.2
A46: Deluxe Universal Laptop Tray (Four-sided security)
A47: ='Master Price List'!A596 -> CM-LT-1500 | B47: ='Master Price List'!B596 -> Deluxe laptop tray for computer up to 15"W x 11.5H; use w/computer mount assemblies ending in -LED | C47: ='Master Price List'!C596 -> 420 | D47: =C47-(C47*$D$1) -> 399
A49: Laptop Accessories
A50: ='Master Price List'!A599 -> AC-LT-SCR | B50: ='Master Price List'!B599 -> Laptop screen holder; compatible w/ TROY laptop trays | C50: ='Master Price List'!C599 -> 75 | D50: =C50-(C50*$D$1) -> 71.25
A51: ='Master Price List'!A600 -> AC-LT13-CLAMP | B51: ='Master Price List'!B600 -> Laptop tray finger clamp, vinyl cap | C51: ='Master Price List'!C600 -> 9 | D51: =C51-(C51*$D$1) -> 8.55
A53: Weapon Mounts (Locks sold separately)
A54: ='Master Price List'!A710 -> GM-SGL-MNT | B54: ='Master Price List'!B710 -> Single weapon mount with adjustability and no access to weapon lock wires. Weapon locks sold separately. | C54: ='Master Price List'!C710 -> 204 | D54: =C54-(C54*$D$1) -> 193.8
A55: ='Master Price List'!A711 -> GM-SGRF-MNT | B55: ='Master Price List'!B711 -> Dual weapon mount with adjustability and no access to weapon lock wires. Weapon locks sold separately. | C55: ='Master Price List'!C711 -> 288 | D55: =C55-(C55*$D$1) -> 273.6
A57: Weapon Lock Brackets (Patent-pending theft-deterrent designs)
A58: ='Master Price List'!A713 -> GM-B-SC1-BKT | B58: ='Master Price List'!B713 -> Bracket for shotgun lock (Santa Cruz, Overland, Big Sky) | C58: ='Master Price List'!C713 -> 80 | D58: =C58-(C58*$D$1) -> 76
A59: ='Master Price List'!A714 -> GM-B-SC1AR-BKT | B59: ='Master Price List'!B714 -> Bracket for AR gun lock (Santa Cruz, Overland, Big Sky) | C59: ='Master Price List'!C714 -> 90 | D59: =C59-(C59*$D$1) -> 85.5
A60: ='Master Price List'!A715 -> GM-B-SC5-BKT | B60: ='Master Price List'!B715 -> Bracket for universal gun lock (SC-5-XL, SC-6 by Santa Cruz) | C60: ='Master Price List'!C715 -> 80 | D60: =C60-(C60*$D$1) -> 76
A61: ='Master Price List'!A716 -> GM-B-OP-SC5-BKT | B61: ='Master Price List'!B716 -> Off-set bracket for universal hand-cuff style gun lock (Santa Cruz). More room for optics on rifle. | C61: ='Master Price List'!C716 -> 95 | D61: =C61-(C61*$D$1) -> 90.25
A63: Santa Cruz Weapon Locks
A64: ='Master Price List'!A720 -> GL-SC1 | B64: ='Master Price List'!B720 -> Shotgun lock w/No. 2 key | C64: ='Master Price List'!C720 -> 136 | D64: =C64-(C64*$D$1) -> 129.2
A65: ='Master Price List'!A722 -> GL-SC1/AR | B65: ='Master Price List'!B722 -> AR15 weapon lock w/No. 2 key | C65: ='Master Price List'!C722 -> 172 | D65: =C65-(C65*$D$1) -> 163.4
B66: ='Master Price List'!B724 -> Above locks also can be ordered with barrel key
A67: ='Master Price List'!A725 -> GL-SC-6 | B67: ='Master Price List'!B725 -> Universal weapon lock | C67: ='Master Price List'!C725 -> 205 | D67: =C67-(C67*$D$1) -> 194.75
B68: ='Master Price List'!$B$727 -> Above lock can be ordered w/#2 key, #3 key, barrel key, public key or handcuff key lock (key not included)
A70: Santa Cruz Weapon Lock Accessories
A71: ='Master Price List'!A729 -> GL-SC1201 | B71: ='Master Price List'!B729 -> Insert for GL-SC1 weapon lock (for barrel) | C71: ='Master Price List'!C729 -> 16 | D71: =C71-(C71*$D$1) -> 15.2
A72: ='Master Price List'!A731 -> GL-SC6060 | B72: ='Master Price List'!B731 -> Insert for GL-SC6 weapon lock (for barrel or muzzle down) | C72: ='Master Price List'!C731 -> 42 | D72: =C72-(C72*$D$1) -> 39.9
A73: ='Master Price List'!A732 -> GL-SC7009A | B73: ='Master Price List'!B732 -> Weapon lock adjustable timer (7-40 seconds) | C73: ='Master Price List'!C732 -> 49 | D73: =C73-(C73*$D$1) -> 46.55
A75: Partitions: Full Size; Standard Frame
B76: ='Master Price List'!B735 -> Sliding Window Models
A77: ='Master Price List'!A762 -> TP-E-SL1-FS-SS | B77: ='Master Price List'!B762 -> Full size Recessed Panel; Sliding window; Vertical bar | C77: ='Master Price List'!C762 -> 875 | D77: =C77-(C77*$D$1) -> 831.25
A78: ='Master Price List'!A763 -> TP-E-SL6-FS-SS | B78: ='Master Price List'!B763 -> Full size Recessed Panel; Sliding window; Square hole punched | C78: ='Master Price List'!C763 -> 866 | D78: =C78-(C78*$D$1) -> 822.7
B80: Standard Mounting Kit & Kick Panels for Standard Frame Partitions
A81: ='Master Price List'!A867 -> 2-SAB-TH15 | B81: ='Master Price List'!B867 -> 2015-19 Silverado 1500 truck, 2015-17 Silverado 2500 truck | C81: ='Master Price List'!C857 -> 288 | D81: =C81-(C81*$D$1) -> 273.6
A82: ='Master Price List'!A868 -> KP-CH15-SS | B82: ='Master Price List'!B868 -> 2015-19 Silverado 1500 3-Pc. kick panel assembly. No foot pockets. | C82: ='Master Price List'!C868 -> 148 | D82: =C82-(C82*$D$1) -> 140.6
A83: ='Master Price List'!A871 -> KP-F-2500-SS | B83: ='Master Price List'!B871 -> 2015-19 Silverado 2500 3-Pc. Kick panel | C83: ='Master Price List'!C871 -> 148 | D83: =C83-(C83*$D$1) -> 140.6
A85: Window Guards (Diamond Designs)
A86: Diamond-Punched
A87: ='Master Price List'!A968 -> AC-SILV-F-SET | B87: ='Master Price List'!B968 -> 2015-19 Silverado driver/passenger side set of window screens, Diamond-punched. | C87: ='Master Price List'!C968 -> 210 | D87: =C87-(C87*$D$1) -> 199.5
B89: ='Master Price List'!$B$1017 -> Crew Cab Truck Rear Window Screens
A90: ='Master Price List'!A1019 -> AC-SILV-E-RWS | B90: ='Master Price List'!B1019 -> 2015-19 Silverado truck cab window screen; Square-hole punched | C90: ='Master Price List'!C1019 -> 173 | D90: =C90-(C90*$D$1) -> 164.35

Sheet 2020 Chevy 2500 Silverado
A1: TOC | B1: 2020 CHEVY 2500 SILVERADO PRICE LIST | D1: 0.05
C2: MSRP | D2: DISCOUNT %
A3: TROY PART # | B3: ITEM DESCRIPTION
A5: Console Floor Plates | B5: Always indicate year, make and model on your console purchase orders
A6: ='Master Price List'!$A$188 -> AC-CHV19-MNT | B6: 2020 Silverado 2500 floor mount. Works with wide-body and standard width consoles. | C6: ='Master Price List'!$C$188 -> 174 | D6: =C6-(C6*$D$1) -> 165.3
A8: Silverado Wide-Body Consoles for 4x4 Floor Shifter
A9: ='Master Price List'!A137 -> CC-WBBP20-FS | B9: ='Master Price List'!B137 -> 20" Wide-body 4x4 floor shifter console; 8" slope/ 12" level. May work in other 4x4 trucks. | C9: ='Master Price List'!C137 -> 751 | D9: =C9-(C9*$D$1) -> 713.45
A10: ='Master Price List'!A138 -> CC-WBBP25-FS | B10: ='Master Price List'!B138 -> 25" Wide-body 4x4 floor shifter console; 8" slope/ 17" level. May work in other 4x4 trucks. | C10: ='Master Price List'!C138 -> 773 | D10: =C10-(C10*$D$1) -> 734.35
A12: Silverado Standard-Width Consoles (Can be tranferred to other vehicles)
A13: ='Master Price List'!A144 -> CC-MC-14 | B13: ='Master Price List'!B144 -> MC 14" L-shape console: 7" slope/ 7" level | C13: ='Master Price List'!C144 -> 448 | D13: =C13-(C13*$D$1) -> 425.6
A14: ='Master Price List'!A146 -> CC-MC-18 | B14: ='Master Price List'!B146 -> MC 18" L-shape console; 7" slope/ 11" level | C14: ='Master Price List'!C146 -> 479 | D14: =C14-(C14*$D$1) -> 455.05
A15: ='Master Price List'!A148 -> CC-MC-25 | B15: ='Master Price List'!B148 -> MC 25" L-shape console; 7" slope/ 18" level | C15: ='Master Price List'!C148 -> 540 | D15: =C15-(C15*$D$1) -> 513
A16: ='Master Price List'!A82 -> CC-PCFX14 | B16: ='Master Price List'!B82 -> Universal 14" low-profile console; 3" slope/ 11" level; Computer deck; Will fit one long radio. | C16: ='Master Price List'!C82 -> 470 | D16: =C16-(C16*$D$1) -> 446.5
A18: Silverado Wide-Body Console with Built-In Lock Box
A19: ='Master Price List'!A162 -> CC-MC16BX12-WB | B19: ='Master Price List'!B162 -> Universal 16" slope, 4" level, 12" lidded storage plus passenger-side open storage - Custom wide-body version. | C19: ='Master Price List'!C162 -> 784 | D19: =C19-(C19*$D$1) -> 744.8
A21: Silverado Wide-Body Consoles (Can be tranferred to other trucks)
A22: ='Master Price List'!A127 -> CC-WBOS-16 | B22: ='Master Price List'!B127 -> Universal SUV/truck 16" Wide-body open-storage console; 8" slope 8" level | C22: ='Master Price List'!C127 -> 648 | D22: =C22-(C22*$D$1) -> 615.6
A23: ='Master Price List'!A128 -> CC-WBOS-20 | B23: ='Master Price List'!B128 -> Universal SUV/truck 20" Wide-body open-storage console; 8" slope/ 12" level | C23: ='Master Price List'!C128 -> 665 | D23: =C23-(C23*$D$1) -> 631.75
A24: ='Master Price List'!A129 -> CC-WBOS-25 | B24: ='Master Price List'!B129 -> Universal SUV/truck 25" Wide-body open-storage console; 8" slope/ 17" level | C24: ='Master Price List'!C129 -> 686 | D24: =C24-(C24*$D$1) -> 651.7
A25: ='Master Price List'!A122 -> CC-HDWB-20 | B25: ='Master Price List'!B122 -> Universal SUV/truck 20" wide-body console; 8" slope/ 12" level. No open storage. Face plates centered. | C25: ='Master Price List'!C122 -> 643 | D25: =C25-(C25*$D$1) -> 610.85
A26: ='Master Price List'!A123 -> CC-HDWB-25 | B26: ='Master Price List'!B123 -> Universal SUV/truck 25" wide-body console; 8" slope/ 17" level. No open storage. Face plates centered. | C26: ='Master Price List'!C123 -> 665 | D26: =C26-(C26*$D$1) -> 631.75
A28: COMPUTER MOUNTS
A29: Console-Side Computer Mounts
A30: ='Master Price List'!A678 -> CM-SDMT-SA-LED | B30: ='Master Price List'!B678 -> Console side ht. adj. mount w/swing arm for docking station | C30: ='Master Price List'!C678 -> 350 | D30: =C30-(C30*$D$1) -> 332.5
A31: ='Master Price List'!A679 -> CM-SDMT-SA-LT17 | B31: ='Master Price List'!B679 -> Console side ht. adj. mount w/swing arm for wide laptop tray | C31: ='Master Price List'!C679 -> 456 | D31: =C31-(C31*$D$1) -> 433.2
A32: ='Master Price List'!A681 -> CM-SDMT-SL-LED | B32: ='Master Price List'!B681 -> Console side ht. adj. mount w/slide arm for docking station | C32: ='Master Price List'!C681 -> 480 | D32: =C32-(C32*$D$1) -> 456
A33: ='Master Price List'!A682 -> CM-SDMT-SL-LT17 | B33: ='Master Price List'!B682 -> Console side ht. adj. mount w/slide arm for wide laptop tray | C33: ='Master Price List'!C682 -> 593 | D33: =C33-(C33*$D$1) -> 563.35
A35: U-Bracket Computer Mounts (Use on consoles with computer decks)
A36: ='Master Price List'!A691 -> CM-UMNT-SA-LED | B36: ='Master Price List'!B691 -> U bracket mnt w/swing arm for docking station | C36: ='Master Price List'!C691 -> 320 | D36: =C36-(C36*$D$1) -> 304
A37: ='Master Price List'!A693 -> CM-UMNT-SA-LT17 | B37: ='Master Price List'!B693 -> U bracket mnt w/swing arm for wide laptop tray | C37: ='Master Price List'!C693 -> 420 | D37: =C37-(C37*$D$1) -> 399
A38: ='Master Price List'!A701 -> CM-UMSH-SA-LED | B38: ='Master Price List'!B701 -> Short U bracket mnt w/swing arm for docking station | C38: ='Master Price List'!C701 -> 320 | D38: =C38-(C38*$D$1) -> 304
A39: ='Master Price List'!A703 -> CM-UMSH-SA-LT17 | B39: ='Master Price List'!B703 -> Short U bracket mnt w/swing arm for wide laptop tray | C39: ='Master Price List'!C703 -> 420 | D39: =C39-(C39*$D$1) -> 399
A40: ='Master Price List'!A695 -> CM-UMNT-SL-LED | B40: ='Master Price List'!B695 -> U bracket mnt w/slide arm for docking station | C40: ='Master Price List'!C695 -> 467 | D40: =C40-(C40*$D$1) -> 443.65
A41: ='Master Price List'!A697 -> CM-UMNT-SL-LT17 | B41: ='Master Price List'!B697 -> U bracket mnt w/slide arm and wide laptop tray | C41: ='Master Price List'!C697 -> 557 | D41: =C41-(C41*$D$1) -> 529.15
A42: ='Master Price List'!A705 -> CM-UMSH-SL-LED | B42: ='Master Price List'!B705 -> Short U bracket mnt w/slide arm for docking station | C42: ='Master Price List'!C705 -> 467 | D42: =C42-(C42*$D$1) -> 443.65
A43: ='Master Price List'!A707 -> CM-UMSH-SL-LT17 | B43: ='Master Price List'!B707 -> Short U bracket mnt w/slide arm and wide laptop tray | C43: ='Master Price List'!C707 -> 556 | D43: =C43-(C43*$D$1) -> 528.2
A45: Deluxe Universal Laptop Tray (Four-sided security)
A46: ='Master Price List'!A596 -> CM-LT-1500 | B46: ='Master Price List'!B596 -> Deluxe laptop tray for computer up to 15"W x 11.5H; use w/computer mount assemblies ending in -LED | C46: ='Master Price List'!C596 -> 420 | D46: =C46-(C46*$D$1) -> 399
A47: ='Master Price List'!A597 -> CM-LT-1600 | B47: ='Master Price List'!B597 -> New! Deluxe laptop tray for computer up to 15"W x 11.5H; 3 lbs lighter than CM-LT-1500, use w/computer mount assemblies ending in -LED | C47: ='Master Price List'!C597 -> 350 | D47: =C47-(C47*$D$1) -> 332.5
A49: Laptop Accessories
A50: ='Master Price List'!A599 -> AC-LT-SCR | B50: ='Master Price List'!B599 -> Laptop screen holder; compatible w/ TROY laptop trays | C50: ='Master Price List'!C599 -> 75 | D50: =C50-(C50*$D$1) -> 71.25
A51: ='Master Price List'!A600 -> AC-LT13-CLAMP | B51: ='Master Price List'!B600 -> Laptop tray finger clamp, vinyl cap | C51: ='Master Price List'!C600 -> 9 | D51: =C51-(C51*$D$1) -> 8.55
A53: Weapon Mounts (Locks sold separately)
A54: ='Master Price List'!A710 -> GM-SGL-MNT | B54: ='Master Price List'!B710 -> Single weapon mount with adjustability and no access to weapon lock wires. Weapon locks sold separately. | C54: ='Master Price List'!C710 -> 204 | D54: =C54-(C54*$D$1) -> 193.8
A55: ='Master Price List'!A711 -> GM-SGRF-MNT | B55: ='Master Price List'!B711 -> Dual weapon mount with adjustability and no access to weapon lock wires. Weapon locks sold separately. | C55: ='Master Price List'!C711 -> 288 | D55: =C55-(C55*$D$1) -> 273.6
A57: Weapon Lock Brackets (Patent-pending theft-deterrent designs)
A58: ='Master Price List'!A713 -> GM-B-SC1-BKT | B58: ='Master Price List'!B713 -> Bracket for shotgun lock (Santa Cruz, Overland, Big Sky) | C58: ='Master Price List'!C713 -> 80 | D58: =C58-(C58*$D$1) -> 76
A59: ='Master Price List'!A714 -> GM-B-SC1AR-BKT | B59: ='Master Price List'!B714 -> Bracket for AR gun lock (Santa Cruz, Overland, Big Sky) | C59: ='Master Price List'!C714 -> 90 | D59: =C59-(C59*$D$1) -> 85.5
A60: ='Master Price List'!A715 -> GM-B-SC5-BKT | B60: ='Master Price List'!B715 -> Bracket for universal gun lock (SC-5-XL, SC-6 by Santa Cruz) | C60: ='Master Price List'!C715 -> 80 | D60: =C60-(C60*$D$1) -> 76
A61: ='Master Price List'!A716 -> GM-B-OP-SC5-BKT | B61: ='Master Price List'!B716 -> Off-set bracket for universal hand-cuff style gun lock (Santa Cruz). More room for optics on rifle. | C61: ='Master Price List'!C716 -> 95 | D61: =C61-(C61*$D$1) -> 90.25
A63: Santa Cruz Weapon Locks
A64: ='Master Price List'!A720 -> GL-SC1 | B64: ='Master Price List'!B720 -> Shotgun lock w/No. 2 key | C64: ='Master Price List'!C720 -> 136 | D64: =C64-(C64*$D$1) -> 129.2
A65: ='Master Price List'!A722 -> GL-SC1/AR | B65: ='Master Price List'!B722 -> AR15 weapon lock w/No. 2 key | C65: ='Master Price List'!C722 -> 172 | D65: =C65-(C65*$D$1) -> 163.4
B66: ='Master Price List'!B724 -> Above locks also can be ordered with barrel key
A67: ='Master Price List'!A725 -> GL-SC-6 | B67: ='Master Price List'!B725 -> Universal weapon lock | C67: ='Master Price List'!C725 -> 205 | D67: =C67-(C67*$D$1) -> 194.75
B68: ='Master Price List'!$B$727 -> Above lock can be ordered w/#2 key, #3 key, barrel key, public key or handcuff key lock (key not included)
A70: Santa Cruz Weapon Lock Accessories
A71: ='Master Price List'!A729 -> GL-SC1201 | B71: ='Master Price List'!B729 -> Insert for GL-SC1 weapon lock (for barrel) | C71: ='Master Price List'!C729 -> 16 | D71: =C71-(C71*$D$1) -> 15.2
A72: ='Master Price List'!A731 -> GL-SC6060 | B72: ='Master Price List'!B731 -> Insert for GL-SC6 weapon lock (for barrel or muzzle down) | C72: ='Master Price List'!C731 -> 42 | D72: =C72-(C72*$D$1) -> 39.9
